Workbook
Name Anteil_fossil_erzeugt: 'E1_Données de projet'!$D$32
Name Anteil_Invest_E1: 'E1_Données de projet'!$F$83
Name Anteil_InvestTotal_E1: 'E1_Données de projet'!$I$83
Name Anteil_InvestTotal_E2: 'E1_Données de projet'!$I$84
Name Anteil_InvestTotal_E3: 'E1_Données de projet'!$I$85
Name Anteil_InvestTotal_E4: 'E1_Données de projet'!$I$86
Name Anteil_InvestTotal_E5: 'E1_Données de projet'!$I$87
Name BetriebskostenTotal: B1_Calculs!$F$15
Name BrennstoffkostenBiomasse: B1_Calculs!$F$16
Name Eigenverbrauch_HE: 'E1_Données de projet'!$D$133
Name Eigenverbrauch_WP: 'E1_Données de projet'!$D$132
Name Eing_Abnehmerart1: 'E2_Prix de la chaleur'!$D$14
Name Eing_Abnehmerart2: 'E2_Prix de la chaleur'!$D$20
Name Eing_Abnehmerart3: 'E2_Prix de la chaleur'!$D$26
Name Eing_Abnehmerart4: 'E2_Prix de la chaleur'!$D$32
Name Eing_Abnehmerart5: 'E2_Prix de la chaleur'!$D$38
Name Eing_Abnehmerart6: 'E2_Prix de la chaleur'!$D$44
Name Eing_AbnW: 'E1_Données de projet'!$D$20
Name Eing_Administration: 'E1_Données de projet'!$D$55
Name Eing_allg_Teuerung: 'E1_Données de projet'!$D$61
Name Eing_Anteil_AWN: 'E1_Données de projet'!$D$31
Name Eing_Anteil_Biomasse: 'E1_Données de projet'!$D$26
Name Eing_Anteil_Invest_E2: 'E1_Données de projet'!$F$84
Name Eing_Anteil_Invest_E3: 'E1_Données de projet'!$F$85
Name Eing_Anteil_Invest_E4: 'E1_Données de projet'!$F$86
Name Eing_Anteil_Invest_E5: 'E1_Données de projet'!$F$87
Name Eing_Anteil_Kondensation: 'E1_Données de projet'!$D$27
Name Eing_Anteil_WKK: 'E1_Données de projet'!$D$28
Name Eing_Anteil_WP: 'E1_Données de projet'!$D$29
Name Eing_Anteil_Zusatz: 'E1_Données de projet'!$D$30
Name Eing_AnteilEigen_Hilfsenergie: 'E1_Données de projet'!$D$40
Name Eing_AnteilEigen_WP: 'E1_Données de projet'!$D$38
Name Eing_Arbeitspreis1: 'E2_Prix de la chaleur'!$G$16
Name Eing_Arbeitspreis2: 'E2_Prix de la chaleur'!$G$22
Name Eing_Arbeitspreis3: 'E2_Prix de la chaleur'!$G$28
Name Eing_Arbeitspreis4: 'E2_Prix de la chaleur'!$G$34
Name Eing_Arbeitspreis5: 'E2_Prix de la chaleur'!$G$40
Name Eing_Arbeitspreis6: 'E2_Prix de la chaleur'!$G$46
Name Eing_Beginnjahr: 'E1_Données de projet'!$D$22
Name Eing_Betriebskosten: 'E1_Données de projet'!$D$56
Name Eing_Brennstoffpreis_WKK: 'E1_Données de projet'!$D$45
Name Eing_Eigenkapital: 'E1_Données de projet'!$D$89
Name Eing_Erstauszahlung_jährlFörderung_1: 'E1_Données de projet'!$D$117
Name Eing_Erstauszahlung_jährlFörderung_2: 'E1_Données de projet'!$D$120
Name Eing_Förderung_wiederholend_Laufzeit: 'E1_Données de projet'!$D$82
Name Eing_Förderung_wiederholend_Laufzeit_1: 'E1_Données de projet'!$D$116
Name Eing_Förderung_wiederholend_Laufzeit_2: 'E1_Données de projet'!$D$119
Name Eing_Invest_AWN: 'E1_Données de projet'!$D$74
Name Eing_Invest_Grundstück: 'E1_Données de projet'!$D$68
Name Eing_Invest_Hausstationen: 'E1_Données de projet'!$D$79
Name Eing_Invest_HolzAnlage: 'E1_Données de projet'!$D$69
Name Eing_Invest_Installationen: 'E1_Données de projet'!$D$76
Name Eing_Invest_Messung: 'E1_Données de projet'!$D$78
Name Eing_Invest_SondenGrundwasser: 'E1_Données de projet'!$D$72
Name Eing_Invest_Spitzenlast: 'E1_Données de projet'!$D$75
Name Eing_Invest_Wärmenetz: 'E1_Données de projet'!$D$77
Name Eing_Invest_WKKAnlage: 'E1_Données de projet'!$D$70
Name Eing_Invest_WPAnlage: 'E1_Données de projet'!$D$71
Name Eing_Invest_Zusatz: 'E1_Données de projet'!$D$73
Name Eing_JahrBegWLief: 'E1_Données de projet'!$D$23

Sheet I1_Explications
B1: Explications relatives à l'outil d'analyse de rentabilité de QM Chauffages au bois
B2: Version : 6.1 (Décembre 2025)
B3: Explications
B4: Généralités au sujet de cet outil : Exclusion de responsabilité Malgré tout le soin apporté à l’élaboration de cet outil Excel, ses concepteurs ne peuvent donner aucune garantie concernant les résultats obtenus et les conclusions qui en sont tirées. Les simplifications et le mode de calcul retenus peuvent entraîner certaines «erreurs». L’outil ne distingue p. ex. pas si les paiements sont effectués en début ou en fin d’année, étant donné qu’une année est considérée comme une période globale. Attention : Bien que l’outil affiche des messages d’alerte en cas de non respect de diverses limites de saisie, il n’est pas exclu que la saisie de valeurs erronées conduise à l’obtention d’un résultat final également erroné. Il appartient à l’utilisateur de l’outil d’évaluer de façon appropriée les conséquences d’un certain nombre d’hypothèses. Formules : Les onglets de ce classeur sont protégées en écriture, mais l’ensemble des formules et calculs sont néanmoins visibles. Notez bien que toute modification peut entraîner des erreurs en d’autres emplacements et, par conséquent, à des assertions erronées de l’outil. Analyse de sensibilité / calculs de simulation : En faisant varier les paramètres de saisie et en enregistrant les résultats individuels des calculs de rentabilité, il est possible d’obtenir des informations concernant l’influence des paramètres individuels sur l’évolution économique du projet. Feed-back : L’équipe de QM Chauffages au bois sera ravie de toute suggestion d’amélioration ou idée concernant cet outil, que vous lui transmettrez à l’adresse info@qmholzheizwerke.ch
B5: Remerciements Le présent outil a été élaboré sur mandat de SuisseEnergie. La suite du développement a été rendue possible grâce à Energie-bois Suisse et à la communauté de travail QM Chauffages au bois.
B6: Onglets : Le fichier est divisé en plusieurs onglets Dénomination : La dénomination des onglets distingue également leur principale fonction : I = Information (onglet comportant des informations et des explications sur l’utilisation du fichier) E = Onglet de données (saisie de données requises pour les calculs) B = Calculs A = Onglet de sortie (présentation de résultats sélectionnés en vue de les imprimer ou d’exporter les données)
A7: 100 | B7: Onglet «E1_Données de projet» Saisie de données de projet, délais, coûts d’investissement, subventions, prêts, frais d’exploitation, etc.
A8: 101 | B8: Informations générales
A9: 101a | B9: Les champs de saisie sont affichés sur fond jaune clair.
A10: 101b | B10: Les champs de saisie avec des valeurs standard et/ou des calculs sont affichés sur fond bleu clair. Notez bien que toute modification de ces champs peut entraîner des erreurs en d’autres emplacements et, par conséquent, à des assertions erronées de l’outil.
A11: 101c | B11: Champs de saisie dans lesquels peuvent être reprises des données issues du fichier Excel QMCB Relevé de situation. Remarque : pour éviter de copier les formules, utilisez la fonction «Coller - Valeurs».
A12: 101d | B12: Champs de résultat dont le contenu peut être copié et inséré dans un fichier externe. Ces champs sont modifiables. Notez bien que toute modification de ces champs peut entraîner des erreurs en d’autres emplacements et, par conséquent, à des résultats erronés.
A13: 101e | B13: Valeur par défaut des champs de saisie sur fond bleu clair. Si nécessaire, la valeur ou la formule peut être transférée dans la cellule bleue correspondante afin de rétablir la valeur initiale.
A14: 101k | B14: Tous les montants en CHF doivent être indiqués hors TVA.
A15: 105 | B15: Valeurs ou formules prédéfinies dans les champs sur fond bleu clair. Les écarts sont signalés dans les champs sur fond bleu clair.
A16: 106 | B16: Champ de saisie pour le nom et la désignation du projet et/ou de la variante
A17: 107 | B17: Personne en charge de l’édition de l'outil d'analyse de rentabilité
A18: 108 | B18: Avertissements : Un court texte explicatif apparaît dans le champ Avertissements en cas de saisie de valeurs non plausibles (p. ex. déperditions du réseau = 80 % ou similaire)
A19: 110 | B19: Quantités de chaleur, déperditions du réseau et informations générales sur le projet
A20: 110a | B20: Quantité maximale de chaleur vendue en MWh/an, somme de la consommation de chaleur (point 320) de tous les clients dans l'onglet « E3_Consommateurs »
A21: 110b | B21: Déperditions du réseau de chaleur à distance par rapport à la quantité de chaleur injectée dans le réseau (exigence QMCB ≤ 10 %). Pour les réseaux en cours d’extension, il convient d’indiquer au mieux une déperdition moyenne.
A22: 110c | B22: Diminution annuelle des besoins en chaleur. Diminution annuelle moyenne des besoins en chaleur par des mesures d’efficacité (p.ex. Amélioration de l’enveloppe des bâtiments, de l’isolation) des consommateurs de chaleur depuis la mise en service. Cette valeur est prise en compte dans les besoins totaux en chaleur (point 532 dans l'onglet «B1_Calculs»).
A23: 110g | B23: Année de base pour les investissements : utilisée comme année 0 pour les calculs de rentabilité.
A24: 110h | B24: Année de la première fourniture de chaleur: année à partir de laquelle des recettes ont été générées. (Reprise de la première année de fourniture de chaleur dans l’onglet «Consommateurs»).
A25: 115 | B25: Saisie des quantités d'énergie et des rendements
B26: #VALUE!
A27: 115a | B27: Part de la chaleur utile produite en %, produite à partir de la chaudière à plaquettes de bois. 100 % correspond à une installation monovalente. La part de la condensation des gaz de fumées de la chaudière à plaquettes de bois est saisie séparément.
A28: 115b | B28: Part de la chaleur utile produite en %, produite directement à partir de la condensation des gaz de fumées de la chaudière à plaquettes de bois.
A29: 115c | B29: Part de la chaleur utile produite en %, produite par une installation de cogénération chaleur-force (CCF).
A30: 115d | B30: Part de la chaleur utile produite en %, produite par une pompe à chaleur (PAC).
A31: 115e | B31: Part de la chaleur utile produite en %, produite par un producteur supplémentaire de chaleur. La production supplémentaire de chaleur est ouvert à toutes les technologies.
A32: 115f | B32: Part de la chaleur utile produite en %, produite à partir de la récupération de chaleur résiduelle.
A33: 115g | B33: Part de la chaleur utile produite en %, produite à base d’énergie fossile : calculé à partir de des parts de point 115a - 115f.
A34: 115l | B34: Rendement thermique annuel de l'installation de cogénération chaleur-force (CCF). Le rendement global de la cogénération chaleur-force est calculé à partir de la somme des rendements thermique et électrique (voir illustration).
A35: 115m | B35: Rendement électrique annuel de l'installation de cogénération chaleur-force (CCF). Le rendement global de la cogénération chaleur-force est calculé à partir de la somme des rendements thermique et électrique (voir illustration).
A36: 115n | B36: Rendement thermique annuel du producteur supplémentaire de chaleur.
A37: 115o | B37: Rendement annuel, soit le coefficient de performance annuel (COPA) de la pompe à chaleur (PAC).
A38: 115q | B38: Rendement thermique annuel de la chaudière d’appoint à combustible fossile. Si une chaudière au gaz est intégrée pour couvrir les pointes de charge et que le prix en MWh relative au pouvoir calorifique supérieur (pcs) est indiqué sous le point 124, il faut également tenir compte d'un facteur 0.9 pour la la conversion de pcs en pci.
... A42: 115x | B42: Charbon végétal produit avec la cogénération chaleur-force en m³/an ou t/an. Seul le charbon végétal commercialisable doit être indiqué, à l'exclusion des cendres.
A43: 120 | B43: Saisie des prix d'achat de l’énergie
A44: 120a | B44: Prix d’achat du combustible biomasse (plaquettes de bois) en CHF/MWh d’énergie utile (mesurée sur le compteur de chaleur de la chaudière à plaquettes de bois)
A45: 120c | B45: Prix du combustible utilisé pour l'installation de cogénération chaleur-force (CCF) en CHF/MWh (énergie finale)
A46: 120d | B46: Prix du combustible utilisé pour le producteur supplémentaire de chaleur en CHF/MWh (énergie finale)
A47: 120e | B47: Prix du combustible fossile utilisé (mazout ou gaz naturel) en CHF/MWh (énergie finale). Si un combustible non fossile est utilisé pour couvrir les pointes de charge, il doit également être employé ici.
A48: 120f | B48: Prix de l’électricité en CHF/kWh (y compris part des frais de raccordement, etc.) Recommandation si le chiffre est inconnu : 30 ct./kWhel
A49: 120g | B49: Prix de l'électricité de la pompe à chaleur (PAC) en CHF/kWhel (y compris la part des frais de raccordement, etc.) La valeur par défaut correspond au prix général de l'électricité, point 120f.
A50: 120j | B50: Prix de la récupération de chaleur résiduelle en CHF/MWh
A51: 120m | B51: Tarif moyen de rétribution/rachat d'électricité en CHF/kWhel pour l'électricité injectée dans le réseau, y compris garantie d'origine (GO)
A52: 120n | B52: Prix moyen de vente du charbon végétal en CHF/m³ ou CHF/t
A53: 125 | B53: Saisie des frais d’exploitation et d'autres charges (dépenses importantes pour le projet)
A54: 125a | B54: Coûts d'exploitation : frais de personnel pour l'utilisation, le nettoyage, l'entretien, hors frais administratifs. Valeur prescrite = valeur indicative Manuel de planification QMCB : 1,5% des coûts d'investissement pour la production de chaleur (pts 151-153)
A55: 125b | B55: Frais d'exploitation externes pour le ramonage, la mesure des émissions, les contrats de service, etc. (élimination des cendres si elle n'est pas comprise dans le prix du combustible)
A56: 125c | B56: Frais d’entretien : pièces de rechange, réparations (pourcentage de l’investissement selon QMCB, voir à partir du point 140).
A57: 125g | B57: Frais annuels de loyer, de bail ou de propriété/immeuble (introduire les frais effectifs)
A58: 125h | B58: Autres frais annuels (administration, assurance, impôts, site internet, téléphonie, taxes publiques, ......, etc.). Valeur par défaut : 1% du coûts d'investissement total (valeur indicative Manuel de planification QMCB : 0.5–1.5%)
A59: 125m | B59: Inflation annuelle générale en % : il est possible de saisir une valeur globale servant de prescription dans les inflations individuelles dans l’onglet B1_Calculs (point 505).
A60: 125n | B60: Taux d'intérêt nominal : taux d'intérêt nominal actuel
A61: 125o | B61: Taux d'intérêt réel : calculé à partir du taux d'intérêt nominal (125n) et de l'inflation moyenne (125m)
A62: 140 | B62: Structure de coûts
A63: 141 | B63: Colonne de saisie des coûts d’investissement
A64: 142 | B64: Frais d’entretien spécifiques : pourcentage des coûts d’investissement (voir aussi Manuel de planification QMCB) Remarque : les valeurs peuvent être ajustées manuellement afin de compenser les fluctuations de prix exceptionnelles.
A65: 143 | B65: Durée d’amortissement des composants de l’installation (voir aussi Manuel de planification QMCB)
A66: 145 | B66: Montant total des investissements
A67: 145a | B67: Coûts de construction pour la centrale de chauffe, du stockage du combustible et environs
A68: 145b | B68: Coûts des composants pour l’installation spécifiques au bois (chaudière complète à plaquettes de bois )
A69: 145c | B69: Coûts d’investissement pour l'installation de cogénération chaleur-force (CCF)
A70: 145d | B70: Coûts d’investissement pour l'installation de pompes à chaleur (PAC)
A71: 145e | B71: Coûts d’investissement pour la construction de sondes géothermiques ou d'un système d'utilisation des eaux souterraines (bedingt auch Nutzung von Oberflächengewässer und Geothermie)
A72: 145f | B72: Coûts d’investissement pour le producteur supplémentaire de chaleur (non fossile)
A73: 145g | B73: Coûts d’investissement pour la récupération de chaleur résiduelle
A74: 145h | B74: Coûts d’investissement pour les composants de l’installation spécifiques à la charge de pointe (chaudière à combustible fossile)
A75: 145i | B75: Coûts d’investissement pour les installations de chauffage, ventilation, climatisation, sanitaire et électriques (CVCSE)
A76: 145j | B76: Coûts d’investissement pour le réseau de chaleur, y compris génie civil
B77: #VALUE!
A78: 145k | B78: Coûts d’investissement pour les compteurs de chaleur et la régulation des stations de transfert de chaleur au niveau des consommateurs (propriété du réseau de chaleur), y compris les compteurs de chaleur des producteurs de chaleur. Ce poste implique généralement des investissements de remplacement après une quinzaine d’années.
A79: 145l | B79: Coûts d’investissement liés aux chaufferies (part des stations de transfert de chaleur du côté des consommateurs). Part client, généralement remboursée à l'exploitant du réseau de chaleur avec les frais uniques de raccordement (point 325). Ce poste n’implique généralement pas d’investissements de remplacement pour le compte du réseau de chaleur. Ce poste n’est pas inclus dans le calcul de la valeur résiduelle!
A80: 145m | B80: Frais de planification et d’imprévus (durée d’amortissement moyenne). Ce poste n’est pas inclus dans le calcul de la valeur résiduelle !
A81: 145z | B81: Total des investissements calculé pour le projet et la durée moyenne d’amortissement
A82: 150 | B82: Répartition des investissements sur max. cinq étapes en % de l’investissement total (point 145z). Remarque : les frais d’entretien (point 142) sont échelonnés selon la même répartition. En cas de différence entre les frais d’entretien effectifs et les dépenses figurant au point 574b dans l'onglet «B1_Calculs», les pourcentages du point 142 doivent être adaptés en conséquence.
A83: 150a | B83: Étape 1 : L’année de démarrage du projet (point 110g) est toujours l’année des premiers investissements : ce champ ne peut pas être modifié ; les investissements non effectués dans les années des points 150b ff sont réalisés durant l’année de démarrage. (Formule: 100 % de l’investissement total - parts d’investissement des points 150b ff)
A84: 150b - 150e | B84: Étape 2 ff : Année et part d’investissement des années suivantes. Par défaut, l’année suivant l’année de démarrage est sélectionnée. Ce champ peut être modifié. Remarque : aucune année ne doit être saisie deux fois. Attention: toute frappe dans ce champ supprime la formule !
A85: 151 | B85: Part de la position dans l'investissement total. Remarque : la somme de toutes les parts peut être supérieure à 100 %, car les frais de raccordement, par exemple, sont souvent payés avec un certain retard et doivent donc être préfinancés.
A86: 155 | B86: La saisie des capitaux propres ou des capitaux-actions est nécessaire pour calculer la couverture des investissements.
A87: 156 | B87: Calcul du total des coûts de raccordement (uniques) (somme de E3_Consommateurs, point 325)
A88: 160 | B88: Informations relatives au financement externe du projet Deux crédits / prêts peuvent être saisis.
A89: 160a | B89: Total du montant financé par des fonds externes
A90: 160b | B90: Durée du crédit ; ce calcul suppose des mensualités constantes sur toute la durée. La durée du crédit bancaire devrait être choisie aussi longue que possible (idéalement 20 voire 25 ans) et une possibilité de remboursement anticipé sans frais devrait être prévue dans le contrat. Ainsi, la mensualité due reste aussi faible que possible et, en cas de hausse de ses recettes, l’exploitant peut effectuer des versements anticipés et amortir son crédit plus rapidement. Les crédits à durée indéterminée sans mensualités (p. ex. les hypothèques sans amortissement) sont saisies avec une durée de «0».
A91: 160c | B91: Année de début du crédit/prêt. C’est l’année de déblocage du prêt pour le projet et où la première mensualité est due. Le paiement des intérêts intervient toujours l’année suivante.
A92: 160d | B92: Au cours de l'année où commence l'amortissement du crédit/prêt, le premier versement amortissant est dû.
A93: 160e | B93: Taux d’intérêt annuel brut du crédit (avant déduction de l’impôt anticipé) sur l’ensemble de sa durée (taux d’intérêt moyen)
A94: 165 | B94: Informations concernant les subventions
A95: 166 | B95: Subventions uniques Trois «packs» de subventions uniques (p. ex. subvention cantonale, Fondation pour le climat, Aide Suisse aux Montagnards, etc.) avec des années de versement différentes peuvent être saisis.
A96: 166a | B96: Subvention unique du pack
A97: 166b | B97: Année de versement de la subvention unique du pack. Il est conseillé d’intégrer le versement de la subvention unique au calcul au plus tôt après la mise en service et idéalement à l’issue de la première année d’exploitation. Un retard de versement entraîne des intérêts supplémentaires pour les fonds externes nécessaires dans l’intervalle.
A98: 167 | B98: Subventions pluriannuelles Outre les subventions uniques, il est également possible de saisir une subvention annuelle temporaire (p. ex. KliK)
A99: 167a | B99: Versement annuel moyen durant la période subventionnée.
A100: 167b | B100: Durée des subventions annuelles (nombre de versements)
A101: 167c | B101: Année du premier versement. Veuillez tenir compte de la durée de traitement pour le calcul / la libération des versements annuels. Il est conseillé de compter sur un premier versement au plus tôt l’année suivant la mise en service.
A102: 170 | B102: Valeurs calculées Valeurs numériques pouvant être calculées à partir des informations saisies ci-dessus et servant au contrôle de la saisie et à la représentation du calcul des quantités d’énergie.
A103: 170a | B103: Quantité moyenne de chaleur produite par an : calculée à partir de la quantité de chaleur produite par an conformément au registre « B1_Calculs », colonne « Besoins en chaleur » (point 532) (considération sur la durée du projet de 25 ans).
...

Sheet E1_Données de projet
A1: 100 | B1: QM Chauffages au bois - Modèle de rentabilité - Données de projet
K2: 105 | M2: 105
A3: 101a | C3: Champ de saisie | K3: Valeurs par défaut | O3: Commentaires | Q3: Remarques
A4: b | C4: Valeur standard ou calcul (modifiable)
A5: e | C5: Valeur par défaut de la valeur standard
A6: 101k | B6: (hors TVA)
A8: 106 | B8: Projet/Variante : | C8: QMH projet example 2
C9: Modèle de rentabilité
C10: CP / lieu
A12: 107 | B12: Saisi par : | C12: date, nome
A14: 108 | B14: Avertissements Remarques : | C14: =IF(W14>10,X15,IF(S14>0,U14,"")) | W14: =COUNTIF(U17:W164,">0") -> 4 | X14: =_xlfn.TEXTJOIN(", ",TRUE,X18:X164) -> 115n: Le rendement thermique annuel du producteur supplémentaire de chaleur est supposé très faible, 12=g: Le prix d'achat de l'électricité de la PAC est supposé très élevé, 145e: Les investissements pour les sondes géothermiques ou l'utilisation des eaux souterraines sont très faibles, 160e: Le taux d'intérêt indiqué est très faible., 160e: Le taux d'intérêt indiqué est très faible.
X15: Plus de 10 remarques ! | Y15: Il y a des avertissements dans le registre 'E1_Données de projet' !
S16: Min | T16: Max | U16: Unters. | V16: Übers. | W16: S.Fehler | X16: Avertissement | Y16: TexteMin | Z16: TexteMax | AA16: TexteAutre
A17: 110 | B17: Quantité de chaleur, réseau, lancement du projet
A18: a | C18: Consommation de chaleur totale des utilisateurs | D18: =SUM(E3_Consommateurs!D18:XFD18) -> 2353 | E18: MWh/an | S18: 10 | T18: 9999999999 | U18: =IF($D18<S18,1,0) -> 0 | V18: =IF($D18>T18,1,0) -> 0 | X18: =IF(U18=1,Y18,IF(V18=1,Z18,IF(W18=1,AA18,""))) | Y18: 110a: La consommation de chaleur est trop faible ! | Z18: 110a: La consommation de chaleur est très grande.
A19: b | C19: Déperditions du réseau | D19: 10 | E19: % | K19: 10 | S19: 4 | T19: 20 | U19: =IF($D19<S19,1,0) -> 0 | V19: =IF($D19>T19,1,0) -> 0 | W19: =IF(D19="",1,0) -> 0 | X19: =IF(U19>0,Y19,"")&IF(V19>0,Z19,"")&IF(W19>0,AA19,"") | Y19: 110b: Les déperditions du réseau de chaleur sont trop faibles ! | Z19: 110b: Les déperditions du réseau de chaleur sont trop élevées ! | AA19: 110b: Pas de déperditions de réseau saisies.
A20: c | C20: Diminution des besoins de chaleur (Amélioration de l’enveloppe du bâtiment) | D20: 1 | E20: % | S20: 0 | T20: 5 | U20: =IF($D20<S20,1,0) -> 0 | V20: =IF($D20>T20,1,0) -> 0 | W20: =IF(D20="",1,0) -> 0 | X20: =IF(U20>0,Y20,"")&IF(V20>0,Z20,"")&IF(W20>0,AA20,"") | Y20: 110c: La diminution des besoins en chaleur des consommateurs de chaleur est négative ; surconsommation. | Z20: 110c: La diminution des besoins de chaleur est très élevée. | AA20: 110c: Aucune diminution des besoins de chaleur saisi.
A22: g | C22: Année de démarrage du projet | D22: 2024 | S22: 2000 | T22: 2100 | U22: =IF($D22<S22,1,0) -> 0 | V22: =IF($D22>T22,1,0) -> 0 | X22: =IF(U22>0,Y22,"")&IF(V22>0,Z22,"")&IF(W22>0,AA22,"") | Y22: 110g: L'année de démarrage du projet est antérieure à 2000. | Z22: 110g: L'année de démarrage du projet est postérieure à 2100.
A23: h | C23: Année de mise en service / première fourniture de chaleur | D23: =MIN(E3_Consommateurs!D21:XFD21) -> 2025 | K23: =MIN(E3_Consommateurs!D21:XFD21) -> 2025 | S23: =Eing_Beginnjahr -> 2024 | T23: =S23+3 -> 2027 | U23: =IF($D23<S23,D23,0) -> 0 | V23: =IF($D23>T23,1,0) -> 0 | X23: =IF(U23>0,Y23,"")&IF(V23>0,Z23,"")&IF(W23>0,AA23,"") | Y23: 110h: L'année de mise en service est antérieure à l'année de démarrage du projet. | Z23: 110h: Plus de 3 ans séparent la mise en service du démarrage du projet. Ajuster la date de première fourniture de chaleur dans l'onglet Consommateurs.
A25: 115 | B25: Saisie des quantités de la production d'énergie et des rendements
A26: a | C26: Part de la chaleur utile produite à partir de la chaudière à plaquettes de bois | D26: 73 | E26: % | S26: 70 | T26: 100 | U26: =IF($D26<S26,1,0) -> 0 | V26: =IF($D26>T26,1,0) -> 0 | X26: =IF(U26>0,Y26,"")&IF(V26>0,Z26,"")&IF(W26>0,AA26,"") | Y26: 115a: La part de la chaleur annuelle produite à partir de la chaudière à plaquettes de bois est supposé faible | Z26: 115a: La part de la chaleur annuelle produite à partir de la chaudière à plaquettes de bois surpasse 100%
A27: b | C27: Part de la chaleur utile produite à partir de la condensation des fumées | D27: 7 | E27: % | S27: 0 | T27: =0.2*Eing_Anteil_Biomasse -> 14.6 | U27: =IF($D27<S27,1,0) -> 0 | V27: =IF($D27>T27,1,0) -> 0 | X27: =IF(U27>0,Y27,"")&IF(V27>0,Z27,"")&IF(W27>0,AA27,"") | Y27: 115b: La part de la chaleur annuelle produite à partir de la condensation des gaz de fumées de la chaudière à plaquettes est supposé faible | Z27: 115b: La part de la chaleur annuelle produite à partir de la condensation des gaz de fumées de la chaudière à plaquettes est très élevée
A28: c | C28: Part de la chaleur utile produite par la cogénération chaleur-force (CCF) | E28: % | S28: 10 | T28: 100 | U28: =IF(AND($D28>0,$D28<S28),1,0) -> 0 | V28: =IF($D28>T28,1,0) -> 0 | X28: =IF(U28>0,Y28,"")&IF(V28>0,Z28,"")&IF(W28>0,AA28,"") | Y28: 115c: La part de la chaleur annuelle produite à partir de la CCF est supposé faible | Z28: 115c: La part de la chaleur annuelle produite à partir de la CCF surpasse 100%
A29: d | C29: Part de la chaleur utile produite par une pompe à chaleur (PAC) | D29: 20 | E29: % | S29: 5 | T29: 100 | U29: =IF(AND($D29>0,$D29<S29),1,0) -> 0 | V29: =IF($D29>T29,1,0) -> 0 | X29: =IF(U29>0,Y29,"")&IF(V29>0,Z29,"")&IF(W29>0,AA29,"") | Y29: 115d: La part de la chaleur annuelle produite à partir de la PAC est supposé faible | Z29: 115d: La part de la chaleur annuelle produite à partir de la PAC surpasse 100%
A30: e | C30: Part de la chaleur utile produite par un producteur supplémentaire de chaleur | E30: % | S30: 10 | T30: 100 | U30: =IF(AND($D30>0,$D30<S30),1,0) -> 0 | V30: =IF($D30>T30,1,0) -> 0 | X30: =IF(U30>0,Y30,"")&IF(V30>0,Z30,"")&IF(W30>0,AA30,"") | Y30: 115e: La part de la chaleur annuelle produite à partir du producteur supplémentaire de chaleur est supposé faible | Z30: 115e: La part de la chaleur annuelle produite à partir du producteur supplémentaire de chaleur surpasse 100%
A31: f | C31: Part de la chaleur utile produite à partir de la récupération de chaleur résiduelle | E31: % | S31: 5 | T31: 100 | U31: =IF(AND($D31>0,$D31<S31),1,0) -> 0 | V31: =IF($D31>T31,1,0) -> 0 | X31: =IF(U31>0,Y31,"")&IF(V31>0,Z31,"")&IF(W31>0,AA31,"") | Y31: 115f: La part de la chaleur annuelle produite à partir de la récupération de chaleur résiduelle est supposé faible | Z31: 115f: La part de la chaleur annuelle produite à partir de la récupération de chaleur résiduelle surpasse 100%
A32: g | C32: Part de chaleur utile produite à base d'énergie fossile | D32: =100-SUM(D26:D31) -> 0 | E32: %
A33: l | C33: Rendement thermique de la cogénération chaleur-force (CCF) | E33: % | S33: 30 | T33: 100 | U33: =IF(Eing_Anteil_WKK=0,0,IF($D33<S33,1,0)) -> 0 | V33: =IF(Eing_Anteil_WKK=0,0,IF($D33>T33,1,0)) -> 0 | X33: =IF(U33>0,Y33,"")&IF(V33>0,Z33,"")&IF(W33>0,AA33,"") | Y33: 115l: Le rendement thermique annuel de la cogénération chaleur-force (CCF) est supposé très faible | Z33: 115l: Le rendement thermique annuel de la cogénération chaleur-force (CCF) est supposé très élevé
A34: m | C34: Rendement électrique de la cogénération chaleur-force (CCF) | E34: % | S34: 10 | T34: 50 | U34: =IF(Eing_Anteil_WKK=0,0,IF($D34<S34,1,0)) -> 0 | V34: =IF(Eing_Anteil_WKK=0,0,IF($D34>T34,1,0)) -> 0 | X34: =IF(U34>0,Y34,"")&IF(V34>0,Z34,"")&IF(W34>0,AA34,"") | Y34: 115m: Le rendement électrique annuel de la cogénération chaleur-force (CCF) est supposé très faible | Z34: 115m: Le rendement électrique annuel de la cogénération chaleur-force (CCF) est supposé très élevé
A35: n | C35: Rendement thermique du producteur supplémentaire de chaleur | E35: % | S35: 40 | T35: 90 | U35: =IF(Eing_Anteil_WP=0,0,IF($D35<S35,1,0)) -> 1 | V35: =IF(Eing_Anteil_WP=0,0,IF($D35>T35,1,0)) -> 0 | X35: =IF(U35>0,Y35,"")&IF(V35>0,Z35,"")&IF(W35>0,AA35,"") -> 115n: Le rendement thermique annuel du producteur supplémentaire de chaleur est supposé très faible | Y35: 115n: Le rendement thermique annuel du producteur supplémentaire de chaleur est supposé très faible | Z35: 115n: Le rendement thermique annuel du producteur supplémentaire de chaleur est supposé très élevé
A36: o | C36: Coéfficient de performance annuel (COPA) de la pompe à chaleur (PAC) | D36: 3.8 | E36: - | S36: 1 | T36: 10 | U36: =IF(Eing_Anteil_WP=0,0,IF($D36<S36,1,0)) -> 0 | V36: =IF(Eing_Anteil_WP=0,0,IF($D36>T36,1,0)) -> 0 | X36: =IF(U36>0,Y36,"")&IF(V36>0,Z36,"")&IF(W36>0,AA36,"") | Y36: 115o: Le coéfficient de performance annuel (COPA) de la pompe à chaleur (PAC) est supposé très faible | Z36: 115o: Le coéfficient de performance annuel (COPA) de la pompe à chaleur (PAC) est supposé très élevé
A37: q | C37: Rendement annuel de la chaudière à combustible fossile | E37: % | S37: 40 | T37: 98 | U37: =IF(Anteil_fossil_erzeugt=0,0,IF($D37<S37,1,0)) -> 0 | V37: =IF(Anteil_fossil_erzeugt=0,0,IF($D37>T37,1,0)) -> 0 | W37: =IF(Anteil_fossil_erzeugt=0,0,IF(D37="",1,0)) -> 0 | X37: =IF(U37>0,Y37,"")&IF(V37>0,Z37,"")&IF(W37>0,AA37,"") | Y37: 115q: Le rendement thermique annuel de la (des) chaduière(s) fossil est supposé très faible | Z37: 115q: Le rendement thermique annuel de la (des) chaduière(s) fossil est supposé très élevé
A38: u | C38: Part de la cons. électr. de la PAC couverte par la cogénération (CCF) | E38: % | S38: 0 | T38: 100 | U38: =IF($D38<S38,1,0) -> 0 | V38: =IF($D38>T38,1,0) -> 0 | X38: =IF(U38>0,Y38,"")&IF(V38>0,Z38,"")&IF(W38>0,AA38,"") | Y38: 115u: La part de la consommation électrique annuelle de la pompe à chaleur (PAC), couverte par la cogénération chaleur-force (CCF), est négative | Z38: 115u: La part de la consommation électrique annuelle de la pompe à chaleur (PAC), couverte par la cogénération chaleur-force (CCF), surpasse 100%
A39: v | C39: Énergie auxiliaire (électricité) | D39: 2 | E39: % de la chaleur produite | K39: 2 | S39: 1 | T39: 3 | U39: =IF($D39<S39,1,0) -> 0 | V39: =IF($D39>T39,1,0) -> 0 | W39: =IF(Eing_Spez_Stromverbrauch=0,1,0) -> 0 | X39: =IF(U39>0,Y39,"")&IF(V39>0,Z39,"")&IF(W39>0,AA39,"") | Y39: 115v: La consommation spécifique d'électricité est supposée très faible. . | Z39: 115v: La consommation spécifique d'électricité est supposée très importante. | AA39: 115v: La consommation spécifique d'électricité a été définie comme nulle.
A40: w | C40: Part de la cons. électr. de l'énergie auxiliaire couverte par la cogénération (CCF) | E40: % | S40: 0 | T40: 100 | U40: =IF(0<$D40<S40,1,0) -> 0 | V40: =IF($D40>T40,1,0) -> 0 | X40: =IF(U40>0,Y40,"")&IF(V40>0,Z40,"")&IF(W40>0,AA40,"") | Y40: 115w: Part de la consommation électrique annuelle pour éergies auxiliaires, couverte par la cogénération chaleur-force (CCF), est négative | Z40: 115w: Part de la consommation électrique annuelle pour éergies auxiliaires, couverte par la cogénération chaleur-force (CCF), surpasse 100%
A41: x | C41: Production de charbon végétal | E41: m³/an | S41: 0 | T41: =5*max_verkaufteWM*Eing_Anteil_WKK*1000 -> 0 | U41: =IF(0<$D41<S41,1,0) -> 0 | V41: =IF($D41>T41,1,0) -> 0 | X41: =IF(U41>0,Y41,"")&IF(V41>0,Z41,"")&IF(W41>0,AA41,"") | Y41: 115x: La production annuelle de charbon végétale est négative | Z41: 115x: La production annuelle de charbon végétale est élevée | AG41: m³/an | AH41: CHF/m³
AG42: t/an | AH42: CHF/t
A43: 120 | B43: Prix d'achat de l'énergie
A44: a | C44: Prix du combustible bois (à partir du compteur de chaleur) | D44: 55 | E44: CHF/MWh d'énergie produite | S44: 0 | T44: 200 | U44: =IF($D44<S44,1,0) -> 0 | V44: =IF($D44>T44,1,0) -> 0 | X44: =IF(U44>0,Y44,"")&IF(V44>0,Z44,"")&IF(W44>0,AA44,"") | Y44: 120a: Le prix d’achat des plaquettes de bois est négative | Z44: 120a: Le prix d’achat des plaquettes de bois est supposé très élevé
A45: c | C45: Prix du combustible de la cogénération chaleur-force (CCF) | E45: CHF/MWh d'énergie finale | S45: 30 | T45: 200 | U45: =IF(Eing_Anteil_WKK=0,0,IF($D45<S45,1,0)) -> 0 | V45: =IF(Eing_Anteil_WKK=0,0,IF($D45>T45,1,0)) -> 0 | X45: =IF(U45>0,Y45,"")&IF(V45>0,Z45,"")&IF(W45>0,AA45,"") | Y45: 120c: Le prix d’achat des plaquettes de bois pour la cogénération (CCF) est supposé très faible | Z45: 120c: Le prix d’achat des plaquettes de bois pour la cogénération (CCF) est supposé très élevé
A46: d | C46: Prix du combustible du producteur supplémentaire de chaleur | E46: CHF/MWh d'énergie finale | S46: 30 | T46: 300 | U46: =IF(Eing_Anteil_WKK=0,0,IF($D46<S46,1,0)) -> 0 | V46: =IF(Eing_Anteil_WKK=0,0,IF($D46>T46,1,0)) -> 0 | X46: =IF(U46>0,Y46,"")&IF(V46>0,Z46,"")&IF(W46>0,AA46,"") | Y46: 120d: Le prix d’achat du combustible utilisé pour le producteur supplémentaire de chaleur est supposé très faible | Z46: 120d: Le prix d’achat du combustible utilisé pour le producteur supplémentaire de chaleur est supposé très élevé
A47: e | C47: Prix du combustible fossile | E47: CHF/MWh d'énergie finale | S47: 30 | T47: 300 | U47: =IF(Anteil_fossil_erzeugt=0,0,IF($D47<S47,1,0)) -> 0 | V47: =IF(Anteil_fossil_erzeugt=0,0,IF($D47>T47,1,0)) -> 0 | W47: =IF(Anteil_fossil_erzeugt=0,0,IF(Eing_Rohstoffpreis_fossil<Eing_Rohstoffpreis_Biomasse,1,0)) -> 0 | X47: =IF(U47>0,Y47,"")&IF(V47>0,Z47,"")&IF(W47>0,AA47,"") | Y47: 120e: Le prix d’achat du combustible fossile est supposé très faible | Z47: 120e: Le prix d’achat du combustible fossile est supposé très élevé | AA47: 120e: Le prix d’achat du combustible fossile est inférieur au prix d'achat des plaquettes de bois
A48: f | C48: Prix de l'électricité | D48: 25 | E48: Rp/kWhel | S48: 5 | T48: 80 | U48: =IF($D48<S48,1,0) -> 0 | V48: =IF($D48>T48,1,0) -> 0 | W48: =IF(Eing_Strompreis=0,1,0) -> 0 | X48: =IF(U48>0,Y48,"")&IF(V48>0,Z48,"")&IF(W48>0,AA48,"") | Y48: 120f: Le prix de l'électricité est supposé très faible. | Z48: 120f: Le prix de l'électricité est supposé très élevé. | AA48: 120f: Le prix de l'électricité est nul.
A49: g | C49: Prix de l'électricité de la pompe à chaleur (PAC) | D49: =Eing_Strompreis -> 25 | E49: Rp/kWhel | K49: =Eing_Strompreis -> 25 | S49: 5 | T49: 80 | U49: =IF(Eing_Anteil_WP=0,0,IF(0<$D49<S49,1,0)) -> 0 | V49: =IF(Eing_Anteil_WP=0,0,IF(0<$D49>T49,1,0)) -> 1 | W49: =IF(Eing_Anteil_WP=0,0,IF(Eing_Strompreis_WP>Eing_Strompreis,1,0)) -> 0 | X49: =IF(U49>0,Y49,"")&IF(V49>0,Z49,"")&IF(W49>0,AA49,"") -> 12=g: Le prix d'achat de l'électricité de la PAC est supposé très élevé | Y49: 120g: Le prix d'achat de l'électricité de la PAC est supposé très faible | Z49: 12=g: Le prix d'achat de l'électricité de la PAC est supposé très élevé | AA49: 120g: Le prix d'achat de l'électricité de la PAC est supérieur au prix d'achat de l'électricité en générale
A50: j | C50: Prix de la récupération de chaleur résiduelle | E50: CHF/MWh | S50: 0 | T50: 100 | U50: =IF(Eing_Anteil_AWN=0,0,IF(0<$D50<S50,1,0)) -> 0 | V50: =IF(Eing_Anteil_AWN=0,0,IF(0<$D50>T50,1,0)) -> 0 | X50: =IF(U50>0,Y50,"")&IF(V50>0,Z50,"")&IF(W50>0,AA50,"") | Y50: 120j: Le prix d’achat de la récupération de chaleur résiduelle est supposé très faible | Z50: 120j: Le prix d’achat de la récupération de chaleur résiduelle est supposé très élevé
A51: m | C51: Tarif moyen de rétribution/rachat d'électricité | E51: Rp/kWhel | S51: 5 | T51: 80 | U51: =IF(AND($D51>0,$D51<S51),1,0) -> 0 | V51: =IF($D51>T51,1,0) -> 0 | W51: =IF(Eing_Jahresnutzungsgrad_WKKel=0,0,IF($D51=0,1,0)) -> 0 | X51: =IF(U51>0,Y51,"")&IF(V51>0,Z51,"")&IF(W51>0,AA51,"") | Y51: 120m: Le tarif de rétribution/rachat d'électricité est supposé très faible | Z51: 120m: Le tarif de rétribution/rachat d'électricité est supposé très élevé | AA51: 120m: Aucun tarif de rétribution/rachat d'électricité n'a été saisi
A52: n | C52: Prix de vente du charbon végétal | E52: =_xlfn.XLOOKUP(E41,AG41:AG42,AH41:AH42) -> CHF/m³ | S52: 200 | T52: 1000 | U52: =IF(Eing_Prod_Pflanzenkohle=0,0,IF($D52<S52,1,0)) -> 0 | V52: =IF($D52>T52,1,0) -> 0 | W52: =IF(Eing_Prod_Pflanzenkohle=0,0,IF($D52<S52,1,0)) -> 0 | X52: =IF(U52>0,Y52,"")&IF(V52>0,Z52,"")&IF(W52>0,AA52,"") | Y52: 120n: Le prix de vente du charbon végétal est supposé très faible | Z52: 120n: Le prix de vente du charbon végétal est supposé très élevé | AA52: 120n: Aucun prix de vente du charbon végétal n'a été saisi
A54: 125 | B54: Frais d'exploitation et d'autres charges
A55: a | C55: Frais de personnel (pour le service, le nettoyage, etc.) | D55: =ROUND(1.5%*SUM(D69:D76),-2) -> 16700 | E55: CHF/an | K55: =ROUND(1.5%*SUM(D69:D76),-2) -> 16700 | S55: 1000 | T55: =5%*SUM(D69:D76) -> 55500 | U55: =IF($D55<S55,1,0) -> 0 | V55: =IF($D55>T55,1,0) -> 0 | X55: =IF(U55>0,Y55,"")&IF(V55>0,Z55,"")&IF(W55>0,AA55,"") | Y55: 125a: Les coûts annuels de personnel sont très faibles. | Z55: 125a: Les coûts annuels de personnel sont très élevés.
A56: b | C56: Frais d'exploitation externes (service, ramonage, etc.) | D56: 15000 | E56: CHF/an | S56: 1000 | T56: =10%*SUM(D69:D75) -> 79000 | U56: =IF($D56<S56,1,0) -> 0 | V56: =IF($D56>T56,1,0) -> 0 | X56: =IF(U56>0,Y56,"")&IF(V56>0,Z56,"")&IF(W56>0,AA56,"") | Y56: 125b: Les coûts annuelsd'exploitation externes sont très faibles. | Z56: 125b: Les coûts annuelsd'exploitation externes sont très élevés.
A57: c | C57: Frais d'entretien | D57: =SUMPRODUCT(D68:D80,F68:F80)/100 -> 45200 | E57: CHF/an | K57: =SUMPRODUCT(D68:D80,F68:F80)/100 -> 45200 | S57: 1000 | T57: =10%*Gesamtinvestition -> 306000 | U57: =IF($D57<S57,1,0) -> 0 | V57: =IF($D57>T57,1,0) -> 0 | X57: =IF(U57>0,Y57,"")&IF(V57>0,Z57,"")&IF(W57>0,AA57,"") | Y57: 125c: Les frais annuels d'entretien sont très faibles. | Z57: 125c: Les frais annuels d'entretien sont très élevés.
A59: g | C59: Frais de loyer / bail / propriété | D59: 4000 | E59: CHF/an | S59: 1000 | T59: =Gesamtinvestition/20 -> 153000 | U59: =IF($D59<S59,1,0) -> 0 | V59: =IF($D59>T59,1,0) -> 0 | X59: =IF(U59>0,Y59,"")&IF(V59>0,Z59,"")&IF(W59>0,AA59,"") | Y59: 125g: Les frais annuels de propriété sont très faibles. | Z59: 125g: Les frais annuels de propriété sont très élevés.
A60: h | C60: Autres frais (administration, assurances, impôts etc.) | D60: =ROUND(1%*Gesamtinvestition,-2) -> 30600 | E60: CHF/an | K60: =ROUND(1%*Gesamtinvestition,-2) -> 30600 | S60: 1000 | T60: =5%*Gesamtinvestition -> 153000 | U60: =IF($D60<S60,1,0) -> 0 | V60: =IF($D60>T60,1,0) -> 0 | X60: =IF(U60>0,Y60,"")&IF(V60>0,Z60,"")&IF(W60>0,AA60,"") | Y60: 125h: Les autres frais sont très faibles. | Z60: 125h: Les autres frais sont très élevés. | AA60: 125h: Les autres frais ont été supposés nuls.
A61: m | C61: Inflation annuelle générale | D61: 1 | E61: % | S61: 0 | T61: 5 | U61: =IF($D61<S61,1,0) -> 0 | V61: =IF($D61>T61,1,0) -> 0 | X61: =IF(U61>0,Y61,"")&IF(V61>0,Z61,"")&IF(W61>0,AA61,"") | Y61: 125m: L'augmentation générale des prix est très faible | Z61: 125m: L'augmentation générale des prix est très élevée.
A62: n | C62: Taux d'intérêt nominal | D62: 3 | E62: % | S62: 0 | T62: 10 | U62: =IF($D62<S62,1,0) -> 0 | V62: =IF($D62>T62,1,0) -> 0 | X62: =IF(U62>0,Y62,"")&IF(V62>0,Z62,"")&IF(W62>0,AA62,"") | Y62: 125n: Le taux d'intérêt nominal a été supposé négatif. | Z62: 125n: Le taux d'intérêt nominal a été supposé très élevé.
A63: o | C63: Taux d'intérêt réel | D63: =Eing_Nominalzins-Eing_allg_Teuerung -> 2 | E63: % | K63: =Eing_Nominalzins-Eing_allg_Teuerung -> 2 | S63: 0 | T63: 8 | U63: =IF($D63<S63,1,0) -> 0 | V63: =IF($D63>T63,1,0) -> 0 | X63: =IF(U63>0,Y63,"")&IF(V63>0,Z63,"")&IF(W63>0,AA63,"") | Y63: 125o: Le taux d'intérêt réel est négatif | Z63: 125o: Le taux d'intérêt réel est très élevé
A65: 140 | B65: Investissements, amortissement, etc. | D65: 141 | F65: 142 | I65: 143
G66: Frais d'entretien | I66: Durée d'utilisation
A67: 145 | B67: Coûts d'investissement | C67: (extensions y comprises) | G67: spécifiques | I67: Amortissement | AH67: Kapitalkosten
A68: a | C68: Construction Bâtiments Environs | D68: 350000 | E68: CHF | F68: 1 | G68: % | I68: 50 | J68: ans | K68: 1 | M68: 50 | S68: 10000 | T68: 999999999 | U68: =IF($D68<S68,1,0) -> 0 | V68: =IF($D68>T68,1,0) -> 0 | X68: =IF(U68>0,Y68,"")&IF(V68>0,Z68,"")&IF(W68>0,AA68,"") | Y68: 145a: Les investissements pour la construction de la centrale de chauffage sont très faibles. | Z68: 145a: Les investissements pour la construction de la centrale de chauffage sont très élevés. | AH68: =IF(I68=0,D68*Eing_Realzins/100,-PMT(Eing_Realzins/100,I68,D68)) -> 11138.123
A69: b | C69: Composants de l'installation spécifiques au plaquettes de bois | D69: 450000 | E69: CHF | F69: 3 | G69: % | I69: 20 | J69: ans | K69: 3 | M69: 20 | S69: 10000 | T69: 999999999 | U69: =IF($D69<S69,1,0) -> 0 | V69: =IF($D69>T69,1,0) -> 0 | X69: =IF(U69>0,Y69,"")&IF(V69>0,Z69,"")&IF(W69>0,AA69,"") | Y69: 145b: Les investissements pour les éléments de l'installation spécifiques au bois sont très faibles. | Z69: 145b: Les investissements pour les éléments de l'installation spécifiques au bois sont très élevés. | AH69: =IF(I69=0,D69*Eing_Realzins/100,-PMT(Eing_Realzins/100,I69,D69)) -> 27520.523
A70: c | C70: Composants de la cogénération chaleur-force (CCF) | E70: CHF | F70: 3 | G70: % | I70: 20 | J70: ans | K70: 3 | M70: 20 | S70: 10000 | T70: 999999999 | U70: =IF(Eing_Anteil_WKK=0,0,IF($D70<S70,1,0)) -> 0 | V70: =IF($D70>T70,1,0) -> 0 | X70: =IF(U70>0,Y70,"")&IF(V70>0,Z70,"")&IF(W70>0,AA70,"") | Y70: 145c: Les investissements pour la cogénération chaleur-force (CCF) sont très faibles. | Z70: 145c: Les investissements pour la cogénération chaleur-force (CCF) sont très élevés | AH70: =IF(I70=0,D70*Eing_Realzins/100,-PMT(Eing_Realzins/100,I70,D70)) -> 0
A71: d | C71: Composants de la pompe à chaleur (PAC) | D71: 250000 | E71: CHF | F71: 2 | G71: % | I71: 20 | J71: ans | K71: 2 | M71: 20 | S71: 10000 | T71: 999999999 | U71: =IF(Eing_Anteil_WP=0,0,IF($D71<S71,1,0)) -> 0 | V71: =IF($D71>T71,1,0) -> 0 | X71: =IF(U71>0,Y71,"")&IF(V71>0,Z71,"")&IF(W71>0,AA71,"") | Y71: 145d: Les investissements pour la pompe à chaleur (PAC) sont très faibles | Z71: 145d: Les investissements pour la pompe à chaleur (PAC) sont très élevés. | AH71: =IF(I71=0,D71*Eing_Realzins/100,-PMT(Eing_Realzins/100,I71,D71)) -> 15289.18
A72: e | C72: Composants de sondes géothermiques ou d'utilisation des eaux souterraines | E72: CHF | F72: 1 | G72: % | I72: 40 | J72: ans | K72: 1 | M72: 40 | S72: 10000 | T72: 999999999 | U72: =IF(Eing_Anteil_WP=0,0,IF($D72<S72,1,0)) -> 1 | V72: =IF($D72>T72,1,0) -> 0 | X72: =IF(U72>0,Y72,"")&IF(V72>0,Z72,"")&IF(W72>0,AA72,"") -> 145e: Les investissements pour les sondes géothermiques ou l'utilisation des eaux souterraines sont très faibles | Y72: 145e: Les investissements pour les sondes géothermiques ou l'utilisation des eaux souterraines sont très faibles | Z72: 145e: Les investissements pour les sondes géothermiques ou l'utilisation des eaux souterraines sont très élevés | AH72: =IF(I72=0,D72*Eing_Realzins/100,-PMT(Eing_Realzins/100,I72,D72)) -> 0
A73: f | C73: Composants du producteur supplémentaire de chaleur (non fossile) | E73: CHF | F73: 2 | G73: % | I73: 20 | J73: ans | K73: 2 | M73: 20 | S73: 10000 | T73: 999999999 | U73: =IF(Eing_Anteil_AWN=0,0,IF($D73<S73,1,0)) -> 0 | V73: =IF($D73>T73,1,0) -> 0 | X73: =IF(U73>0,Y73,"")&IF(V73>0,Z73,"")&IF(W73>0,AA73,"") | Y73: 145f: Les investissements pour le producteur supplémentaire de chaleur sont très faibles | Z73: 145f: Les investissements pour le producteur supplémentaire de chaleur sont très faiélevés | AH73: =IF(I73=0,D73*Eing_Realzins/100,-PMT(Eing_Realzins/100,I73,D73)) -> 0
A74: g | C74: Composants de la récupération de chaleur résiduelle | E74: CHF | F74: 2 | G74: % | I74: 20 | J74: ans | K74: 2 | M74: 20 | S74: 10000 | T74: 999999999 | U74: =IF(Eing_Anteil_AWN=0,0,IF($D74<S74,1,0)) -> 0 | V74: =IF($D74>T74,1,0) -> 0 | X74: =IF(U74>0,Y74,"")&IF(V74>0,Z74,"")&IF(W74>0,AA74,"") | Y74: 145g: Les investissements pour la récupération de chaleur résiduelle sont très faibles | Z74: 145g: Les investissements pour la récupération de chaleur résiduelle sont très élevés | AH74: =IF(I74=0,D74*Eing_Realzins/100,-PMT(Eing_Realzins/100,I74,D74)) -> 0
A75: h | C75: Composants spécifiques à la de pointe de puissance (chaudière fossile) | D75: 90000 | E75: CHF | F75: 2 | G75: % | I75: 20 | J75: ans | K75: 2 | M75: 20 | S75: 10000 | T75: 999999999 | U75: =IF(Anteil_fossil_erzeugt=0,0,IF($D75<S75,1,0)) -> 0 | V75: =IF($D75>T75,1,0) -> 0 | X75: =IF(U75>0,Y75,"")&IF(V75>0,Z75,"")&IF(W75>0,AA75,"") | Y75: 145h: Les investissements pour les éléments de l'installation spécifiques à la charge de pointe sont très faibles. | Z75: 145h: Les investissements pour les éléments de l'installation spécifiques à la charge de pointe sont très élevés. | AH75: =IF(I75=0,D75*Eing_Realzins/100,-PMT(Eing_Realzins/100,I75,D75)) -> 5504.1046
A76: i | C76: Installations dans la chaufferie (CVCSE) | D76: 320000 | E76: CHF | F76: 2 | G76: % | I76: 20 | J76: ans | K76: 2 | M76: 20 | S76: 10000 | T76: 999999999 | U76: =IF($D76<S76,1,0) -> 0 | V76: =IF($D76>T76,1,0) -> 0 | X76: =IF(U76>0,Y76,"")&IF(V76>0,Z76,"")&IF(W76>0,AA76,"") | Y76: 145i: Les investissements pour les installations de la centrale sont très faibles. | Z76: 145i: Les investissements pour les installations de la centrale sont très élevés. | AH76: =IF(I76=0,D76*Eing_Realzins/100,-PMT(Eing_Realzins/100,I76,D76)) -> 19570.15
A77: j | C77: Réseau de chaleur, y compris génie civil | D77: 900000 | E77: CHF | F77: 1 | G77: % | I77: 40 | J77: ans | K77: 1 | M77: 40 | S77: 10000 | T77: 999999999 | U77: =IF(Eing_Netzverluste<=0,0,IF($D77<S77,1,0)) -> 0 | V77: =IF($D77>T77,1,0) -> 0 | X77: =IF(U77>0,Y77,"")&IF(V77>0,Z77,"")&IF(W77>0,AA77,"") | Y77: 145j: Les investissements pour la construction du réseau de chaleur sont très faibles. | Z77: 145j: Les investissements pour la construction du réseau de chaleur sont très élevés. | AH77: =IF(I77=0,D77*Eing_Realzins/100,-PMT(Eing_Realzins/100,I77,D77)) -> 32900.173
A78: k | C78: Compteurs de chaleur et de régulation des stations de transfert de chaleur | D78: 50000 | E78: CHF | F78: 2 | G78: % | I78: 15 | J78: ans | K78: 2 | M78: 15 | S78: 10000 | T78: 999999999 | U78: =IF($D78<S78,1,0) -> 0 | V78: =IF($D78>T78,1,0) -> 0 | X78: =IF(U78>0,Y78,"")&IF(V78>0,Z78,"")&IF(W78>0,AA78,"") | Y78: 145k: Les investissements pour comptage de la chaleur sont très faibles. | Z78: 145k: Les investissements pour de la chaleur sont très élevés. | AH78: =IF(I78=0,D78*Eing_Realzins/100,-PMT(Eing_Realzins/100,I78,D78)) -> 3891.2736
A79: l | C79: Composants de la chaufferie | D79: 250000 | E79: CHF | F79: 2 | G79: % | I79: 30 | J79: ans | K79: 2 | M79: 30 | S79: 10000 | T79: 999999999 | U79: =IF(Eing_Netzverluste<=0,0,IF($D79<S79,1,0)) -> 0 | V79: =IF($D79>T79,1,0) -> 0 | X79: =IF(U79>0,Y79,"")&IF(V79>0,Z79,"")&IF(W79>0,AA79,"") | Y79: 145l: Les investissements liés aux stations de transfert de chaleur sont très faibles. | Z79: 145l: Les investissements liés aux stations de transfert de chaleur sont très élevés. | AH79: =IF(I79=0,D79*Eing_Realzins/100,-PMT(Eing_Realzins/100,I79,D79)) -> 11162.481
A80: m | C80: Planification et imprévus | D80: 400000 | E80: CHF | F80: 0 | G80: % | I80: =IF(SUM(D68:D79)=0,1,SUMPRODUCT(D68:D79,I68:I79)/SUM(D68:D79)) -> 31.56015 | J80: ans | K80: 0 | M80: =IF(SUM(D68:D79)=0,1,SUMPRODUCT(D68:D79,I68:I79)/SUM(D68:D79)) -> 31.56015 | S80: 0 | T80: 999999999 | U80: =IF($D80<S80,1,0) -> 0 | V80: =IF($D80>T80,1,0) -> 0 | W80: =IF(Eing_Kosten_Planung_QM<Gesamtinvestition/20,1,0) -> 0 | X80: =IF(U80>0,Y80,"")&IF(V80>0,Z80,"")&IF(W80>0,AA80,"") | Y80: 145m: Les frais de planification et d'imprévus sont très faibles. | Z80: 145m: Les frais de planification et d'imprévus sont très élevés. | AA80: 145m: Les frais de planification et d'imprévus représentent moins de 5 % des coûts d'investissement. | AH80: =IF(I80=0,D80*Eing_Realzins/100,-PMT(Eing_Realzins/100,I80,D80)) -> 17214.497
A81: z | C81: Coûts d'investissement total | D81: =SUM(D68:D80) -> 3060000 | E81: CHF | I81: =IF(SUM(D68:D80)=0,"",SUMPRODUCT(D68:D80,I68:I80)/SUM(D68:D80)) -> 31.56015 | J81: ans | S81: 0 | T81: 999999999 | U81: =IF($D81<S81,1,0) -> 0 | V81: =IF($D81>T81,1,0) -> 0 | X81: =IF(U81>0,Y81,"")&IF(V81>0,Z81,"")&IF(W81>0,AA81,"") | Y81: 145z: Les coûts d'investissement sont très faibles. | Z81: 145z: Les coûts d'investissement sont très élevés.
A82: 150 | B82: Échelonnement des investissements | D82: Année | F82: Part
A83: a | C83: Niveau d'extension / étape 1 | D83: =Eing_Beginnjahr -> 2024 | F83: =100-SUM(F84:F87) -> 30 | G83: % | I83: =F83 -> 30 | J83: %
A84: b | C84: Niveau d'extension / étape 2 | D84: =Eing_Beginnjahr+1 -> 2025 | F84: 40 | G84: % | I84: =F83+F84 -> 70 | J84: % | K84: =D83+1 -> 2025
A85: c | C85: Niveau d'extension / étape 3 | D85: =Eing_Beginnjahr+2 -> 2026 | F85: 10 | G85: % | I85: =I84+F85 -> 80 | J85: % | K85: =D84+1 -> 2026
A86: d | C86: Niveau d'extension / étape 4 | D86: 2030 | F86: 20 | G86: % | I86: =I85+F86 -> 100 | J86: % | K86: =D85+1 -> 2027
A87: e | C87: Niveau d'extension / étape 5 | D87: =D86+1 -> 2031 | G87: % | I87: =I86+F87 -> 100 | J87: % | K87: =D86+1 -> 2031
F88: 151
A89: 155 | B89: Capitaux propres | C89: Capitaux propres / Capitaux-actions | D89: 500000 | E89: CHF | F89: =IF(Gesamtinvestition>0,ROUND(Eing_Eigenkapital/Gesamtinvestition*100,0),"") -> 16 | G89: % | I89: Invest | S89: =5%*Gesamtinvestition -> 153000 | T89: =Gesamtinvestition -> 3060000 | U89: =IF($D89<S89,1,0) -> 0 | V89: =IF($D89>T89,1,0) -> 0 | X89: =IF(U89>0,Y89,"")&IF(V89>0,Z89,"")&IF(W89>0,AA89,"") | Y89: 155: Les capitaux propres sont estimés très faibles | Z89: 155: Les capitaux propres sont estimés élevés
A90: 156 | C90: Total des coûts de raccordement | D90: =SUM(E3_Consommateurs!$D$23:$XFD$23) -> 1191000 | E90: CHF | F90: =IF(Gesamtinvestition>0,ROUND(Summe_einmalige_Anschlusskosten/Gesamtinvestition*100,0),"") -> 39 | G90: % | I90: Invest | K90: =SUM(E3_Consommateurs!$D$23:$XFD$23) -> 1191000
A92: 160 | B92: Financement externe | C92: Crédit 1 | X92: =X93&X94&X97&X95
A93: a | C93: Crédit/prêt | D93: 850000 | E93: CHF | F93: =IF(Gesamtinvestition>0,ROUND(Eing_Kredit_1/Gesamtinvestition*100,0),"") -> 28 | G93: % | I93: Invest | S93: 0 | T93: =Gesamtinvestition -> 3060000 | U93: =IF($D93<S93,1,0) -> 0 | V93: =IF($D93>T93,1,0) -> 0 | X93: =IF(U93>0,Y93,"")&IF(V93>0,Z93,"")&IF(W93>0,AA93,"") | Y93: 160a: La part du crédit est négative. | Z93: 160a: La part du crédit est supérieure au coût d'investissement global.
A94: b | C94: Durée du crédit en années | D94: 20 | E94: ans | S94: 0 | T94: 25 | U94: =IF($D94<S94,Eing_Kredit_1,0) -> 0 | V94: =IF($D94>T94,Eing_Kredit_1,0) -> 0 | X94: =IF(U94>0,Y94,"")&IF(V94>0,Z94,"")&IF(W94>0,AA94,"") | Y94: 160b: La durée du crédit est trop courte. | Z94: 160b: La durée du crédit ne doit pas excéder 25 ans !
A95: c | C95: Année de début | D95: 2025 | S95: =Eing_Beginnjahr-1 -> 2023 | T95: =S95+20 -> 2043 | U95: =IF($D95<=S95,Eing_Kredit_1,0) -> 0 | V95: =IF($D95>T95,Eing_Kredit_1,0) -> 0 | X95: =IF(U95>0,Y95,"")&IF(V95>0,Z95,"")&IF(W95>0,AA95,"") | Y95: 160c: L'année de début du financement est antérieure au démarrage du projet. | Z95: 160c: L'année de début du financement se situe loin après le démarrage du projet.
A96: d | C96: Année du début de l'amortissement | D96: =Eing_Kreditstartjahr_1+1 -> 2026 | K96: =Eing_Kreditstartjahr_1+1 -> 2026 | S96: =Eing_Kreditstartjahr_1-1 -> 2024 | T96: =Eing_Kreditstartjahr_1+5 -> 2030 | U96: =IF($D96<=S96,Eing_Kredit_1,0) -> 0 | V96: =IF($D96>T96,Eing_Kredit_1,0) -> 0 | X96: =IF(U96>0,Y96,"")&IF(V96>0,Z96,"")&IF(W96>0,AA96,"") | Y96: 160d: Le début de l'amortissement est antérieur au versement du crédit. | Z96: 160d: Le crédit est amorti très tardivement.
A97: e | C97: Taux d'intérêt | D97: 3 | E97: % | S97: 2 | T97: 10 | U97: =IF($D97<=S97,Eing_Kredit_1,0) -> 0 | V97: =IF($D97>T97,Eing_Kredit_1,0) -> 0 | X97: =IF(U97>0,Y97,"")&IF(V97>0,Z97,"")&IF(W97>0,AA97,"") | Y97: 160e: Le taux d'intérêt indiqué est très faible. | Z97: 160e: Le taux d'intérêt indiqué est très élevé.
C99: Crédit 2 | X99: =X100&X101&X104&X102 -> 160e: Le taux d'intérêt indiqué est très faible.
A100: a | C100: Crédit/prêt | D100: 500000 | E100: CHF | F100: =IF(Gesamtinvestition>0,ROUND(Eing_Kredit_2/Gesamtinvestition*100,0),"") -> 16 | G100: % | I100: Invest | S100: 0 | T100: =Gesamtinvestition -> 3060000 | U100: =IF($D100<S100,1,0) -> 0 | V100: =IF($D100>T100,1,0) -> 0 | X100: =IF(U100>0,Y100,"")&IF(V100>0,Z100,"")&IF(W100>0,AA100,"") | Y100: 160a: La part du crédit est négative. | Z100: 160a: La part du crédit est supérieure au coût d'investissement global.
A101: b | C101: Durée du crédit en année | E101: ans | S101: 0 | T101: 25 | U101: =IF($D101<S101,Eing_Kredit_2,0) -> 0 | V101: =IF($D101>T101,Eing_Kredit_2,0) -> 0 | X101: =IF(U101>0,Y101,"")&IF(V101>0,Z101,"")&IF(W101>0,AA101,"") | Y101: 160b: La durée du crédit est trop courte. | Z101: 160b: La durée du crédit ne doit pas excéder 25 ans !
A102: c | C102: Année de début | D102: 2024 | S102: =Eing_Beginnjahr-1 -> 2023 | T102: =S102+20 -> 2043 | U102: =IF($D102<=S102,Eing_Kredit_2,0) -> 0 | V102: =IF($D102>T102,Eing_Kredit_2,0) -> 0 | X102: =IF(U102>0,Y102,"")&IF(V102>0,Z102,"")&IF(W102>0,AA102,"") | Y102: 160c: L'année de début du financement est antérieure au démarrage du projet. | Z102: 160c: L'année de début du financement se situe loin après le démarrage du projet.
A103: d | C103: Année du début de l'amortissement | D103: =Eing_Kreditstartjahr_2+1 -> 2025 | K103: =Eing_Kreditstartjahr_2+1 -> 2025 | S103: =Eing_Kreditstartjahr_2-1 -> 2023 | T103: =Eing_Kreditstartjahr_2+5 -> 2029 | U103: =IF($D103<=S103,Eing_Kredit_2,0) -> 0 | V103: =IF($D103>T103,Eing_Kredit_2,0) -> 0 | X103: =IF(U103>0,Y103,"")&IF(V103>0,Z103,"")&IF(W103>0,AA103,"") | Y103: 160d: Le début de l'amortissement est antérieur au versement du crédit. | Z103: 160d: Le crédit est amorti très tardivement.
A104: e | C104: Taux d'intérêt | D104: 1.5 | E104: % | S104: 2 | T104: 10 | U104: =IF($D104<=S104,Eing_Kredit_2,0) -> 500000 | V104: =IF($D104>T104,Eing_Kredit_2,0) -> 0 | X104: =IF(U104>0,Y104,"")&IF(V104>0,Z104,"")&IF(W104>0,AA104,"") -> 160e: Le taux d'intérêt indiqué est très faible. | Y104: 160e: Le taux d'intérêt indiqué est très faible. | Z104: 160e: Le taux d'intérêt indiqué est très élevé.
A106: 165 | B106: Subventions
A107: 166 | C107: Subvention unique (p.ex. cantonale)
A108: a | C108: Subvention unique pack 1 | D108: 300000 | E108: CHF | F108: =IF(Gesamtinvestition>0,ROUND(Einmaliger_Förderbeitrag_1/Gesamtinvestition*100,0),"") -> 10 | G108: % | I108: Invest | S108: 0 | T108: =Gesamtinvestition -> 3060000 | U108: =IF($D108<S108,1,0) -> 0 | V108: =IF($D108>T108,1,0) -> 0 | X108: =IF(U108>0,Y108,"")&IF(V108>0,Z108,"")&IF(W108>0,AA108,"") | Y108: 166a: Le montant de la subvention du pack 1 est trop faible. | Z108: 166a: Le montant de la subvention du pack 1 est trop élevé.
A109: b | C109: Année de versement | D109: 2026 | S109: =Eing_Beginnjahr -> 2024 | T109: =S109+10 -> 2034 | U109: =IF($D109<S109,Einmaliger_Förderbeitrag_1,0) -> 0 | V109: =IF($D109>T109,Einmaliger_Förderbeitrag_1,0) -> 0 | X109: =IF(U109>0,Y109,"")&IF(V109>0,Z109,"")&IF(W109>0,AA109,"") | Y109: 166b: La subvention du pack 1 ne peut être versée qu'après le démarrage du projet ! | Z109: 166b: Le versement de la subvention du pack 1 est indiqué plus de 10 ans après le démarrage du projet !
A110: a | C110: Subvention unique pack 2 | E110: CHF | F110: =IF(Gesamtinvestition>0,ROUND(Einmaliger_Förderbeitrag_2/Gesamtinvestition*100,0),"") -> 0 | G110: % | I110: Invest | S110: 0 | T110: =Gesamtinvestition -> 3060000 | U110: =IF($D110<S110,1,0) -> 0 | V110: =IF($D110>T110,1,0) -> 0 | X110: =IF(U110>0,Y110,"")&IF(V110>0,Z110,"")&IF(W110>0,AA110,"") | Y110: 166a: Le montant de la subvention du pack 2 est trop faible. | Z110: 166a: Le montant de la subvention du pack 2 est trop élevé.
A111: b | C111: Année de versement | S111: =Eing_Beginnjahr -> 2024 | T111: =S111+10 -> 2034 | U111: =IF($D111<S111,Einmaliger_Förderbeitrag_2,0) -> 0 | V111: =IF($D111>T111,Einmaliger_Förderbeitrag_2,0) -> 0 | X111: =IF(U111>0,Y111,"")&IF(V111>0,Z111,"")&IF(W111>0,AA111,"") | Y111: 166b: La subvention du pack 2 ne peut être versée qu'après le démarrage du projet ! | Z111: 166b: Le versement de la subvention du pack 2 est indiqué plus de 10 ans après le démarrage du projet !
...

Sheet E2_Prix de la chaleur
A1: 200 | B1: QM Chauffages au bois - Modèle de rentabilité - Prix de la chaleur
A3: 101a | D3: Champ de saisie
A4: 101k | B4: (hors TVA)
A6: 206 | B6: Projet/Variante : | D6: =IF('E1_Données de projet'!C8=0,"",'E1_Données de projet'!C8) -> QMH projet example 2
D7: =IF('E1_Données de projet'!C9=0,"",'E1_Données de projet'!C9) -> Modèle de rentabilité
D8: =IF('E1_Données de projet'!C10=0,"",'E1_Données de projet'!C10) -> CP / lieu
A10: 207 | B10: Saisi par : | D10: =IF('E1_Données de projet'!C12=0,"",'E1_Données de projet'!C12) -> date, nome
A12: 210 | B12: Saisie du prix de base et du prix de consommation de chaleur | K12: Commentaires
A14: 211 | B14: Tarif 1 | D14: Privé | G14: {=SUMPRODUCT(E3_Consommateurs!$D$18:$XFD$18*(E3_Consommateurs!$D$22:$XFD$22="T 1: "&Eing_Abnehmerart1))/max_verkaufteWM*100} -> 63.280918 | H14: % de la quantité de chaleur
A15: a | F15: prix de base annuel | G15: 140 | H15: CHF/kW an
A16: b | F16: prix de consommation de chaleur | G16: 0.1 | H16: CHF/kWh
A17: c | F17: durée contractuelle | G17: 30 | H17: ans
A20: 212 | B20: Tarif 2 | D20: Industrie | G20: {=SUMPRODUCT(E3_Consommateurs!$D$18:$XFD$18*(E3_Consommateurs!$D$22:$XFD$22="T 2: "&Eing_Abnehmerart2))/max_verkaufteWM*100} -> 6.119847 | H20: % de la quantité de chaleur
A21: a | F21: prix de base annuel | G21: 120 | H21: CHF/kW an
A22: b | F22: prix de consommation de chaleur | G22: 0.1 | H22: CHF/kWh
A23: c | F23: durée contractuelle | G23: 30 | H23: ans
A26: 213 | B26: Tarif 3 | D26: Commune | G26: {=SUMPRODUCT(E3_Consommateurs!$D$18:$XFD$18*(E3_Consommateurs!$D$22:$XFD$22="T 3: "&Eing_Abnehmerart3))/max_verkaufteWM*100} -> 25.074373 | H26: % de la quantité de chaleur
A27: a | F27: prix de base annuel | G27: 100 | H27: CHF/kW an
A28: b | F28: prix de consommation de chaleur | G28: 0.1 | H28: CHF/kWh
A29: c | F29: durée contractuelle | G29: 50 | H29: ans
A32: 214 | B32: Tarif 4 | D32: Privé après 2030 | G32: {=SUMPRODUCT(E3_Consommateurs!$D$18:$XFD$18*(E3_Consommateurs!$D$22:$XFD$22="T 4: "&Eing_Abnehmerart4))/max_verkaufteWM*100} -> 5.5248619 | H32: % de la quantité de chaleur
A33: a | F33: prix de base annuel | G33: 140 | H33: CHF/kW an
A34: b | F34: prix de consommation de chaleur | G34: 0.1 | H34: CHF/kWh
A35: c | F35: durée contractuelle | G35: 25 | H35: ans
A38: 215 | B38: Tarif 5 | G38: {=SUMPRODUCT(E3_Consommateurs!$D$18:$XFD$18*(E3_Consommateurs!$D$22:$XFD$22="T 5: "&Eing_Abnehmerart5))/max_verkaufteWM*100} -> 0 | H38: % de la quantité de chaleur
A39: a | F39: prix de base annuel | H39: CHF/kW an
A40: b | F40: prix de consommation de chaleur | H40: CHF/kWh
A41: c | F41: durée contractuelle | H41: ans
A44: 216 | B44: Tarif 6 | G44: {=SUMPRODUCT(E3_Consommateurs!$D$18:$XFD$18*(E3_Consommateurs!$D$22:$XFD$22="T 6: "&Eing_Abnehmerart6))/max_verkaufteWM*100} -> 0 | H44: % de la quantité de chaleur
A45: a | F45: prix de base annuel | H45: CHF/kW an
A46: b | F46: prix de consommation de chaleur | H46: CHF/kWh
A47: c | F47: durée contractuelle | H47: ans

Sheet E3_Consommateurs
A1: 300 | B1: QM Chauffages au bois - Modèle de rentabilité - Saisie des consommateurs
A3: 101a | C3: Champ de saisie
A4: 101b | C4: Valeur standard ou calcul (modifiable)
A5: 101c | C5: Champ transmis depuis le relevé de situation
A6: 206 | B6: Projet/Variante : | C6: =IF('E1_Données de projet'!C8=0,"",'E1_Données de projet'!C8) -> QMH projet example 2
C7: =IF('E1_Données de projet'!C9=0,"",'E1_Données de projet'!C9) -> Modèle de rentabilité
C8: =IF('E1_Données de projet'!C10=0,"",'E1_Données de projet'!C10) -> CP / lieu
A10: 207 | B10: Saisi par : | C10: =IF('E1_Données de projet'!C12=0,"",'E1_Données de projet'!C12) -> date, nome
A12: 310 | B12: Indications concernant les consommateurs
A14: 311 | B14: Généralités | C14: Numéro | D14: 1 | E14: 2 | F14: 3 | G14: 4 | H14: 5 | I14: 6 | J14: 7 | K14: 8 | L14: 9 | M14: 10 | N14: 11 | O14: 12 | P14: 13 | Q14: 14 | R14: 15 | S14: 16 | T14: 17 | U14: 18 | V14: 19 | W14: 20 | X14: 21 | Y14: 22 | Z14: 23 | AA14: 24 | AB14: 25 | AC14: 26 | AD14: 27 | AE14: 28
A15: 312 | C15: Désignation | D15: École | E15: Chancellerie municipale | F15: École maternelle | G15: Lotissement | H15: Lotissement | I15: Lotissement | J15: Lotissement | K15: Lotissement | L15: Lotissement | M15: Lotissement | N15: Lotissement | O15: Lotissement | P15: Lotissement | Q15: Lotissement | R15: Lotissement | S15: Lotissement | T15: Lotissement | U15: Crèche/EFH | V15: Nouveau MFH | W15: Lotissement | X15: EFH | Y15: Restaurant Couronne | Z15: Église | AA15: MFH | AB15: Rest. Central | AC15: MFH | AD15: MFH | AE15: EFH
D16: Village | E16: Rue du village 6 | F16: Village | G16: Bas-Village | H16: Bas-Village | I16: Bas-Village | J16: Bas-Village | K16: Bas-Village | L16: Bas-Village | M16: Village neuf | N16: Village neuf | O16: Village neuf | P16: Village neuf | Q16: Village neuf | R16: Village neuf | S16: Village neuf | T16: Village supérieur | U16: Village supérieur | V16: Village supérieur | W16: Arrière village | X16: Arrière village | Z16: Pfarreiheim | AA16: Arrière village 2 | AC16: Arrière village 5 | AD16: Arrière village 4 | AE16: Arrière village 7
G17: Maison 1 | H17: Maison 2 | I17: Maison 3 | J17: Maison 4 | K17: Maison 5 | L17: Maison 6 | M17: Maison 1 | N17: Maison 2 | O17: Maison 3 | P17: Maison 4 | Q17: Maison 5 | R17: Maison 6 | S17: Maison 7
A18: 320 | B18: Besoin de chaleur | C18: Besoin total de chaleur [MWh/an] | D18: 343 | E18: 126 | F18: 44 | G18: 132 | H18: 106 | I18: 101 | J18: 113 | K18: 88 | L18: 80 | M18: 76 | N18: 76 | O18: 38 | P18: 46 | Q18: 53 | R18: 22 | S18: 35 | T18: 233 | U18: 48 | V18: 130 | W18: 124 | X18: 12 | Y18: 102 | Z18: 29 | AA18: 40 | AB18: 42 | AC18: 44 | AD18: 48 | AE18: 22
A19: 321 | C19: Puissance souscrite [kW] | D19: 155 | E19: 65 | F19: 22 | G19: 68 | H19: 54 | I19: 52 | J19: 58 | K19: 45 | L19: 41 | M19: 38 | N19: 38 | O19: 19 | P19: 23 | Q19: 27 | R19: 11 | S19: 18 | T19: 120 | U19: 20 | V19: 65 | W19: 62 | X19: 6 | Y19: 50 | Z19: 20 | AA19: 20 | AB19: 25 | AC19: 24 | AD19: 25 | AE19: 12
A20: 322 | B20: Raccordement | C20: Chaleur cons. dans l'année du racc. [%] | D20: 0.5 | E20: 0.5 | F20: 0.5 | G20: 0.5 | H20: 1 | I20: 0.5 | J20: 0.5 | K20: 0.5 | L20: 1 | M20: 1 | N20: 0.5 | O20: 0.5 | P20: 0.5 | Q20: 0.5 | R20: 0.5 | S20: 0.5 | T20: 0.5 | U20: 0.5 | V20: 0.5 | W20: 0.5 | X20: 0.5 | Y20: 0.5 | Z20: 0.5 | AA20: 0.5 | AB20: 0.5 | AC20: 0.5 | AD20: 0.5 | AE20: 0.5
A21: 323 | C21: Année de raccordement | D21: 2025 | E21: 2025 | F21: 2025 | G21: 2026 | H21: 2026 | I21: 2026 | J21: 2026 | K21: 2026 | L21: 2026 | M21: 2027 | N21: 2027 | O21: 2027 | P21: 2027 | Q21: 2027 | R21: 2027 | S21: 2027 | T21: 2026 | U21: 2027 | V21: 2032 | W21: 2025 | X21: 2025 | Y21: 2025 | Z21: 2025 | AA21: 2027 | AB21: 2027 | AC21: 2027 | AD21: 2027 | AE21: 2027
A22: 324 | B22: Tarif | C22: Prix de la chaleur - Tarif | D22: T 3: Commune | E22: T 3: Commune | F22: T 3: Commune | G22: T 1: Privé | H22: T 1: Privé | I22: T 1: Privé | J22: T 1: Privé | K22: T 1: Privé | L22: T 1: Privé | M22: T 1: Privé | N22: T 1: Privé | O22: T 1: Privé | P22: T 1: Privé | Q22: T 1: Privé | R22: T 1: Privé | S22: T 1: Privé | T22: T 1: Privé | U22: T 3: Commune | V22: T 4: Privé après 2030 | W22: T 1: Privé | X22: T 1: Privé | Y22: T 2: Industrie | Z22: T 3: Commune | AA22: T 1: Privé | AB22: T 2: Industrie | AC22: T 1: Privé | AD22: T 1: Privé | AE22: T 1: Privé
A23: 325 | B23: (hors TVA) | C23: Coûts de raccordement (uniques) [CHF] | D23: 124000 | E23: 65000 | F23: 22000 | G23: 68000 | H23: 54000 | I23: 52000 | J23: 58000 | K23: 45000 | L23: 41000 | M23: 38000 | N23: 38000 | O23: 28500 | P23: 23000 | Q23: 27000 | R23: 16500 | S23: 27000 | T23: 96000 | U23: 30000 | V23: 65000 | W23: 62000 | X23: 9000 | Y23: 50000 | Z23: 30000 | AA23: 30000 | AB23: 25000 | AC23: 24000 | AD23: 25000 | AE23: 18000
A24: 326 | B24: Subvention | C24: Subvention unique de raccordement
A25: 330 | C25: Coûts de capital annuels [CHF/an] | D25: =IF(ISBLANK(D22),0,SUM(D23,-D24)/VLOOKUP(D22,$B$36:$E$41,4,0)) -> 2480 | E25: =IF(ISBLANK(E22),0,SUM(E23,-E24)/VLOOKUP(E22,$B$36:$E$41,4,0)) -> 1300 | F25: =IF(ISBLANK(F22),0,SUM(F23,-F24)/VLOOKUP(F22,$B$36:$E$41,4,0)) -> 440 | G25: =IF(ISBLANK(G22),0,SUM(G23,-G24)/VLOOKUP(G22,$B$36:$E$41,4,0)) -> 2266.6667 | H25: =IF(ISBLANK(H22),0,SUM(H23,-H24)/VLOOKUP(H22,$B$36:$E$41,4,0)) -> 1800 | I25: =IF(ISBLANK(I22),0,SUM(I23,-I24)/VLOOKUP(I22,$B$36:$E$41,4,0)) -> 1733.3333 | J25: =IF(ISBLANK(J22),0,SUM(J23,-J24)/VLOOKUP(J22,$B$36:$E$41,4,0)) -> 1933.3333 | K25: =IF(ISBLANK(K22),0,SUM(K23,-K24)/VLOOKUP(K22,$B$36:$E$41,4,0)) -> 1500 | ... IZ25: =IF(ISBLANK(IZ22),0,SUM(IZ23,-IZ24)/VLOOKUP(IZ22,$B$36:$E$41,4,0)) -> 0
A26: 331 | C26: Coûts de base annuels [CHF/an] | D26: =IF(ISBLANK(D22),0,(D19*VLOOKUP(D22,$B$36:$D$41,3,0))) -> 15500 | E26: =IF(ISBLANK(E22),0,(E19*VLOOKUP(E22,$B$36:$D$41,3,0))) -> 6500 | F26: =IF(ISBLANK(F22),0,(F19*VLOOKUP(F22,$B$36:$D$41,3,0))) -> 2200 | G26: =IF(ISBLANK(G22),0,(G19*VLOOKUP(G22,$B$36:$D$41,3,0))) -> 9520 | H26: =IF(ISBLANK(H22),0,(H19*VLOOKUP(H22,$B$36:$D$41,3,0))) -> 7560 | I26: =IF(ISBLANK(I22),0,(I19*VLOOKUP(I22,$B$36:$D$41,3,0))) -> 7280 | J26: =IF(ISBLANK(J22),0,(J19*VLOOKUP(J22,$B$36:$D$41,3,0))) -> 8120 | K26: =IF(ISBLANK(K22),0,(K19*VLOOKUP(K22,$B$36:$D$41,3,0))) -> 6300 | ... IZ26: =IF(ISBLANK(IZ22),0,(IZ19*VLOOKUP(IZ22,$B$36:$D$41,3,0))) -> 0
A27: 332 | C27: Coûts énergétiques annuels [CHF/an] | D27: =IF(ISBLANK(D22),0,(D18*1000*VLOOKUP(D22,$B$36:$D$41,2,0))) -> 34300 | E27: =IF(ISBLANK(E22),0,(E18*1000*VLOOKUP(E22,$B$36:$D$41,2,0))) -> 12600 | F27: =IF(ISBLANK(F22),0,(F18*1000*VLOOKUP(F22,$B$36:$D$41,2,0))) -> 4400 | G27: =IF(ISBLANK(G22),0,(G18*1000*VLOOKUP(G22,$B$36:$D$41,2,0))) -> 13200 | H27: =IF(ISBLANK(H22),0,(H18*1000*VLOOKUP(H22,$B$36:$D$41,2,0))) -> 10600 | I27: =IF(ISBLANK(I22),0,(I18*1000*VLOOKUP(I22,$B$36:$D$41,2,0))) -> 10100 | J27: =IF(ISBLANK(J22),0,(J18*1000*VLOOKUP(J22,$B$36:$D$41,2,0))) -> 11300 | K27: =IF(ISBLANK(K22),0,(K18*1000*VLOOKUP(K22,$B$36:$D$41,2,0))) -> 8800 | ... IZ27: =IF(ISBLANK(IZ22),0,(IZ18*1000*VLOOKUP(IZ22,$B$36:$D$41,2,0))) -> 0
A28: 333 | C28: Coûts de base et énergétiques [CHF/an] | D28: =IF(ISBLANK(D22),0,SUM(D26:D27)) -> 49800 | E28: =IF(ISBLANK(E22),0,SUM(E26:E27)) -> 19100 | F28: =IF(ISBLANK(F22),0,SUM(F26:F27)) -> 6600 | G28: =IF(ISBLANK(G22),0,SUM(G26:G27)) -> 22720 | H28: =IF(ISBLANK(H22),0,SUM(H26:H27)) -> 18160 | I28: =IF(ISBLANK(I22),0,SUM(I26:I27)) -> 17380 | J28: =IF(ISBLANK(J22),0,SUM(J26:J27)) -> 19420 | K28: =IF(ISBLANK(K22),0,SUM(K26:K27)) -> 15100 | ... IZ28: =IF(ISBLANK(IZ22),0,SUM(IZ26:IZ27)) -> 0
A29: 334 | C29: Coûts annuels [CHF/an] | D29: =IF(ISBLANK(D23),0,SUM(D25:D27)) -> 52280 | E29: =IF(ISBLANK(E23),0,SUM(E25:E27)) -> 20400 | F29: =IF(ISBLANK(F23),0,SUM(F25:F27)) -> 7040 | G29: =IF(ISBLANK(G23),0,SUM(G25:G27)) -> 24986.667 | H29: =IF(ISBLANK(H23),0,SUM(H25:H27)) -> 19960 | I29: =IF(ISBLANK(I23),0,SUM(I25:I27)) -> 19113.333 | J29: =IF(ISBLANK(J23),0,SUM(J25:J27)) -> 21353.333 | K29: =IF(ISBLANK(K23),0,SUM(K25:K27)) -> 16600 | ... IZ29: =IF(ISBLANK(IZ23),0,SUM(IZ25:IZ27)) -> 0
A30: 335 | C30: Prix de revient de la chaleur [ct/kWh] | D30: =IF(ISBLANK(D18),0,(D29/D18/10)) -> 15.241983 | E30: =IF(ISBLANK(E18),0,(E29/E18/10)) -> 16.190476 | F30: =IF(ISBLANK(F18),0,(F29/F18/10)) -> 16 | G30: =IF(ISBLANK(G18),0,(G29/G18/10)) -> 18.929293 | H30: =IF(ISBLANK(H18),0,(H29/H18/10)) -> 18.830189 | I30: =IF(ISBLANK(I18),0,(I29/I18/10)) -> 18.924092 | J30: =IF(ISBLANK(J18),0,(J29/J18/10)) -> 18.896755 | K30: =IF(ISBLANK(K18),0,(K29/K18/10)) -> 18.863636 | ... IZ30: =IF(ISBLANK(IZ18),0,(IZ29/IZ18/10)) -> 0
B35: Tarifname | C35: Arbeitstarif [CHF/kWh a] | D35: Leistungstarif [CHF/kW] | E35: Vertragslaufzeit [Jahre]
B36: ="T 1: "&Eing_Abnehmerart1 -> T 1: Privé | C36: =Eing_Arbeitspreis1 -> 0.1 | D36: =Eing_Leistungspreis1 -> 140 | E36: =Eing_Vertragslaufzeit1 -> 30
B37: ="T 2: "&Eing_Abnehmerart2 -> T 2: Industrie | C37: =Eing_Arbeitspreis2 -> 0.1 | D37: =Eing_Leistungspreis2 -> 120 | E37: =Eing_Vertragslaufzeit2 -> 30
B38: ="T 3: "&Eing_Abnehmerart3 -> T 3: Commune | C38: =Eing_Arbeitspreis3 -> 0.1 | D38: =Eing_Leistungspreis3 -> 100 | E38: =Eing_Vertragslaufzeit3 -> 50
B39: ="T 4: "&Eing_Abnehmerart4 -> T 4: Privé après 2030 | C39: =Eing_Arbeitspreis4 -> 0.1 | D39: =Eing_Leistungspreis4 -> 140 | E39: =Eing_Vertragslaufzeit4 -> 25
B40: ="T 5: "&Eing_Abnehmerart5 -> T 5: | C40: =Eing_Arbeitspreis5 -> 0 | D40: =Eing_Leistungspreis5 -> 0 | E40: =Eing_Vertragslaufzeit5 -> 0
B41: ="T 6: "&Eing_Abnehmerart6 -> T 6: | C41: =Eing_Arbeitspreis6 -> 0 | D41: =Eing_Leistungspreis6 -> 0 | E41: =Eing_Vertragslaufzeit6 -> 0

Sheet B1_Calculs
A1: 500 | B1: QM Chauffages au bois - Modèle de rentabilité - Résultat
A3: 101a | D3: Champ de saisie
A4: 101b | D4: Valeur standard ou calculée (modifiable)
A6: 206 | B6: Projet/Variante : | D6: =IF('E1_Données de projet'!C8=0,"",'E1_Données de projet'!C8) -> QMH projet example 2 | J6: 505 | K6: Évolution économique (graphique) | AH6: 506 | AI6: Évolution état du crédit / valeur résiduelle (graphique)
D7: =IF('E1_Données de projet'!C9=0,"",'E1_Données de projet'!C9) -> Modèle de rentabilité
D8: =IF('E1_Données de projet'!C10=0,"",'E1_Données de projet'!C10) -> CP / lieu
A10: 207 | B10: Saisi par : | D10: =IF('E1_Données de projet'!C12=0,"",'E1_Données de projet'!C12) -> date, nome
A12: 501 | B12: Avertissements : | D12: =IF('E1_Données de projet'!C14<>"",'E1_Données de projet'!Y15,"")
G13: 511
A14: 510 | B14: Coûts d'exploitation | E14: (100% des racc.; Année 1) | F14: [CHF/an] | G14: Augmentation des prix [%]
A15: a | B15: Total des coûts d'exploitation | F15: =SUM(F16:F26) -> 230764.72 | G15: {=IF(F15=0,0,SUMPRODUCT(F16:F26*G16:G26)/SUM(F16:F26))} -> 0.01
A16: b | C16: Coûts de l'énergie du combustible biomasse | F16: =Energiekosten_Holzschnitzel -> 82124.019 | G16: =Eing_allg_Teuerung/100 -> 0.01
A17: c | C17: Coûts de l'énergie de la CCF | F17: =Energiekosten_WKK -> 0 | G17: =Eing_allg_Teuerung/100 -> 0.01
A18: d | C18: du producteur suppl. de chaleur | F18: =Energiekosten_Zusatz -> 0 | G18: =Eing_allg_Teuerung/100 -> 0.01
A19: e | C19: de la récupération de chaleur résiduelle | F19: =Energiekosten_AWN -> 0 | G19: =Eing_allg_Teuerung/100 -> 0.01
A20: f | C20: du combustible fossile | F20: =Energiekosten_fossil -> 0 | G20: =Eing_allg_Teuerung/100 -> 0.01
A21: g | C21: de l'électricité (énergie auxiliaire + PAC) | F21: =SUM(Stromkosten_Hilfsenergie,Stromkosten_WP) -> 37140.705 | G21: =Eing_allg_Teuerung/100 -> 0.01
A22: h | C22: Coûts d'exploitation | F22: =Eing_Betriebskosten -> 15000 | G22: =Eing_allg_Teuerung/100 -> 0.01
A23: i | C23: Frais de personnel | F23: =Eing_Administration -> 16700 | G23: =Eing_allg_Teuerung/100 -> 0.01
A24: j | C24: Frais d'entretien | F24: =Eing_Unterhaltskosten -> 45200 | G24: =Eing_allg_Teuerung/100 -> 0.01
A25: k | C25: Frais de loyer/bail/terrain | F25: =Eing_Kosten_Grundstück -> 4000 | G25: =Eing_allg_Teuerung/100 -> 0.01
A26: l | C26: Autres coûts (assurances, etc.) | F26: =Eing_Sonstige_Kosten -> 30600 | G26: =Eing_allg_Teuerung/100 -> 0.01
A28: q | E28: Recettes de la vente d'électricité | F28: =-Ertrag_Stromeinspeisung -> 0 | G28: =Eing_allg_Teuerung/100 -> 0.01
A29: r | E29: Recettes de la vente de charbon végétal | F29: =-Ertrag_Pflanzenkohle -> 0 | G29: =Eing_allg_Teuerung/100 -> 0.01
A30: w | B30: Prix de la chaleur | G30: =G15 -> 0.01
B32: Données du projet | F32: CHF
A33: 145 | C33: Montant total des investissements | F33: =Gesamtinvestition -> 3060000
A34: 165 | C34: Total des subventions | F34: =Gesamtsumme_Förderung -> 300000
A35: 543 | E35: Total des coûts de raccordement | F35: =SUM(G44:G68) -> -1191000
A36: 155 | E36: Total des capitaux propres | F36: =Eing_Eigenkapital -> 500000
A37: 160 | E37: Total des capitaux étrangers | F37: =SUM(Eing_Kredit_1,Eing_Kredit_2) -> 1350000
A39: 530 | E39: Coûts d'investissement de l'installation | I39: Financement | N39: Recettes | U39: Dépenses | V39: Coûts de l'énergie | AB39: Coûts d'exploitation et d'entretien | AI39: Cashflow | AM39: Compte d'exploitation | AQ39: Valeur résiduelle | AT39: Hilfsberechnungen
B41: Année | C41: Besoin de chaleur, déperditions réseau incl. | D41: Charge | E41: Coûts d'investissement | F41: Subventions uniques | G41: Contributions de raccordement | H41: Coûts d'investissement nets | I41: Fonds propres | J41: Crédits / Prêts | K41: Déficit de financement | L41: Cash-flow cumulé (Comparaison) | M41: Verzinsung Investitions- summe | N41: Vente de chaleur (y compris prix annuel de base) | O41: Vente d'électricité | P41: Vente de charbon végétal | Q41: Subventions pluriannuelles | R41: Recettes supplémentaires | S41: Recettes effectives | T41: Recettes totales | U41: Biomasse pour chaudières à bois | V41: Biomasse pour CCF | W41: Énergie du producteur supplémentaire de chaleur | X41: Énergie de la récupération de chaleur résiduelle | Y41: Combustible fossile | Z41: Électricité (pour la PAC) | AA41: Électricité (pour l'énergie auxiliaire) | AB41: Exploitation + administration | AC41: Entretien | AD41: Autres + loyer/ bail | AE41: Autres dépenses | AF41: Dépenses effectives | AG41: Intérêts crédits / Prêts | AH41: Total des charges avant amor-tissements | AI41: Amortisse-ment des crédits | AJ41: Total des charges, y compris amortissement des crédits | AK41: Cashflow | AL41: Cash-flow cumulé | AM41: Amortisse-ment | AN41: Total des charges, y compris amortissement | AO41: Bénéfice net / Perte nette | AP41: Bénéfice / Perte cumulé(e) | AQ41: Valeur résiduelle des installations | AR41: Solde du crédit | AS41: Année après la MES | AT41: Stand Eigenmittel | AU41: Kreditguthaben 1 | AV41: Kreditbedarf 1 | AW41: Amortisation Kredit 1 | AX41: Kreditstand 1 | AY41: Kreditguthaben 2 | AZ41: Kreditbedarf 2 | BA41: Amortisation Kredit 2 | BB41: Kreditstand 2 | BC41: Invest; Restwert; CashFlow | BD41: Invest; CashFlow
B42: 531 | C42: 532 | D42: 533 | E42: 541 | F42: 542 | G42: 543 | H42: 544 | I42: 551 | J42: 552 | K42: 555 | L42: 582 | M42: 559 | N42: 561 | O42: 562 | P42: 563 | Q42: 564 | R42: 566 | S42: 567 | T42: 569 | U42: 571a | V42: 571b | W42: 571c | X42: 571d | Y42: 571e | Z42: 572a | AA42: 572b | AB42: 574a | AC42: 574b | AD42: 575 | AE42: 576 | AF42: 577 | AG42: 578 | AH42: 579 | AI42: 580 | AK42: 581 | AL42: 582 | AM42: 585 | AO42: 588 | AP42: 589 | AQ42: 591 | AR42: 592 | AS42: 599
B43: [JJJJ] | C43: MWh | D43: % | E43: CHF | F43: CHF | G43: CHF | H43: CHF | I43: CHF | J43: CHF | K43: CHF | L43: CHF | M43: % | N43: CHF | O43: CHF | P43: CHF | Q43: CHF | R43: CHF | S43: CHF | T43: CHF | U43: CHF | V43: CHF | W43: CHF | X43: CHF | Y43: CHF | Z43: CHF | AA43: CHF | AB43: CHF | AC43: CHF | AD43: CHF | AE43: CHF | AF43: CHF | AG43: CHF | AH43: CHF | AI43: CHF | AJ43: CHF | AK43: CHF | AL43: CHF | AM43: CHF | AN43: CHF | AO43: CHF | AP43: CHF | AQ43: CHF | AR43: CHF | AT43: CHF | AU43: CHF | AV43: CHF | AW43: CHF | AX43: CHF | AY43: CHF | AZ43: CHF | BA43: CHF | BB43: CHF
B44: =Eing_Beginnjahr -> 2024 | C44: {=(SUMPRODUCT((E3_Consommateurs!$D$21:$XFD$21<B1_Calculs!B44)*E3_Consommateurs!$D$18:$XFD$18)+SUMPRODUCT((E3_Consommateurs!$D$21:$XFD$21=B1_Calculs!B44)*E3_Consommateurs!$D$18:$XFD$18*E3_Consommateurs!$D$20:$XFD$20))/(100-Eing_Netzverluste)*100*(1-Eing_AbnW/100)^(B1_Calculs!B44-Eing_Beginnjahr)} -> 0 | D44: =IF(mittl_Erzeugte_Wärmemenge=0,0,C44/mittl_Erzeugte_Wärmemenge*100) -> 0 | E44: {=IF(AS44=0,0, (Eing_Kosten_Bau*(MOD((AS44),Eing_Nutzungsdauer_Bau)=0) +Eing_Invest_HolzAnlage*(MOD((AS44),Eing_Nutzungsdauer_Holz)=0) +Eing_Invest_WKKAnlage*(MOD((AS44),Eing_Nutzungsdauer_WKK)=0) +Eing_Invest_WPAnlage*(MOD((AS44),Eing_Nutzungsdauer_WP)=0) +Eing_Invest_SondenGrundwasser*(MOD((AS44),Eing_Nutzungsdauer_SondenGW)=0) +Eing_Invest_Zusatz*(MOD((AS44),Eing_Nutzungsdauer_Zusatz)=0) +Eing_Invest_AWN*(MOD((AS44),Eing_Nutzungsdauer_AWN)=0) +Eing_Invest_Spitzenlast*(MOD((AS44),Eing_Nutzungsdauer_Spitzenlast)=0) +Eing_Invest_Installationen*(MOD((AS44),Eing_Nutzungsdauer_Installationen)=0) +Eing_Invest_Wärmenetz*(MOD((AS44),Eing_Nutzungsdauer_Netz)=0) +Eing_Invest_Messung*(MOD((AS44),Eing_Nutzungsdauer_Messung)=0))*(1+Eing_allg_Teuerung/100)^(AS44)) +Gesamtinvestition*SUMPRODUCT(('E1_Données de projet'!$D$83:$D$87=B44)*'E1_Données de projet'!$F$83:$F$87)/100} -> 918000 | F44: =-SUM(Einmaliger_Förderbeitrag_1*(B44=Förderungsauszahlung_1),Einmaliger_Förderbeitrag_2*(B44=Förderungsauszahlung_2),Einmaliger_Förderbeitrag_3*(B44=Förderungsauszahlung_3)) -> 0 | G44: {=-SUMPRODUCT((E3_Consommateurs!$D$21:$XFD$21=B1_Calculs!B44)*E3_Consommateurs!$D$23:$XFD$23)} -> 0 | H44: =SUM(E44:G44) -> 918000 | I44: =IF(H44<=0,0,MIN(Eing_Eigenkapital,H44)) -> 500000 | J44: =AV44+AZ44 -> 418000 | K44: =-H44+SUM(I44:J44) -> 0 | L44: =AL44 -> -40870 | M44: =IF(ISNUMBER(IRR(BC44)),IRR(BC44),"-") -> - | N44: {=SUM((SUMPRODUCT((E3_Consommateurs!$D$21:$XFD$21<B1_Calculs!B44)*E3_Consommateurs!$D$26:$XFD$26)+SUMPRODUCT((E3_Consommateurs!$D$21:$XFD$21=B1_Calculs!B44)*E3_Consommateurs!$D$26:$XFD$26*E3_Consommateurs!$D$20:$XFD$20))*(1+$G$30)^(B44-B$44),(SUMPRODUCT((E3_Consommateurs!$D$21:$XFD$21<B1_Calculs!B44)*E3_Consommateurs!$D$27:$XFD$27)+SUMPRODUCT((E3_Consommateurs!$D$21:$XFD$21=B1_Calculs!B44)*E3_Consommateurs!$D$27:$XFD$27*E3_Consommateurs!$D$20:$XFD$20))*((1+$G$30)*(1-'E1_Données de projet'!$D$20/100))^(B44-B$44))} -> 0 | O44: =-$F$28*D44/100*((1+$G$28)^(B44-$B$44)) -> 0 | P44: =-$F$29*D44/100*((1+$G$29)^(B44-$B$44)) -> 0 | Q44: =SUM(Eing_jährlicher_Förderbeitrag_1*((B44-Eing_Erstauszahlung_jährlFörderung_1)<=(Eing_Förderung_wiederholend_Laufzeit_1-1))*(B44>=Eing_Erstauszahlung_jährlFörderung_1),Eing_jährlicher_Förderbeitrag_2*((B44-Eing_Erstauszahlung_jährlFörderung_2)<=(Eing_Förderung_wiederholend_Laufzeit_2-1))*(B44>=Eing_Erstauszahlung_jährlFörderung_2)) -> 0 | T44: =IF(S44,S44,SUM(N44:R44)) -> 0 | U44: =Energiekosten_Holzschnitzel*D44/100*((1+$G$16)^(B44-$B$44)) -> 0 | V44: =Energiekosten_WKK*D44/100*((1+$G$17)^(B44-$B$44)) -> 0 | W44: =Energiekosten_Zusatz*D44/100*((1+$G$18)^(B44-$B$44)) -> 0 | X44: =Energiekosten_AWN*D44/100*((1+$G$19)^(B44-$B$44)) -> 0 | Y44: =Energiekosten_fossil*D44/100*(1+$G$20)^(B44-$B$44) -> 0 | Z44: =Stromkosten_WP*D44/100*((1+$G$21)^(B44-$B$44)) -> 0 | AA44: =Stromkosten_Hilfsenergie*D44/100*((1+$G$21)^(B44-$B$44)) -> 0 | AB44: =($F$22*(1+$G$22)^(B44-B$44)+$F$23*(1+$G$23)^(B44-B$44))*(B44>=Eing_JahrBegWLief)*VLOOKUP(B44,'E1_Données de projet'!$D$83:$I$87,6)/100 -> 0 | AC44: =$F$24*(1+$G$24)^(B44-B$44)*(B44>=Eing_JahrBegWLief)*VLOOKUP(B44,'E1_Données de projet'!$D$83:$I$87,6)/100 -> 0 | AD44: =Eing_Kosten_Grundstück*(1+$G$25)^(B44-B$44)+Eing_Sonstige_Kosten*(1+$G$26)^(B44-B$44) -> 34600 | AG44: =SUM(AX44*Eing_Kreditzinssatz_1/100,BB44*Eing_Kreditzinssatz_2/100) -> 6270 | AH44: =IF(AF44,SUM(AF44:AG44),SUM(U44:AG44)) -> 40870 | AI44: =SUM(AW44,BA44) -> 0 | AJ44: =SUM(AH44,AI44) -> 40870 | AK44: =SUM(-AJ44,T44) -> -40870 | AL44: =AK44 -> -40870 | AM44: =('E1_Données de projet'!$D$68*(1+Eing_allg_Teuerung/100)^('E1_Données de projet'!$I$68*ROUNDDOWN((AS44-1)/'E1_Données de projet'!$I$68,0))/'E1_Données de projet'!$I$68 +'E1_Données de projet'!$D$69*(1+Eing_allg_Teuerung/100)^('E1_Données de projet'!$I$69*ROUNDDOWN((AS44-1)/'E1_Données de projet'!$I$69,0))/'E1_Données de projet'!$I$69 +'E1_Données de projet'!$D$70*(1+Eing_allg_Teuerung/100)^('E1_Données de projet'!$I$70*ROUNDDOWN((AS44-1)/'E1_Données de projet'!$I$69,0))/'E1_Données de projet'!$I$70 +'E1_Données de projet'!$D$71*(1+Eing_allg_Teuerung/100)^('E1_Données de projet'!$I$71*ROUNDDOWN((AS44-1)/'E1_Données de projet'!$I$69,0))/'E1_Données de projet'!$I$71 +'E1_Données de projet'!$D$72*(1+Eing_allg_Teuerung/100)^('E1_Données de projet'!$I$72*ROUNDDOWN((AS44-1)/'E1_Données de projet'!$I$69,0))/'E1_Données de projet'!$I$72 +'E1_Données de projet'!$D$74*(1+Eing_allg_Teuerung/100)^('E1_Données de projet'!$I$74*ROUNDDOWN((AS44-1)/'E1_Données de projet'!$I$69,0))/'E1_Données de projet'!$I$74 +'E1_Données de projet'!$D$75*(1+Eing_allg_Teuerung/100)^('E1_Données de projet'!$I$75*ROUNDDOWN((AS44-1)/'E1_Données de projet'!$I$75,0))/'E1_Données de projet'!$I$75 +'E1_Données de projet'!$D$76*(1+Eing_allg_Teuerung/100)^('E1_Données de projet'!$I$76*ROUNDDOWN((AS44-1)/'E1_Données de projet'!$I$76,0))/'E1_Données de projet'!$I$76 +'E1_Données de projet'!$D$77*(1+Eing_allg_Teuerung/100)^('E1_Données de projet'!$I$77*ROUNDDOWN((AS44-1)/'E1_Données de projet'!$I$77,0))/'E1_Données de projet'!$I$77 +'E1_Données de projet'!$D$78*(1+Eing_allg_Teuerung/100)^('E1_Données de projet'!$I$78*ROUNDDOWN((AS44-1)/'E1_Données de projet'!$I$78,0))/'E1_Données de projet'!$I$78 +'E1_Données de projet'!$D$80*(1+Eing_allg_Teuerung/100)^('E1_Données de projet'!$I$80*ROUNDDOWN((AS44-1)/'E1_Données de projet'!$I$69,0))/'E1_Données de projet'!$I$80 )*((AS44)>0)*VLOOKUP(B44,'E1_Données de projet'!$D$83:$I$87,6 )/100 -> 0 | AN44: =SUM(AH44,AM44) -> 40870 | AO44: =SUM(T44,-AN44) -> -40870 | AP44: =AO44 -> -40870 | AQ44: {=IF(AS44-1<=0,0, (Eing_Kosten_Bau*(MOD((AS44-1),Eing_Nutzungsdauer_Bau)=0) +Eing_Invest_HolzAnlage*(MOD((AS44-1),Eing_Nutzungsdauer_Holz)=0) +Eing_Invest_WKKAnlage*(MOD((AS44-1),Eing_Nutzungsdauer_WKK)=0) +Eing_Invest_WPAnlage*(MOD((AS44-1),Eing_Nutzungsdauer_WP)=0) +Eing_Invest_SondenGrundwasser*(MOD((AS44-1),Eing_Nutzungsdauer_SondenGW)=0) +Eing_Invest_AWN*(MOD((AS44-1),Eing_Nutzungsdauer_AWN)=0) +Eing_Invest_Spitzenlast*(MOD((AS44-1),Eing_Nutzungsdauer_Spitzenlast)=0) +Eing_Invest_Installationen*(MOD((AS44-1),Eing_Nutzungsdauer_Installationen)=0) +Eing_Invest_Wärmenetz*(MOD((AS44-1),Eing_Nutzungsdauer_Netz)=0) +Eing_Invest_Messung*(MOD((AS44-1),Eing_Nutzungsdauer_Messung)=0))*(1+Eing_allg_Teuerung/100)^(AS44-1)) +(Gesamtinvestition-SUM('E1_Données de projet'!$D$79:$D$80))*SUMPRODUCT(('E1_Données de projet'!$D$83:$D$87=B44)*'E1_Données de projet'!$F$83:$F$87)/100-AM44} -> 723000 | AR44: =-SUM(AX44,BB44) -> -418000 | AS44: =MAX(B1_Calculs!B44-'E1_Données de projet'!$D$23,0) -> 0 | AT44: =Eing_Eigenkapital-B1_Calculs!I44 -> 0 | AU44: =(Eing_Kredit_1*(B44=Eing_Kreditstartjahr_1)) -> 0 | AV44: =IF((SUM(H$44:H44)-SUM(I$44:I44))<=AU44,MAX((SUM(H$44:H44)-SUM(I$44:I44)),0),AU44) -> 0 | AW44: =IF(Eing_Kreditlaufzeit_1=0,0,(IF(Eing_Kreditlaufzeit_1<>0,(Eing_Kredit_1/(Eing_Kreditlaufzeit_1+Eing_Kreditstartjahr_1-Eing_StartAmortisation_Kredit1))*(Eing_Kreditlaufzeit_1>B44-Eing_Kreditstartjahr_1)*(B44>=Eing_StartAmortisation_Kredit1)))) -> 0 | AX44: =AV44-AW44 -> 0 | AY44: =(Eing_Kredit_2*(B44=Eing_Kreditstartjahr_2)) -> 500000 | AZ44: =IF((SUM(H$44:H44)-SUM(I$44:I44)-AV44)<=AY44,MAX((SUM(H$44:H44)-SUM(I$44:I44)-AV44),0),AY44) -> 418000 | BA44: =IF(Eing_Kreditlaufzeit_2=0,0,(IF(Eing_Kreditlaufzeit_2<>0,(Eing_Kredit_2/(Eing_Kreditlaufzeit_2+Eing_Kreditstartjahr_2-Eing_StartAmortisation_Kredit2))*(Eing_Kreditlaufzeit_2>B44-Eing_Kreditstartjahr_2)*(B44>=Eing_StartAmortisation_Kredit2)))) -> 0 | BB44: =AZ44-BA44 -> 418000 | BC44: =SUM(-H44,AK44,AQ44) -> -235870 | BD44: =SUM(-H44,AK44) -> -958870
B45: =B44+1 -> 2025 | C45: {=(SUMPRODUCT((E3_Consommateurs!$D$21:$XFD$21<B1_Calculs!B45)*E3_Consommateurs!$D$18:$XFD$18)+SUMPRODUCT((E3_Consommateurs!$D$21:$XFD$21=B1_Calculs!B45)*E3_Consommateurs!$D$18:$XFD$18*E3_Consommateurs!$D$20:$XFD$20))/(100-Eing_Netzverluste)*100*(1-Eing_AbnW/100)^(B1_Calculs!B45-Eing_Beginnjahr)} -> 429 | D45: =IF(mittl_Erzeugte_Wärmemenge=0,0,C45/mittl_Erzeugte_Wärmemenge*100) -> 20.973584 | E45: {=IF(AS45=0,0, (Eing_Kosten_Bau*(MOD((AS45),Eing_Nutzungsdauer_Bau)=0) +Eing_Invest_HolzAnlage*(MOD((AS45),Eing_Nutzungsdauer_Holz)=0) +Eing_Invest_WKKAnlage*(MOD((AS45),Eing_Nutzungsdauer_WKK)=0) +Eing_Invest_WPAnlage*(MOD((AS45),Eing_Nutzungsdauer_WP)=0) +Eing_Invest_SondenGrundwasser*(MOD((AS45),Eing_Nutzungsdauer_SondenGW)=0) +Eing_Invest_Zusatz*(MOD((AS45),Eing_Nutzungsdauer_Zusatz)=0) +Eing_Invest_AWN*(MOD((AS45),Eing_Nutzungsdauer_AWN)=0) +Eing_Invest_Spitzenlast*(MOD((AS45),Eing_Nutzungsdauer_Spitzenlast)=0) +Eing_Invest_Installationen*(MOD((AS45),Eing_Nutzungsdauer_Installationen)=0) +Eing_Invest_Wärmenetz*(MOD((AS45),Eing_Nutzungsdauer_Netz)=0) +Eing_Invest_Messung*(MOD((AS45),Eing_Nutzungsdauer_Messung)=0))*(1+Eing_allg_Teuerung/100)^(AS45)) +Gesamtinvestition*SUMPRODUCT(('E1_Données de projet'!$D$83:$D$87=B45)*'E1_Données de projet'!$F$83:$F$87)/100} -> 1224000 | F45: =-SUM(Einmaliger_Förderbeitrag_1*(B45=Förderungsauszahlung_1),Einmaliger_Förderbeitrag_2*(B45=Förderungsauszahlung_2),Einmaliger_Förderbeitrag_3*(B45=Förderungsauszahlung_3)) -> 0 | G45: {=-SUMPRODUCT((E3_Consommateurs!$D$21:$XFD$21=B1_Calculs!B45)*E3_Consommateurs!$D$23:$XFD$23)} -> -362000 | H45: =SUM(E45:G45) -> 862000 | I45: =IF(H45<=0,0,MIN(AT44,H45)) -> 0 | J45: =AV45+AZ45 -> 932000 | K45: =K44-H45+SUM(I45:J45) -> 70000 | L45: =AL45 -> -128383.83 | M45: =IF(ISNUMBER(IRR((BD$44:BD44,BC45))),IRR((BD$44:BD44,BC45)),"-") -> -0.23087992 | N45: {=SUM((SUMPRODUCT((E3_Consommateurs!$D$21:$XFD$21<B1_Calculs!B45)*E3_Consommateurs!$D$26:$XFD$26)+SUMPRODUCT((E3_Consommateurs!$D$21:$XFD$21=B1_Calculs!B45)*E3_Consommateurs!$D$26:$XFD$26*E3_Consommateurs!$D$20:$XFD$20))*(1+$G$30)^(B45-B$44),(SUMPRODUCT((E3_Consommateurs!$D$21:$XFD$21<B1_Calculs!B45)*E3_Consommateurs!$D$27:$XFD$27)+SUMPRODUCT((E3_Consommateurs!$D$21:$XFD$21=B1_Calculs!B45)*E3_Consommateurs!$D$27:$XFD$27*E3_Consommateurs!$D$20:$XFD$20))*((1+$G$30)*(1-'E1_Données de projet'!$D$20/100))^(B45-B$44))} -> 60064.7 | O45: =-$F$28*D45/100*((1+$G$28)^(B45-$B$44)) -> 0 | P45: =-$F$29*D45/100*((1+$G$29)^(B45-$B$44)) -> 0 | Q45: =SUM(Eing_jährlicher_Förderbeitrag_1*((B45-Eing_Erstauszahlung_jährlFörderung_1)<=(Eing_Förderung_wiederholend_Laufzeit_1-1))*(B45>=Eing_Erstauszahlung_jährlFörderung_1),Eing_jährlicher_Förderbeitrag_2*((B45-Eing_Erstauszahlung_jährlFörderung_2)<=(Eing_Förderung_wiederholend_Laufzeit_2-1))*(B45>=Eing_Erstauszahlung_jährlFörderung_2)) -> 0 | T45: =IF(S45,S45,SUM(N45:R45)) -> 60064.7 | U45: =Energiekosten_Holzschnitzel*D45/100*((1+$G$16)^(B45-$B$44)) -> 17396.593 | V45: =Energiekosten_WKK*D45/100*((1+$G$17)^(B45-$B$44)) -> 0 | W45: =Energiekosten_Zusatz*D45/100*((1+$G$18)^(B45-$B$44)) -> 0 | X45: =Energiekosten_AWN*D45/100*((1+$G$19)^(B45-$B$44)) -> 0 | Y45: =Energiekosten_fossil*D45/100*(1+$G$20)^(B45-$B$44) -> 0 | Z45: =Stromkosten_WP*D45/100*((1+$G$21)^(B45-$B$44)) -> 5701.1842 | AA45: =Stromkosten_Hilfsenergie*D45/100*((1+$G$21)^(B45-$B$44)) -> 2166.45 | AB45: =($F$22*(1+$G$22)^(B45-B$44)+$F$23*(1+$G$23)^(B45-B$44))*(B45>=Eing_JahrBegWLief)*VLOOKUP(B45,'E1_Données de projet'!$D$83:$I$87,6)/100 -> 22411.9 | AC45: =$F$24*(1+$G$24)^(B45-B$44)*(B45>=Eing_JahrBegWLief)*VLOOKUP(B45,'E1_Données de projet'!$D$83:$I$87,6)/100 -> 31956.4 | AD45: =Eing_Kosten_Grundstück*(1+$G$25)^(B45-B$44)+Eing_Sonstige_Kosten*(1+$G$26)^(B45-B$44) -> 34946 | AG45: =SUM(AX45*Eing_Kreditzinssatz_1/100,BB45*Eing_Kreditzinssatz_2/100) -> 33000 | AH45: =IF(AF45,SUM(AF45:AG45),SUM(U45:AG45)) -> 147578.53 | AI45: =SUM(AW45,BA45) -> 0 | AJ45: =SUM(AH45,AI45) -> 147578.53 | AK45: =SUM(-AJ45,T45) -> -87513.828 | AL45: =AL44+AK45 -> -128383.83 | AM45: =('E1_Données de projet'!$D$68*(1+Eing_allg_Teuerung/100)^('E1_Données de projet'!$I$68*ROUNDDOWN((AS45-1)/'E1_Données de projet'!$I$68,0))/'E1_Données de projet'!$I$68 +'E1_Données de projet'!$D$69*(1+Eing_allg_Teuerung/100)^('E1_Données de projet'!$I$69*ROUNDDOWN((AS45-1)/'E1_Données de projet'!$I$69,0))/'E1_Données de projet'!$I$69 +'E1_Données de projet'!$D$70*(1+Eing_allg_Teuerung/100)^('E1_Données de projet'!$I$70*ROUNDDOWN((AS45-1)/'E1_Données de projet'!$I$69,0))/'E1_Données de projet'!$I$70 +'E1_Données de projet'!$D$71*(1+Eing_allg_Teuerung/100)^('E1_Données de projet'!$I$71*ROUNDDOWN((AS45-1)/'E1_Données de projet'!$I$69,0))/'E1_Données de projet'!$I$71 +'E1_Données de projet'!$D$72*(1+Eing_allg_Teuerung/100)^('E1_Données de projet'!$I$72*ROUNDDOWN((AS45-1)/'E1_Données de projet'!$I$69,0))/'E1_Données de projet'!$I$72 +'E1_Données de projet'!$D$74*(1+Eing_allg_Teuerung/100)^('E1_Données de projet'!$I$74*ROUNDDOWN((AS45-1)/'E1_Données de projet'!$I$69,0))/'E1_Données de projet'!$I$74 +'E1_Données de projet'!$D$75*(1+Eing_allg_Teuerung/100)^('E1_Données de projet'!$I$75*ROUNDDOWN((AS45-1)/'E1_Données de projet'!$I$75,0))/'E1_Données de projet'!$I$75 +'E1_Données de projet'!$D$76*(1+Eing_allg_Teuerung/100)^('E1_Données de projet'!$I$76*ROUNDDOWN((AS45-1)/'E1_Données de projet'!$I$76,0))/'E1_Données de projet'!$I$76 +'E1_Données de projet'!$D$77*(1+Eing_allg_Teuerung/100)^('E1_Données de projet'!$I$77*ROUNDDOWN((AS45-1)/'E1_Données de projet'!$I$77,0))/'E1_Données de projet'!$I$77 +'E1_Données de projet'!$D$78*(1+Eing_allg_Teuerung/100)^('E1_Données de projet'!$I$78*ROUNDDOWN((AS45-1)/'E1_Données de projet'!$I$78,0))/'E1_Données de projet'!$I$78 +'E1_Données de projet'!$D$80*(1+Eing_allg_Teuerung/100)^('E1_Données de projet'!$I$80*ROUNDDOWN((AS45-1)/'E1_Données de projet'!$I$69,0))/'E1_Données de projet'!$I$80 )*((AS45)>0)*VLOOKUP(B45,'E1_Données de projet'!$D$83:$I$87,6 )/100 -> 0 | AN45: =SUM(AH45,AM45) -> 147578.53 | AO45: =SUM(T45,-AN45) -> -87513.828 | AP45: =AP44+AO45 -> -128383.83 | AQ45: {=IF(AS45-1<=0,0, (Eing_Kosten_Bau*(MOD((AS45-1),Eing_Nutzungsdauer_Bau)=0) +Eing_Invest_HolzAnlage*(MOD((AS45-1),Eing_Nutzungsdauer_Holz)=0) +Eing_Invest_WKKAnlage*(MOD((AS45-1),Eing_Nutzungsdauer_WKK)=0) +Eing_Invest_WPAnlage*(MOD((AS45-1),Eing_Nutzungsdauer_WP)=0) +Eing_Invest_SondenGrundwasser*(MOD((AS45-1),Eing_Nutzungsdauer_SondenGW)=0) +Eing_Invest_AWN*(MOD((AS45-1),Eing_Nutzungsdauer_AWN)=0) +Eing_Invest_Spitzenlast*(MOD((AS45-1),Eing_Nutzungsdauer_Spitzenlast)=0) +Eing_Invest_Installationen*(MOD((AS45-1),Eing_Nutzungsdauer_Installationen)=0) +Eing_Invest_Wärmenetz*(MOD((AS45-1),Eing_Nutzungsdauer_Netz)=0) +Eing_Invest_Messung*(MOD((AS45-1),Eing_Nutzungsdauer_Messung)=0))*(1+Eing_allg_Teuerung/100)^(AS45-1)) +(Gesamtinvestition-SUM('E1_Données de projet'!$D$79:$D$80))*SUMPRODUCT(('E1_Données de projet'!$D$83:$D$87=B45)*'E1_Données de projet'!$F$83:$F$87)/100-AM45 +AQ44} -> 1687000 | AR45: =-SUM(AX45,BB45) -> -1350000 | AS45: =MAX(B1_Calculs!B45-'E1_Données de projet'!$D$23,0) -> 0 | AT45: =AT44-B1_Calculs!I45 -> 0 | AU45: =AU44-AV44+(Eing_Kredit_1*(B45=Eing_Kreditstartjahr_1)) -> 850000 | AV45: =IF((SUM(H$44:H45)-SUM(I$44:I45))<=AU45,MAX((SUM(H$44:H45)-SUM(I$44:I45)),0),AU45) -> 850000 | AW45: =IF(Eing_Kreditlaufzeit_1=0,0,(IF(Eing_Kreditlaufzeit_1<>0,(Eing_Kredit_1/(Eing_Kreditlaufzeit_1+Eing_Kreditstartjahr_1-Eing_StartAmortisation_Kredit1))*(Eing_Kreditlaufzeit_1>B45-Eing_Kreditstartjahr_1)*(B45>=Eing_StartAmortisation_Kredit1)))) -> 0 | AX45: =AX44+AV45-AW45 -> 850000 | AY45: =AY44-AZ44+(Eing_Kredit_2*(B45=Eing_Kreditstartjahr_2)) -> 82000 | AZ45: =IF((SUM(H$44:H45)-SUM(I$44:I45)-AV45)<=AY45,MAX((SUM(H$44:H45)-SUM(I$44:I45)-AV45),0),AY45) -> 82000 | BA45: =IF(Eing_Kreditlaufzeit_2=0,0,(IF(Eing_Kreditlaufzeit_2<>0,(Eing_Kredit_2/(Eing_Kreditlaufzeit_2+Eing_Kreditstartjahr_2-Eing_StartAmortisation_Kredit2))*(Eing_Kreditlaufzeit_2>B45-Eing_Kreditstartjahr_2)*(B45>=Eing_StartAmortisation_Kredit2)))) -> 0 | BB45: =BB44+AZ45-BA45 -> 500000 | BC45: =SUM(-H45,AK45,AQ45) -> 737486.17 | BD45: =SUM(-H45,AK45) -> -949513.83
B46: =B45+1 -> 2026 | C46: {=(SUMPRODUCT((E3_Consommateurs!$D$21:$XFD$21<B1_Calculs!B46)*E3_Consommateurs!$D$18:$XFD$18)+SUMPRODUCT((E3_Consommateurs!$D$21:$XFD$21=B1_Calculs!B46)*E3_Consommateurs!$D$18:$XFD$18*E3_Consommateurs!$D$20:$XFD$20))/(100-Eing_Netzverluste)*100*(1-Eing_AbnW/100)^(B1_Calculs!B46-Eing_Beginnjahr)} -> 1415.1555 | D46: =IF(mittl_Erzeugte_Wärmemenge=0,0,C46/mittl_Erzeugte_Wärmemenge*100) -> 69.186206 | E46: {=IF(AS46=0,0, (Eing_Kosten_Bau*(MOD((AS46),Eing_Nutzungsdauer_Bau)=0) +Eing_Invest_HolzAnlage*(MOD((AS46),Eing_Nutzungsdauer_Holz)=0) +Eing_Invest_WKKAnlage*(MOD((AS46),Eing_Nutzungsdauer_WKK)=0) +Eing_Invest_WPAnlage*(MOD((AS46),Eing_Nutzungsdauer_WP)=0) +Eing_Invest_SondenGrundwasser*(MOD((AS46),Eing_Nutzungsdauer_SondenGW)=0) +Eing_Invest_Zusatz*(MOD((AS46),Eing_Nutzungsdauer_Zusatz)=0) +Eing_Invest_AWN*(MOD((AS46),Eing_Nutzungsdauer_AWN)=0) +Eing_Invest_Spitzenlast*(MOD((AS46),Eing_Nutzungsdauer_Spitzenlast)=0) +Eing_Invest_Installationen*(MOD((AS46),Eing_Nutzungsdauer_Installationen)=0) +Eing_Invest_Wärmenetz*(MOD((AS46),Eing_Nutzungsdauer_Netz)=0) +Eing_Invest_Messung*(MOD((AS46),Eing_Nutzungsdauer_Messung)=0))*(1+Eing_allg_Teuerung/100)^(AS46)) +Gesamtinvestition*SUMPRODUCT(('E1_Données de projet'!$D$83:$D$87=B46)*'E1_Données de projet'!$F$83:$F$87)/100} -> 306000 | F46: =-SUM(Einmaliger_Förderbeitrag_1*(B46=Förderungsauszahlung_1),Einmaliger_Förderbeitrag_2*(B46=Förderungsauszahlung_2),Einmaliger_Förderbeitrag_3*(B46=Förderungsauszahlung_3)) -> -300000 | G46: {=-SUMPRODUCT((E3_Consommateurs!$D$21:$XFD$21=B1_Calculs!B46)*E3_Consommateurs!$D$23:$XFD$23)} -> -414000 | H46: =SUM(E46:G46) -> -408000 | I46: =IF(H46<=0,0,MIN(AT45,H46)) -> 0 | J46: =AV46+AZ46 -> 0 | K46: =K45-H46+SUM(I46:J46) -> 478000 | L46: =AL46 -> -176461.35 | M46: =IF(ISNUMBER(IRR((BD$44:BD45,BC46))),IRR((BD$44:BD45,BC46)),"-") -> 0.10079043 | N46: {=SUM((SUMPRODUCT((E3_Consommateurs!$D$21:$XFD$21<B1_Calculs!B46)*E3_Consommateurs!$D$26:$XFD$26)+SUMPRODUCT((E3_Consommateurs!$D$21:$XFD$21=B1_Calculs!B46)*E3_Consommateurs!$D$26:$XFD$26*E3_Consommateurs!$D$20:$XFD$20))*(1+$G$30)^(B46-B$44),(SUMPRODUCT((E3_Consommateurs!$D$21:$XFD$21<B1_Calculs!B46)*E3_Consommateurs!$D$27:$XFD$27)+SUMPRODUCT((E3_Consommateurs!$D$21:$XFD$21=B1_Calculs!B46)*E3_Consommateurs!$D$27:$XFD$27*E3_Consommateurs!$D$20:$XFD$20))*((1+$G$30)*(1-'E1_Données de projet'!$D$20/100))^(B46-B$44))} -> 210542.51 | O46: =-$F$28*D46/100*((1+$G$28)^(B46-$B$44)) -> 0 | P46: =-$F$29*D46/100*((1+$G$29)^(B46-$B$44)) -> 0 | Q46: =SUM(Eing_jährlicher_Förderbeitrag_1*((B46-Eing_Erstauszahlung_jährlFörderung_1)<=(Eing_Förderung_wiederholend_Laufzeit_1-1))*(B46>=Eing_Erstauszahlung_jährlFörderung_1),Eing_jährlicher_Förderbeitrag_2*((B46-Eing_Erstauszahlung_jährlFörderung_2)<=(Eing_Förderung_wiederholend_Laufzeit_2-1))*(B46>=Eing_Erstauszahlung_jährlFörderung_2)) -> 0 | T46: =IF(S46,S46,SUM(N46:R46)) -> 210542.51 | U46: =Energiekosten_Holzschnitzel*D46/100*((1+$G$16)^(B46-$B$44)) -> 57960.545 | V46: =Energiekosten_WKK*D46/100*((1+$G$17)^(B46-$B$44)) -> 0 | W46: =Energiekosten_Zusatz*D46/100*((1+$G$18)^(B46-$B$44)) -> 0 | X46: =Energiekosten_AWN*D46/100*((1+$G$19)^(B46-$B$44)) -> 0 | Y46: =Energiekosten_fossil*D46/100*(1+$G$20)^(B46-$B$44) -> 0 | Z46: =Stromkosten_WP*D46/100*((1+$G$21)^(B46-$B$44)) -> 18994.738 | AA46: =Stromkosten_Hilfsenergie*D46/100*((1+$G$21)^(B46-$B$44)) -> 7218.0006 | AB46: =($F$22*(1+$G$22)^(B46-B$44)+$F$23*(1+$G$23)^(B46-B$44))*(B46>=Eing_JahrBegWLief)*VLOOKUP(B46,'E1_Données de projet'!$D$83:$I$87,6)/100 -> 25869.736 | AC46: =$F$24*(1+$G$24)^(B46-B$44)*(B46>=Eing_JahrBegWLief)*VLOOKUP(B46,'E1_Données de projet'!$D$83:$I$87,6)/100 -> 36886.816 | AD46: =Eing_Kosten_Grundstück*(1+$G$25)^(B46-B$44)+Eing_Sonstige_Kosten*(1+$G$26)^(B46-B$44) -> 35295.46 | AG46: =SUM(AX46*Eing_Kreditzinssatz_1/100,BB46*Eing_Kreditzinssatz_2/100) -> 31657.895 | AH46: =IF(AF46,SUM(AF46:AG46),SUM(U46:AG46)) -> 213883.19 | AI46: =SUM(AW46,BA46) -> 44736.842 | AJ46: =SUM(AH46,AI46) -> 258620.03 | AK46: =SUM(-AJ46,T46) -> -48077.519 | AL46: =AL45+AK46 -> -176461.35 | AM46: =('E1_Données de projet'!$D$68*(1+Eing_allg_Teuerung/100)^('E1_Données de projet'!$I$68*ROUNDDOWN((AS46-1)/'E1_Données de projet'!$I$68,0))/'E1_Données de projet'!$I$68 +'E1_Données de projet'!$D$69*(1+Eing_allg_Teuerung/100)^('E1_Données de projet'!$I$69*ROUNDDOWN((AS46-1)/'E1_Données de projet'!$I$69,0))/'E1_Données de projet'!$I$69 +'E1_Données de projet'!$D$70*(1+Eing_allg_Teuerung/100)^('E1_Données de projet'!$I$70*ROUNDDOWN((AS46-1)/'E1_Données de projet'!$I$69,0))/'E1_Données de projet'!$I$70 +'E1_Données de projet'!$D$71*(1+Eing_allg_Teuerung/100)^('E1_Données de projet'!$I$71*ROUNDDOWN((AS46-1)/'E1_Données de projet'!$I$69,0))/'E1_Données de projet'!$I$71 +'E1_Données de projet'!$D$72*(1+Eing_allg_Teuerung/100)^('E1_Données de projet'!$I$72*ROUNDDOWN((AS46-1)/'E1_Données de projet'!$I$69,0))/'E1_Données de projet'!$I$72 +'E1_Données de projet'!$D$74*(1+Eing_allg_Teuerung/100)^('E1_Données de projet'!$I$74*ROUNDDOWN((AS46-1)/'E1_Données de projet'!$I$69,0))/'E1_Données de projet'!$I$74 +'E1_Données de projet'!$D$75*(1+Eing_allg_Teuerung/100)^('E1_Données de projet'!$I$75*ROUNDDOWN((AS46-1)/'E1_Données de projet'!$I$75,0))/'E1_Données de projet'!$I$75 +'E1_Données de projet'!$D$76*(1+Eing_allg_Teuerung/100)^('E1_Données de projet'!$I$76*ROUNDDOWN((AS46-1)/'E1_Données de projet'!$I$76,0))/'E1_Données de projet'!$I$76 +'E1_Données de projet'!$D$77*(1+Eing_allg_Teuerung/100)^('E1_Données de projet'!$I$77*ROUNDDOWN((AS46-1)/'E1_Données de projet'!$I$77,0))/'E1_Données de projet'!$I$77 +'E1_Données de projet'!$D$78*(1+Eing_allg_Teuerung/100)^('E1_Données de projet'!$I$78*ROUNDDOWN((AS46-1)/'E1_Données de projet'!$I$78,0))/'E1_Données de projet'!$I$78 +'E1_Données de projet'!$D$80*(1+Eing_allg_Teuerung/100)^('E1_Données de projet'!$I$80*ROUNDDOWN((AS46-1)/'E1_Données de projet'!$I$69,0))/'E1_Données de projet'!$I$80 )*((AS46)>0)*VLOOKUP(B46,'E1_Données de projet'!$D$83:$I$87,6 )/100 -> 80806.035 | AN46: =SUM(AH46,AM46) -> 294689.23 | AO46: =SUM(T46,-AN46) -> -84146.712 | AP46: =AP45+AO46 -> -212530.54 | AQ46: {=IF(AS46-1<=0,0, (Eing_Kosten_Bau*(MOD((AS46-1),Eing_Nutzungsdauer_Bau)=0) +Eing_Invest_HolzAnlage*(MOD((AS46-1),Eing_Nutzungsdauer_Holz)=0) +Eing_Invest_WKKAnlage*(MOD((AS46-1),Eing_Nutzungsdauer_WKK)=0) +Eing_Invest_WPAnlage*(MOD((AS46-1),Eing_Nutzungsdauer_WP)=0) +Eing_Invest_SondenGrundwasser*(MOD((AS46-1),Eing_Nutzungsdauer_SondenGW)=0) +Eing_Invest_AWN*(MOD((AS46-1),Eing_Nutzungsdauer_AWN)=0) +Eing_Invest_Spitzenlast*(MOD((AS46-1),Eing_Nutzungsdauer_Spitzenlast)=0) +Eing_Invest_Installationen*(MOD((AS46-1),Eing_Nutzungsdauer_Installationen)=0) +Eing_Invest_Wärmenetz*(MOD((AS46-1),Eing_Nutzungsdauer_Netz)=0) +Eing_Invest_Messung*(MOD((AS46-1),Eing_Nutzungsdauer_Messung)=0))*(1+Eing_allg_Teuerung/100)^(AS46-1)) +(Gesamtinvestition-SUM('E1_Données de projet'!$D$79:$D$80))*SUMPRODUCT(('E1_Données de projet'!$D$83:$D$87=B46)*'E1_Données de projet'!$F$83:$F$87)/100-AM46 +AQ45} -> 1847194 | AR46: =-SUM(AX46,BB46) -> -1305263.2 | AS46: =MAX(B1_Calculs!B46-'E1_Données de projet'!$D$23,0) -> 1 | AT46: =AT45-B1_Calculs!I46 -> 0 | AU46: =AU45-AV45+(Eing_Kredit_1*(B46=Eing_Kreditstartjahr_1)) -> 0 | AV46: =IF((SUM(H$44:H46)-SUM(I$44:I46))<=AU46,MAX((SUM(H$44:H46)-SUM(I$44:I46)),0),AU46) -> 0 | AW46: =IF(Eing_Kreditlaufzeit_1=0,0,(IF(Eing_Kreditlaufzeit_1<>0,(Eing_Kredit_1/(Eing_Kreditlaufzeit_1+Eing_Kreditstartjahr_1-Eing_StartAmortisation_Kredit1))*(Eing_Kreditlaufzeit_1>B46-Eing_Kreditstartjahr_1)*(B46>=Eing_StartAmortisation_Kredit1)))) -> 44736.842 | AX46: =AX45+AV46-AW46 -> 805263.16 | AY46: =AY45-AZ45+(Eing_Kredit_2*(B46=Eing_Kreditstartjahr_2)) -> 0 | AZ46: =IF((SUM(H$44:H46)-SUM(I$44:I46)-AV46)<=AY46,MAX((SUM(H$44:H46)-SUM(I$44:I46)-AV46),0),AY46) -> 0 | BA46: =IF(Eing_Kreditlaufzeit_2=0,0,(IF(Eing_Kreditlaufzeit_2<>0,(Eing_Kredit_2/(Eing_Kreditlaufzeit_2+Eing_Kreditstartjahr_2-Eing_StartAmortisation_Kredit2))*(Eing_Kreditlaufzeit_2>B46-Eing_Kreditstartjahr_2)*(B46>=Eing_StartAmortisation_Kredit2)))) -> 0 | BB46: =BB45+AZ46-BA46 -> 500000 | BC46: =SUM(-H46,AK46,AQ46) -> 2207116.4 | BD46: =SUM(-H46,AK46) -> 359922.48
B47: =B46+1 -> 2027 | C47: {=(SUMPRODUCT((E3_Consommateurs!$D$21:$XFD$21<B1_Calculs!B47)*E3_Consommateurs!$D$18:$XFD$18)+SUMPRODUCT((E3_Consommateurs!$D$21:$XFD$21=B1_Calculs!B47)*E3_Consommateurs!$D$18:$XFD$18*E3_Consommateurs!$D$20:$XFD$20))/(100-Eing_Netzverluste)*100*(1-Eing_AbnW/100)^(B1_Calculs!B47-Eing_Beginnjahr)} -> 2119.5643 | D47: =IF(mittl_Erzeugte_Wärmemenge=0,0,C47/mittl_Erzeugte_Wärmemenge*100) -> 103.62438 | E47: {=IF(AS47=0,0, (Eing_Kosten_Bau*(MOD((AS47),Eing_Nutzungsdauer_Bau)=0) +Eing_Invest_HolzAnlage*(MOD((AS47),Eing_Nutzungsdauer_Holz)=0) +Eing_Invest_WKKAnlage*(MOD((AS47),Eing_Nutzungsdauer_WKK)=0) +Eing_Invest_WPAnlage*(MOD((AS47),Eing_Nutzungsdauer_WP)=0) +Eing_Invest_SondenGrundwasser*(MOD((AS47),Eing_Nutzungsdauer_SondenGW)=0) +Eing_Invest_Zusatz*(MOD((AS47),Eing_Nutzungsdauer_Zusatz)=0) +Eing_Invest_AWN*(MOD((AS47),Eing_Nutzungsdauer_AWN)=0) +Eing_Invest_Spitzenlast*(MOD((AS47),Eing_Nutzungsdauer_Spitzenlast)=0) +Eing_Invest_Installationen*(MOD((AS47),Eing_Nutzungsdauer_Installationen)=0) +Eing_Invest_Wärmenetz*(MOD((AS47),Eing_Nutzungsdauer_Netz)=0) +Eing_Invest_Messung*(MOD((AS47),Eing_Nutzungsdauer_Messung)=0))*(1+Eing_allg_Teuerung/100)^(AS47)) +Gesamtinvestition*SUMPRODUCT(('E1_Données de projet'!$D$83:$D$87=B47)*'E1_Données de projet'!$F$83:$F$87)/100} -> 0 | F47: =-SUM(Einmaliger_Förderbeitrag_1*(B47=Förderungsauszahlung_1),Einmaliger_Förderbeitrag_2*(B47=Förderungsauszahlung_2),Einmaliger_Förderbeitrag_3*(B47=Förderungsauszahlung_3)) -> 0 | G47: {=-SUMPRODUCT((E3_Consommateurs!$D$21:$XFD$21=B1_Calculs!B47)*E3_Consommateurs!$D$23:$XFD$23)} -> -350000 | H47: =SUM(E47:G47) -> -350000 | I47: =IF(H47<=0,0,MIN(AT46,H47)) -> 0 | J47: =AV47+AZ47 -> 0 | K47: =K46-H47+SUM(I47:J47) -> 828000 | L47: =AL47 -> -151468.19 | M47: =IF(ISNUMBER(IRR((BD$44:BD46,BC47))),IRR((BD$44:BD46,BC47)),"-") -> 0.12116738 | N47: {=SUM((SUMPRODUCT((E3_Consommateurs!$D$21:$XFD$21<B1_Calculs!B47)*E3_Consommateurs!$D$26:$XFD$26)+SUMPRODUCT((E3_Consommateurs!$D$21:$XFD$21=B1_Calculs!B47)*E3_Consommateurs!$D$26:$XFD$26*E3_Consommateurs!$D$20:$XFD$20))*(1+$G$30)^(B47-B$44),(SUMPRODUCT((E3_Consommateurs!$D$21:$XFD$21<B1_Calculs!B47)*E3_Consommateurs!$D$27:$XFD$27)+SUMPRODUCT((E3_Consommateurs!$D$21:$XFD$21=B1_Calculs!B47)*E3_Consommateurs!$D$27:$XFD$27*E3_Consommateurs!$D$20:$XFD$20))*((1+$G$30)*(1-'E1_Données de projet'!$D$20/100))^(B47-B$44))} -> 326410.47 | O47: =-$F$28*D47/100*((1+$G$28)^(B47-$B$44)) -> 0 | P47: =-$F$29*D47/100*((1+$G$29)^(B47-$B$44)) -> 0 | Q47: =SUM(Eing_jährlicher_Förderbeitrag_1*((B47-Eing_Erstauszahlung_jährlFörderung_1)<=(Eing_Förderung_wiederholend_Laufzeit_1-1))*(B47>=Eing_Erstauszahlung_jährlFörderung_1),Eing_jährlicher_Förderbeitrag_2*((B47-Eing_Erstauszahlung_jährlFörderung_2)<=(Eing_Förderung_wiederholend_Laufzeit_2-1))*(B47>=Eing_Erstauszahlung_jährlFörderung_2)) -> 0 | T47: =IF(S47,S47,SUM(N47:R47)) -> 326410.47 | U47: =Energiekosten_Holzschnitzel*D47/100*((1+$G$16)^(B47-$B$44)) -> 87679.135 | V47: =Energiekosten_WKK*D47/100*((1+$G$17)^(B47-$B$44)) -> 0 | W47: =Energiekosten_Zusatz*D47/100*((1+$G$18)^(B47-$B$44)) -> 0 | X47: =Energiekosten_AWN*D47/100*((1+$G$19)^(B47-$B$44)) -> 0 | Y47: =Energiekosten_fossil*D47/100*(1+$G$20)^(B47-$B$44) -> 0 | Z47: =Stromkosten_WP*D47/100*((1+$G$21)^(B47-$B$44)) -> 28734.068 | AA47: =Stromkosten_Hilfsenergie*D47/100*((1+$G$21)^(B47-$B$44)) -> 10918.946 | AB47: =($F$22*(1+$G$22)^(B47-B$44)+$F$23*(1+$G$23)^(B47-B$44))*(B47>=Eing_JahrBegWLief)*VLOOKUP(B47,'E1_Données de projet'!$D$83:$I$87,6)/100 -> 26128.433 | AC47: =$F$24*(1+$G$24)^(B47-B$44)*(B47>=Eing_JahrBegWLief)*VLOOKUP(B47,'E1_Données de projet'!$D$83:$I$87,6)/100 -> 37255.684 | AD47: =Eing_Kosten_Grundstück*(1+$G$25)^(B47-B$44)+Eing_Sonstige_Kosten*(1+$G$26)^(B47-B$44) -> 35648.415 | AG47: =SUM(AX47*Eing_Kreditzinssatz_1/100,BB47*Eing_Kreditzinssatz_2/100) -> 30315.789 | AH47: =IF(AF47,SUM(AF47:AG47),SUM(U47:AG47)) -> 256680.47 | AI47: =SUM(AW47,BA47) -> 44736.842 | AJ47: =SUM(AH47,AI47) -> 301417.31 | AK47: =SUM(-AJ47,T47) -> 24993.154 | AL47: =AL46+AK47 -> -151468.19 | AM47: =('E1_Données de projet'!$D$68*(1+Eing_allg_Teuerung/100)^('E1_Données de projet'!$I$68*ROUNDDOWN((AS47-1)/'E1_Données de projet'!$I$68,0))/'E1_Données de projet'!$I$68 +'E1_Données de projet'!$D$69*(1+Eing_allg_Teuerung/100)^('E1_Données de projet'!$I$69*ROUNDDOWN((AS47-1)/'E1_Données de projet'!$I$69,0))/'E1_Données de projet'!$I$69 +'E1_Données de projet'!$D$70*(1+Eing_allg_Teuerung/100)^('E1_Données de projet'!$I$70*ROUNDDOWN((AS47-1)/'E1_Données de projet'!$I$69,0))/'E1_Données de projet'!$I$70 +'E1_Données de projet'!$D$71*(1+Eing_allg_Teuerung/100)^('E1_Données de projet'!$I$71*ROUNDDOWN((AS47-1)/'E1_Données de projet'!$I$69,0))/'E1_Données de projet'!$I$71 +'E1_Données de projet'!$D$72*(1+Eing_allg_Teuerung/100)^('E1_Données de projet'!$I$72*ROUNDDOWN((AS47-1)/'E1_Données de projet'!$I$69,0))/'E1_Données de projet'!$I$72 +'E1_Données de projet'!$D$74*(1+Eing_allg_Teuerung/100)^('E1_Données de projet'!$I$74*ROUNDDOWN((AS47-1)/'E1_Données de projet'!$I$69,0))/'E1_Données de projet'!$I$74 +'E1_Données de projet'!$D$75*(1+Eing_allg_Teuerung/100)^('E1_Données de projet'!$I$75*ROUNDDOWN((AS47-1)/'E1_Données de projet'!$I$75,0))/'E1_Données de projet'!$I$75 +'E1_Données de projet'!$D$76*(1+Eing_allg_Teuerung/100)^('E1_Données de projet'!$I$76*ROUNDDOWN((AS47-1)/'E1_Données de projet'!$I$76,0))/'E1_Données de projet'!$I$76 +'E1_Données de projet'!$D$77*(1+Eing_allg_Teuerung/100)^('E1_Données de projet'!$I$77*ROUNDDOWN((AS47-1)/'E1_Données de projet'!$I$77,0))/'E1_Données de projet'!$I$77 +'E1_Données de projet'!$D$78*(1+Eing_allg_Teuerung/100)^('E1_Données de projet'!$I$78*ROUNDDOWN((AS47-1)/'E1_Données de projet'!$I$78,0))/'E1_Données de projet'!$I$78 +'E1_Données de projet'!$D$80*(1+Eing_allg_Teuerung/100)^('E1_Données de projet'!$I$80*ROUNDDOWN((AS47-1)/'E1_Données de projet'!$I$69,0))/'E1_Données de projet'!$I$80 )*((AS47)>0)*VLOOKUP(B47,'E1_Données de projet'!$D$83:$I$87,6 )/100 -> 80806.035 | AN47: =SUM(AH47,AM47) -> 337486.51 | AO47: =SUM(T47,-AN47) -> -11076.039 | AP47: =AP46+AO47 -> -223606.58 | AQ47: {=IF(AS47-1<=0,0, (Eing_Kosten_Bau*(MOD((AS47-1),Eing_Nutzungsdauer_Bau)=0) +Eing_Invest_HolzAnlage*(MOD((AS47-1),Eing_Nutzungsdauer_Holz)=0) +Eing_Invest_WKKAnlage*(MOD((AS47-1),Eing_Nutzungsdauer_WKK)=0) +Eing_Invest_WPAnlage*(MOD((AS47-1),Eing_Nutzungsdauer_WP)=0) +Eing_Invest_SondenGrundwasser*(MOD((AS47-1),Eing_Nutzungsdauer_SondenGW)=0) +Eing_Invest_AWN*(MOD((AS47-1),Eing_Nutzungsdauer_AWN)=0) +Eing_Invest_Spitzenlast*(MOD((AS47-1),Eing_Nutzungsdauer_Spitzenlast)=0) +Eing_Invest_Installationen*(MOD((AS47-1),Eing_Nutzungsdauer_Installationen)=0) +Eing_Invest_Wärmenetz*(MOD((AS47-1),Eing_Nutzungsdauer_Netz)=0) +Eing_Invest_Messung*(MOD((AS47-1),Eing_Nutzungsdauer_Messung)=0))*(1+Eing_allg_Teuerung/100)^(AS47-1)) +(Gesamtinvestition-SUM('E1_Données de projet'!$D$79:$D$80))*SUMPRODUCT(('E1_Données de projet'!$D$83:$D$87=B47)*'E1_Données de projet'!$F$83:$F$87)/100-AM47 +AQ46} -> 1766387.9 | AR47: =-SUM(AX47,BB47) -> -1260526.3 | AS47: =MAX(B1_Calculs!B47-'E1_Données de projet'!$D$23,0) -> 2 | AT47: =AT46-B1_Calculs!I47 -> 0 | AU47: =AU46-AV46+(Eing_Kredit_1*(B47=Eing_Kreditstartjahr_1)) -> 0 | AV47: =IF((SUM(H$44:H47)-SUM(I$44:I47))<=AU47,MAX((SUM(H$44:H47)-SUM(I$44:I47)),0),AU47) -> 0 | AW47: =IF(Eing_Kreditlaufzeit_1=0,0,(IF(Eing_Kreditlaufzeit_1<>0,(Eing_Kredit_1/(Eing_Kreditlaufzeit_1+Eing_Kreditstartjahr_1-Eing_StartAmortisation_Kredit1))*(Eing_Kreditlaufzeit_1>B47-Eing_Kreditstartjahr_1)*(B47>=Eing_StartAmortisation_Kredit1)))) -> 44736.842 | AX47: =AX46+AV47-AW47 -> 760526.32 | AY47: =AY46-AZ46+(Eing_Kredit_2*(B47=Eing_Kreditstartjahr_2)) -> 0 | AZ47: =IF((SUM(H$44:H47)-SUM(I$44:I47)-AV47)<=AY47,MAX((SUM(H$44:H47)-SUM(I$44:I47)-AV47),0),AY47) -> 0 | BA47: =IF(Eing_Kreditlaufzeit_2=0,0,(IF(Eing_Kreditlaufzeit_2<>0,(Eing_Kredit_2/(Eing_Kreditlaufzeit_2+Eing_Kreditstartjahr_2-Eing_StartAmortisation_Kredit2))*(Eing_Kreditlaufzeit_2>B47-Eing_Kreditstartjahr_2)*(B47>=Eing_StartAmortisation_Kredit2)))) -> 0 | BB47: =BB46+AZ47-BA47 -> 500000 | BC47: =SUM(-H47,AK47,AQ47) -> 2141381.1 | BD47: =SUM(-H47,AK47) -> 374993.15
B48: =B47+1 -> 2028 | C48: {=(SUMPRODUCT((E3_Consommateurs!$D$21:$XFD$21<B1_Calculs!B48)*E3_Consommateurs!$D$18:$XFD$18)+SUMPRODUCT((E3_Consommateurs!$D$21:$XFD$21=B1_Calculs!B48)*E3_Consommateurs!$D$18:$XFD$18*E3_Consommateurs!$D$20:$XFD$20))/(100-Eing_Netzverluste)*100*(1-Eing_AbnW/100)^(B1_Calculs!B48-Eing_Beginnjahr)} -> 2372.6721 | D48: =IF(mittl_Erzeugte_Wärmemenge=0,0,C48/mittl_Erzeugte_Wärmemenge*100) -> 115.99869 | E48: {=IF(AS48=0,0, (Eing_Kosten_Bau*(MOD((AS48),Eing_Nutzungsdauer_Bau)=0) +Eing_Invest_HolzAnlage*(MOD((AS48),Eing_Nutzungsdauer_Holz)=0) +Eing_Invest_WKKAnlage*(MOD((AS48),Eing_Nutzungsdauer_WKK)=0) +Eing_Invest_WPAnlage*(MOD((AS48),Eing_Nutzungsdauer_WP)=0) +Eing_Invest_SondenGrundwasser*(MOD((AS48),Eing_Nutzungsdauer_SondenGW)=0) +Eing_Invest_Zusatz*(MOD((AS48),Eing_Nutzungsdauer_Zusatz)=0) +Eing_Invest_AWN*(MOD((AS48),Eing_Nutzungsdauer_AWN)=0) +Eing_Invest_Spitzenlast*(MOD((AS48),Eing_Nutzungsdauer_Spitzenlast)=0) +Eing_Invest_Installationen*(MOD((AS48),Eing_Nutzungsdauer_Installationen)=0) +Eing_Invest_Wärmenetz*(MOD((AS48),Eing_Nutzungsdauer_Netz)=0) +Eing_Invest_Messung*(MOD((AS48),Eing_Nutzungsdauer_Messung)=0))*(1+Eing_allg_Teuerung/100)^(AS48)) +Gesamtinvestition*SUMPRODUCT(('E1_Données de projet'!$D$83:$D$87=B48)*'E1_Données de projet'!$F$83:$F$87)/100} -> 0 | F48: =-SUM(Einmaliger_Förderbeitrag_1*(B48=Förderungsauszahlung_1),Einmaliger_Förderbeitrag_2*(B48=Förderungsauszahlung_2),Einmaliger_Förderbeitrag_3*(B48=Förderungsauszahlung_3)) -> 0 | G48: {=-SUMPRODUCT((E3_Consommateurs!$D$21:$XFD$21=B1_Calculs!B48)*E3_Consommateurs!$D$23:$XFD$23)} -> 0 | H48: =SUM(E48:G48) -> 0 | I48: =IF(H48<=0,0,MIN(AT47,H48)) -> 0 | J48: =AV48+AZ48 -> 0 | K48: =K47-H48+SUM(I48:J48) -> 828000 | L48: =AL48 -> -97376.963 | M48: =IF(ISNUMBER(IRR((BD$44:BD47,BC48))),IRR((BD$44:BD47,BC48)),"-") -> 0.08900705 | N48: {=SUM((SUMPRODUCT((E3_Consommateurs!$D$21:$XFD$21<B1_Calculs!B48)*E3_Consommateurs!$D$26:$XFD$26)+SUMPRODUCT((E3_Consommateurs!$D$21:$XFD$21=B1_Calculs!B48)*E3_Consommateurs!$D$26:$XFD$26*E3_Consommateurs!$D$20:$XFD$20))*(1+$G$30)^(B48-B$44),(SUMPRODUCT((E3_Consommateurs!$D$21:$XFD$21<B1_Calculs!B48)*E3_Consommateurs!$D$27:$XFD$27)+SUMPRODUCT((E3_Consommateurs!$D$21:$XFD$21=B1_Calculs!B48)*E3_Consommateurs!$D$27:$XFD$27*E3_Consommateurs!$D$20:$XFD$20))*((1+$G$30)*(1-'E1_Données de projet'!$D$20/100))^(B48-B$44))} -> 371787.51 | O48: =-$F$28*D48/100*((1+$G$28)^(B48-$B$44)) -> 0 | P48: =-$F$29*D48/100*((1+$G$29)^(B48-$B$44)) -> 0 | Q48: =SUM(Eing_jährlicher_Förderbeitrag_1*((B48-Eing_Erstauszahlung_jährlFörderung_1)<=(Eing_Förderung_wiederholend_Laufzeit_1-1))*(B48>=Eing_Erstauszahlung_jährlFörderung_1),Eing_jährlicher_Förderbeitrag_2*((B48-Eing_Erstauszahlung_jährlFörderung_2)<=(Eing_Förderung_wiederholend_Laufzeit_2-1))*(B48>=Eing_Erstauszahlung_jährlFörderung_2)) -> 0 | T48: =IF(S48,S48,SUM(N48:R48)) -> 371787.51 | U48: =Energiekosten_Holzschnitzel*D48/100*((1+$G$16)^(B48-$B$44)) -> 99130.838 | V48: =Energiekosten_WKK*D48/100*((1+$G$17)^(B48-$B$44)) -> 0 | W48: =Energiekosten_Zusatz*D48/100*((1+$G$18)^(B48-$B$44)) -> 0 | X48: =Energiekosten_AWN*D48/100*((1+$G$19)^(B48-$B$44)) -> 0 | Y48: =Energiekosten_fossil*D48/100*(1+$G$20)^(B48-$B$44) -> 0 | Z48: =Stromkosten_WP*D48/100*((1+$G$21)^(B48-$B$44)) -> 32487.002 | AA48: =Stromkosten_Hilfsenergie*D48/100*((1+$G$21)^(B48-$B$44)) -> 12345.061 | AB48: =($F$22*(1+$G$22)^(B48-B$44)+$F$23*(1+$G$23)^(B48-B$44))*(B48>=Eing_JahrBegWLief)*VLOOKUP(B48,'E1_Données de projet'!$D$83:$I$87,6)/100 -> 26389.718 | AC48: =$F$24*(1+$G$24)^(B48-B$44)*(B48>=Eing_JahrBegWLief)*VLOOKUP(B48,'E1_Données de projet'!$D$83:$I$87,6)/100 -> 37628.241 | AD48: =Eing_Kosten_Grundstück*(1+$G$25)^(B48-B$44)+Eing_Sonstige_Kosten*(1+$G$26)^(B48-B$44) -> 36004.899 | AG48: =SUM(AX48*Eing_Kreditzinssatz_1/100,BB48*Eing_Kreditzinssatz_2/100) -> 28973.684 | AH48: =IF(AF48,SUM(AF48:AG48),SUM(U48:AG48)) -> 272959.44 | AI48: =SUM(AW48,BA48) -> 44736.842 | AJ48: =SUM(AH48,AI48) -> 317696.28 | AK48: =SUM(-AJ48,T48) -> 54091.23 | AL48: =AL47+AK48 -> -97376.963 | AM48: =('E1_Données de projet'!$D$68*(1+Eing_allg_Teuerung/100)^('E1_Données de projet'!$I$68*ROUNDDOWN((AS48-1)/'E1_Données de projet'!$I$68,0))/'E1_Données de projet'!$I$68 +'E1_Données de projet'!$D$69*(1+Eing_allg_Teuerung/100)^('E1_Données de projet'!$I$69*ROUNDDOWN((AS48-1)/'E1_Données de projet'!$I$69,0))/'E1_Données de projet'!$I$69 +'E1_Données de projet'!$D$70*(1+Eing_allg_Teuerung/100)^('E1_Données de projet'!$I$70*ROUNDDOWN((AS48-1)/'E1_Données de projet'!$I$69,0))/'E1_Données de projet'!$I$70 +'E1_Données de projet'!$D$71*(1+Eing_allg_Teuerung/100)^('E1_Données de projet'!$I$71*ROUNDDOWN((AS48-1)/'E1_Données de projet'!$I$69,0))/'E1_Données de projet'!$I$71 +'E1_Données de projet'!$D$72*(1+Eing_allg_Teuerung/100)^('E1_Données de projet'!$I$72*ROUNDDOWN((AS48-1)/'E1_Données de projet'!$I$69,0))/'E1_Données de projet'!$I$72 +'E1_Données de projet'!$D$74*(1+Eing_allg_Teuerung/100)^('E1_Données de projet'!$I$74*ROUNDDOWN((AS48-1)/'E1_Données de projet'!$I$69,0))/'E1_Données de projet'!$I$74 +'E1_Données de projet'!$D$75*(1+Eing_allg_Teuerung/100)^('E1_Données de projet'!$I$75*ROUNDDOWN((AS48-1)/'E1_Données de projet'!$I$75,0))/'E1_Données de projet'!$I$75 +'E1_Données de projet'!$D$76*(1+Eing_allg_Teuerung/100)^('E1_Données de projet'!$I$76*ROUNDDOWN((AS48-1)/'E1_Données de projet'!$I$76,0))/'E1_Données de projet'!$I$76 +'E1_Données de projet'!$D$77*(1+Eing_allg_Teuerung/100)^('E1_Données de projet'!$I$77*ROUNDDOWN((AS48-1)/'E1_Données de projet'!$I$77,0))/'E1_Données de projet'!$I$77 +'E1_Données de projet'!$D$78*(1+Eing_allg_Teuerung/100)^('E1_Données de projet'!$I$78*ROUNDDOWN((AS48-1)/'E1_Données de projet'!$I$78,0))/'E1_Données de projet'!$I$78 +'E1_Données de projet'!$D$80*(1+Eing_allg_Teuerung/100)^('E1_Données de projet'!$I$80*ROUNDDOWN((AS48-1)/'E1_Données de projet'!$I$69,0))/'E1_Données de projet'!$I$80 )*((AS48)>0)*VLOOKUP(B48,'E1_Données de projet'!$D$83:$I$87,6 )/100 -> 80806.035 | AN48: =SUM(AH48,AM48) -> 353765.48 | AO48: =SUM(T48,-AN48) -> 18022.036 | AP48: =AP47+AO48 -> -205584.54 | AQ48: {=IF(AS48-1<=0,0, (Eing_Kosten_Bau*(MOD((AS48-1),Eing_Nutzungsdauer_Bau)=0) +Eing_Invest_HolzAnlage*(MOD((AS48-1),Eing_Nutzungsdauer_Holz)=0) +Eing_Invest_WKKAnlage*(MOD((AS48-1),Eing_Nutzungsdauer_WKK)=0) +Eing_Invest_WPAnlage*(MOD((AS48-1),Eing_Nutzungsdauer_WP)=0) +Eing_Invest_SondenGrundwasser*(MOD((AS48-1),Eing_Nutzungsdauer_SondenGW)=0) +Eing_Invest_AWN*(MOD((AS48-1),Eing_Nutzungsdauer_AWN)=0) +Eing_Invest_Spitzenlast*(MOD((AS48-1),Eing_Nutzungsdauer_Spitzenlast)=0) +Eing_Invest_Installationen*(MOD((AS48-1),Eing_Nutzungsdauer_Installationen)=0) +Eing_Invest_Wärmenetz*(MOD((AS48-1),Eing_Nutzungsdauer_Netz)=0) +Eing_Invest_Messung*(MOD((AS48-1),Eing_Nutzungsdauer_Messung)=0))*(1+Eing_allg_Teuerung/100)^(AS48-1)) +(Gesamtinvestition-SUM('E1_Données de projet'!$D$79:$D$80))*SUMPRODUCT(('E1_Données de projet'!$D$83:$D$87=B48)*'E1_Données de projet'!$F$83:$F$87)/100-AM48 +AQ47} -> 1685581.9 | AR48: =-SUM(AX48,BB48) -> -1215789.5 | AS48: =MAX(B1_Calculs!B48-'E1_Données de projet'!$D$23,0) -> 3 | AT48: =AT47-B1_Calculs!I48 -> 0 | AU48: =AU47-AV47+(Eing_Kredit_1*(B48=Eing_Kreditstartjahr_1)) -> 0 | AV48: =IF((SUM(H$44:H48)-SUM(I$44:I48))<=AU48,MAX((SUM(H$44:H48)-SUM(I$44:I48)),0),AU48) -> 0 | AW48: =IF(Eing_Kreditlaufzeit_1=0,0,(IF(Eing_Kreditlaufzeit_1<>0,(Eing_Kredit_1/(Eing_Kreditlaufzeit_1+Eing_Kreditstartjahr_1-Eing_StartAmortisation_Kredit1))*(Eing_Kreditlaufzeit_1>B48-Eing_Kreditstartjahr_1)*(B48>=Eing_StartAmortisation_Kredit1)))) -> 44736.842 | AX48: =AX47+AV48-AW48 -> 715789.47 | AY48: =AY47-AZ47+(Eing_Kredit_2*(B48=Eing_Kreditstartjahr_2)) -> 0 | AZ48: =IF((SUM(H$44:H48)-SUM(I$44:I48)-AV48)<=AY48,MAX((SUM(H$44:H48)-SUM(I$44:I48)-AV48),0),AY48) -> 0 | BA48: =IF(Eing_Kreditlaufzeit_2=0,0,(IF(Eing_Kreditlaufzeit_2<>0,(Eing_Kredit_2/(Eing_Kreditlaufzeit_2+Eing_Kreditstartjahr_2-Eing_StartAmortisation_Kredit2))*(Eing_Kreditlaufzeit_2>B48-Eing_Kreditstartjahr_2)*(B48>=Eing_StartAmortisation_Kredit2)))) -> 0 | BB48: =BB47+AZ48-BA48 -> 500000 | BC48: =SUM(-H48,AK48,AQ48) -> 1739673.1 | BD48: =SUM(-H48,AK48) -> 54091.23
B49: =B48+1 -> 2029 | C49: {=(SUMPRODUCT((E3_Consommateurs!$D$21:$XFD$21<B1_Calculs!B49)*E3_Consommateurs!$D$18:$XFD$18)+SUMPRODUCT((E3_Consommateurs!$D$21:$XFD$21=B1_Calculs!B49)*E3_Consommateurs!$D$18:$XFD$18*E3_Consommateurs!$D$20:$XFD$20))/(100-Eing_Netzverluste)*100*(1-Eing_AbnW/100)^(B1_Calculs!B49-Eing_Beginnjahr)} -> 2348.9454 | D49: =IF(mittl_Erzeugte_Wärmemenge=0,0,C49/mittl_Erzeugte_Wärmemenge*100) -> 114.8387 | E49: {=IF(AS49=0,0, (Eing_Kosten_Bau*(MOD((AS49),Eing_Nutzungsdauer_Bau)=0) +Eing_Invest_HolzAnlage*(MOD((AS49),Eing_Nutzungsdauer_Holz)=0) +Eing_Invest_WKKAnlage*(MOD((AS49),Eing_Nutzungsdauer_WKK)=0) +Eing_Invest_WPAnlage*(MOD((AS49),Eing_Nutzungsdauer_WP)=0) +Eing_Invest_SondenGrundwasser*(MOD((AS49),Eing_Nutzungsdauer_SondenGW)=0) +Eing_Invest_Zusatz*(MOD((AS49),Eing_Nutzungsdauer_Zusatz)=0) +Eing_Invest_AWN*(MOD((AS49),Eing_Nutzungsdauer_AWN)=0) +Eing_Invest_Spitzenlast*(MOD((AS49),Eing_Nutzungsdauer_Spitzenlast)=0) +Eing_Invest_Installationen*(MOD((AS49),Eing_Nutzungsdauer_Installationen)=0) +Eing_Invest_Wärmenetz*(MOD((AS49),Eing_Nutzungsdauer_Netz)=0) +Eing_Invest_Messung*(MOD((AS49),Eing_Nutzungsdauer_Messung)=0))*(1+Eing_allg_Teuerung/100)^(AS49)) +Gesamtinvestition*SUMPRODUCT(('E1_Données de projet'!$D$83:$D$87=B49)*'E1_Données de projet'!$F$83:$F$87)/100} -> 0 | F49: =-SUM(Einmaliger_Förderbeitrag_1*(B49=Förderungsauszahlung_1),Einmaliger_Förderbeitrag_2*(B49=Förderungsauszahlung_2),Einmaliger_Förderbeitrag_3*(B49=Förderungsauszahlung_3)) -> 0 | G49: {=-SUMPRODUCT((E3_Consommateurs!$D$21:$XFD$21=B1_Calculs!B49)*E3_Consommateurs!$D$23:$XFD$23)} -> 0 | H49: =SUM(E49:G49) -> 0 | I49: =IF(H49<=0,0,MIN(AT48,H49)) -> 0 | J49: =AV49+AZ49 -> 0 | K49: =K48-H49+SUM(I49:J49) -> 828000 | L49: =AL49 -> -41455.917 | M49: =IF(ISNUMBER(IRR((BD$44:BD48,BC49))),IRR((BD$44:BD48,BC49)),"-") -> 0.069925477 | N49: {=SUM((SUMPRODUCT((E3_Consommateurs!$D$21:$XFD$21<B1_Calculs!B49)*E3_Consommateurs!$D$26:$XFD$26)+SUMPRODUCT((E3_Consommateurs!$D$21:$XFD$21=B1_Calculs!B49)*E3_Consommateurs!$D$26:$XFD$26*E3_Consommateurs!$D$20:$XFD$20))*(1+$G$30)^(B49-B$44),(SUMPRODUCT((E3_Consommateurs!$D$21:$XFD$21<B1_Calculs!B49)*E3_Consommateurs!$D$27:$XFD$27)+SUMPRODUCT((E3_Consommateurs!$D$21:$XFD$21=B1_Calculs!B49)*E3_Consommateurs!$D$27:$XFD$27*E3_Consommateurs!$D$20:$XFD$20))*((1+$G$30)*(1-'E1_Données de projet'!$D$20/100))^(B49-B$44))} -> 373261.06 | O49: =-$F$28*D49/100*((1+$G$28)^(B49-$B$44)) -> 0 | P49: =-$F$29*D49/100*((1+$G$29)^(B49-$B$44)) -> 0 | Q49: =SUM(Eing_jährlicher_Förderbeitrag_1*((B49-Eing_Erstauszahlung_jährlFörderung_1)<=(Eing_Förderung_wiederholend_Laufzeit_1-1))*(B49>=Eing_Erstauszahlung_jährlFörderung_1),Eing_jährlicher_Förderbeitrag_2*((B49-Eing_Erstauszahlung_jährlFörderung_2)<=(Eing_Förderung_wiederholend_Laufzeit_2-1))*(B49>=Eing_Erstauszahlung_jährlFörderung_2)) -> 0 | T49: =IF(S49,S49,SUM(N49:R49)) -> 373261.06 | U49: =Energiekosten_Holzschnitzel*D49/100*((1+$G$16)^(B49-$B$44)) -> 99120.925 | V49: =Energiekosten_WKK*D49/100*((1+$G$17)^(B49-$B$44)) -> 0 | W49: =Energiekosten_Zusatz*D49/100*((1+$G$18)^(B49-$B$44)) -> 0 | X49: =Energiekosten_AWN*D49/100*((1+$G$19)^(B49-$B$44)) -> 0 | Y49: =Energiekosten_fossil*D49/100*(1+$G$20)^(B49-$B$44) -> 0 | Z49: =Stromkosten_WP*D49/100*((1+$G$21)^(B49-$B$44)) -> 32483.753 | AA49: =Stromkosten_Hilfsenergie*D49/100*((1+$G$21)^(B49-$B$44)) -> 12343.826 | AB49: =($F$22*(1+$G$22)^(B49-B$44)+$F$23*(1+$G$23)^(B49-B$44))*(B49>=Eing_JahrBegWLief)*VLOOKUP(B49,'E1_Données de projet'!$D$83:$I$87,6)/100 -> 26653.615 | AC49: =$F$24*(1+$G$24)^(B49-B$44)*(B49>=Eing_JahrBegWLief)*VLOOKUP(B49,'E1_Données de projet'!$D$83:$I$87,6)/100 -> 38004.523 | AD49: =Eing_Kosten_Grundstück*(1+$G$25)^(B49-B$44)+Eing_Sonstige_Kosten*(1+$G$26)^(B49-B$44) -> 36364.948 | AG49: =SUM(AX49*Eing_Kreditzinssatz_1/100,BB49*Eing_Kreditzinssatz_2/100) -> 27631.579 | AH49: =IF(AF49,SUM(AF49:AG49),SUM(U49:AG49)) -> 272603.17 | AI49: =SUM(AW49,BA49) -> 44736.842 | AJ49: =SUM(AH49,AI49) -> 317340.01 | AK49: =SUM(-AJ49,T49) -> 55921.046 | AL49: =AL48+AK49 -> -41455.917 | AM49: =('E1_Données de projet'!$D$68*(1+Eing_allg_Teuerung/100)^('E1_Données de projet'!$I$68*ROUNDDOWN((AS49-1)/'E1_Données de projet'!$I$68,0))/'E1_Données de projet'!$I$68 +'E1_Données de projet'!$D$69*(1+Eing_allg_Teuerung/100)^('E1_Données de projet'!$I$69*ROUNDDOWN((AS49-1)/'E1_Données de projet'!$I$69,0))/'E1_Données de projet'!$I$69 +'E1_Données de projet'!$D$70*(1+Eing_allg_Teuerung/100)^('E1_Données de projet'!$I$70*ROUNDDOWN((AS49-1)/'E1_Données de projet'!$I$69,0))/'E1_Données de projet'!$I$70 +'E1_Données de projet'!$D$71*(1+Eing_allg_Teuerung/100)^('E1_Données de projet'!$I$71*ROUNDDOWN((AS49-1)/'E1_Données de projet'!$I$69,0))/'E1_Données de projet'!$I$71 +'E1_Données de projet'!$D$72*(1+Eing_allg_Teuerung/100)^('E1_Données de projet'!$I$72*ROUNDDOWN((AS49-1)/'E1_Données de projet'!$I$69,0))/'E1_Données de projet'!$I$72 +'E1_Données de projet'!$D$74*(1+Eing_allg_Teuerung/100)^('E1_Données de projet'!$I$74*ROUNDDOWN((AS49-1)/'E1_Données de projet'!$I$69,0))/'E1_Données de projet'!$I$74 +'E1_Données de projet'!$D$75*(1+Eing_allg_Teuerung/100)^('E1_Données de projet'!$I$75*ROUNDDOWN((AS49-1)/'E1_Données de projet'!$I$75,0))/'E1_Données de projet'!$I$75 +'E1_Données de projet'!$D$76*(1+Eing_allg_Teuerung/100)^('E1_Données de projet'!$I$76*ROUNDDOWN((AS49-1)/'E1_Données de projet'!$I$76,0))/'E1_Données de projet'!$I$76 +'E1_Données de projet'!$D$77*(1+Eing_allg_Teuerung/100)^('E1_Données de projet'!$I$77*ROUNDDOWN((AS49-1)/'E1_Données de projet'!$I$77,0))/'E1_Données de projet'!$I$77 +'E1_Données de projet'!$D$78*(1+Eing_allg_Teuerung/100)^('E1_Données de projet'!$I$78*ROUNDDOWN((AS49-1)/'E1_Données de projet'!$I$78,0))/'E1_Données de projet'!$I$78 +'E1_Données de projet'!$D$80*(1+Eing_allg_Teuerung/100)^('E1_Données de projet'!$I$80*ROUNDDOWN((AS49-1)/'E1_Données de projet'!$I$69,0))/'E1_Données de projet'!$I$80 )*((AS49)>0)*VLOOKUP(B49,'E1_Données de projet'!$D$83:$I$87,6 )/100 -> 80806.035 | AN49: =SUM(AH49,AM49) -> 353409.2 | AO49: =SUM(T49,-AN49) -> 19851.852 | AP49: =AP48+AO49 -> -185732.69 | AQ49: {=IF(AS49-1<=0,0, (Eing_Kosten_Bau*(MOD((AS49-1),Eing_Nutzungsdauer_Bau)=0) +Eing_Invest_HolzAnlage*(MOD((AS49-1),Eing_Nutzungsdauer_Holz)=0) +Eing_Invest_WKKAnlage*(MOD((AS49-1),Eing_Nutzungsdauer_WKK)=0) +Eing_Invest_WPAnlage*(MOD((AS49-1),Eing_Nutzungsdauer_WP)=0) +Eing_Invest_SondenGrundwasser*(MOD((AS49-1),Eing_Nutzungsdauer_SondenGW)=0) +Eing_Invest_AWN*(MOD((AS49-1),Eing_Nutzungsdauer_AWN)=0) +Eing_Invest_Spitzenlast*(MOD((AS49-1),Eing_Nutzungsdauer_Spitzenlast)=0) +Eing_Invest_Installationen*(MOD((AS49-1),Eing_Nutzungsdauer_Installationen)=0) +Eing_Invest_Wärmenetz*(MOD((AS49-1),Eing_Nutzungsdauer_Netz)=0) +Eing_Invest_Messung*(MOD((AS49-1),Eing_Nutzungsdauer_Messung)=0))*(1+Eing_allg_Teuerung/100)^(AS49-1)) +(Gesamtinvestition-SUM('E1_Données de projet'!$D$79:$D$80))*SUMPRODUCT(('E1_Données de projet'!$D$83:$D$87=B49)*'E1_Données de projet'!$F$83:$F$87)/100-AM49 +AQ48} -> 1604775.9 | AR49: =-SUM(AX49,BB49) -> -1171052.6 | AS49: =MAX(B1_Calculs!B49-'E1_Données de projet'!$D$23,0) -> 4 | AT49: =AT48-B1_Calculs!I49 -> 0 | AU49: =AU48-AV48+(Eing_Kredit_1*(B49=Eing_Kreditstartjahr_1)) -> 0 | AV49: =IF((SUM(H$44:H49)-SUM(I$44:I49))<=AU49,MAX((SUM(H$44:H49)-SUM(I$44:I49)),0),AU49) -> 0 | AW49: =IF(Eing_Kreditlaufzeit_1=0,0,(IF(Eing_Kreditlaufzeit_1<>0,(Eing_Kredit_1/(Eing_Kreditlaufzeit_1+Eing_Kreditstartjahr_1-Eing_StartAmortisation_Kredit1))*(Eing_Kreditlaufzeit_1>B49-Eing_Kreditstartjahr_1)*(B49>=Eing_StartAmortisation_Kredit1)))) -> 44736.842 | AX49: =AX48+AV49-AW49 -> 671052.63 | AY49: =AY48-AZ48+(Eing_Kredit_2*(B49=Eing_Kreditstartjahr_2)) -> 0 | AZ49: =IF((SUM(H$44:H49)-SUM(I$44:I49)-AV49)<=AY49,MAX((SUM(H$44:H49)-SUM(I$44:I49)-AV49),0),AY49) -> 0 | BA49: =IF(Eing_Kreditlaufzeit_2=0,0,(IF(Eing_Kreditlaufzeit_2<>0,(Eing_Kredit_2/(Eing_Kreditlaufzeit_2+Eing_Kreditstartjahr_2-Eing_StartAmortisation_Kredit2))*(Eing_Kreditlaufzeit_2>B49-Eing_Kreditstartjahr_2)*(B49>=Eing_StartAmortisation_Kredit2)))) -> 0 | BB49: =BB48+AZ49-BA49 -> 500000 | BC49: =SUM(-H49,AK49,AQ49) -> 1660696.9 | BD49: =SUM(-H49,AK49) -> 55921.046
B50: =B49+1 -> 2030 | C50: {=(SUMPRODUCT((E3_Consommateurs!$D$21:$XFD$21<B1_Calculs!B50)*E3_Consommateurs!$D$18:$XFD$18)+SUMPRODUCT((E3_Consommateurs!$D$21:$XFD$21=B1_Calculs!B50)*E3_Consommateurs!$D$18:$XFD$18*E3_Consommateurs!$D$20:$XFD$20))/(100-Eing_Netzverluste)*100*(1-Eing_AbnW/100)^(B1_Calculs!B50-Eing_Beginnjahr)} -> 2325.456 | D50: =IF(mittl_Erzeugte_Wärmemenge=0,0,C50/mittl_Erzeugte_Wärmemenge*100) -> 113.69032 | E50: {=IF(AS50=0,0, (Eing_Kosten_Bau*(MOD((AS50),Eing_Nutzungsdauer_Bau)=0) +Eing_Invest_HolzAnlage*(MOD((AS50),Eing_Nutzungsdauer_Holz)=0) +Eing_Invest_WKKAnlage*(MOD((AS50),Eing_Nutzungsdauer_WKK)=0) +Eing_Invest_WPAnlage*(MOD((AS50),Eing_Nutzungsdauer_WP)=0) +Eing_Invest_SondenGrundwasser*(MOD((AS50),Eing_Nutzungsdauer_SondenGW)=0) +Eing_Invest_Zusatz*(MOD((AS50),Eing_Nutzungsdauer_Zusatz)=0) +Eing_Invest_AWN*(MOD((AS50),Eing_Nutzungsdauer_AWN)=0) +Eing_Invest_Spitzenlast*(MOD((AS50),Eing_Nutzungsdauer_Spitzenlast)=0) +Eing_Invest_Installationen*(MOD((AS50),Eing_Nutzungsdauer_Installationen)=0) +Eing_Invest_Wärmenetz*(MOD((AS50),Eing_Nutzungsdauer_Netz)=0) +Eing_Invest_Messung*(MOD((AS50),Eing_Nutzungsdauer_Messung)=0))*(1+Eing_allg_Teuerung/100)^(AS50)) +Gesamtinvestition*SUMPRODUCT(('E1_Données de projet'!$D$83:$D$87=B50)*'E1_Données de projet'!$F$83:$F$87)/100} -> 612000 | F50: =-SUM(Einmaliger_Förderbeitrag_1*(B50=Förderungsauszahlung_1),Einmaliger_Förderbeitrag_2*(B50=Förderungsauszahlung_2),Einmaliger_Förderbeitrag_3*(B50=Förderungsauszahlung_3)) -> 0 | G50: {=-SUMPRODUCT((E3_Consommateurs!$D$21:$XFD$21=B1_Calculs!B50)*E3_Consommateurs!$D$23:$XFD$23)} -> 0 | H50: =SUM(E50:G50) -> 612000 | I50: =IF(H50<=0,0,MIN(AT49,H50)) -> 0 | J50: =AV50+AZ50 -> 0 | K50: =K49-H50+SUM(I50:J50) -> 216000 | L50: =AL50 -> -26.279553 | M50: =IF(ISNUMBER(IRR((BD$44:BD49,BC50))),IRR((BD$44:BD49,BC50)),"-") -> 0.040651402 | N50: {=SUM((SUMPRODUCT((E3_Consommateurs!$D$21:$XFD$21<B1_Calculs!B50)*E3_Consommateurs!$D$26:$XFD$26)+SUMPRODUCT((E3_Consommateurs!$D$21:$XFD$21=B1_Calculs!B50)*E3_Consommateurs!$D$26:$XFD$26*E3_Consommateurs!$D$20:$XFD$20))*(1+$G$30)^(B50-B$44),(SUMPRODUCT((E3_Consommateurs!$D$21:$XFD$21<B1_Calculs!B50)*E3_Consommateurs!$D$27:$XFD$27)+SUMPRODUCT((E3_Consommateurs!$D$21:$XFD$21=B1_Calculs!B50)*E3_Consommateurs!$D$27:$XFD$27*E3_Consommateurs!$D$20:$XFD$20))*((1+$G$30)*(1-'E1_Données de projet'!$D$20/100))^(B50-B$44))} -> 374749.56 | O50: =-$F$28*D50/100*((1+$G$28)^(B50-$B$44)) -> 0 | P50: =-$F$29*D50/100*((1+$G$29)^(B50-$B$44)) -> 0 | Q50: =SUM(Eing_jährlicher_Förderbeitrag_1*((B50-Eing_Erstauszahlung_jährlFörderung_1)<=(Eing_Förderung_wiederholend_Laufzeit_1-1))*(B50>=Eing_Erstauszahlung_jährlFörderung_1),Eing_jährlicher_Förderbeitrag_2*((B50-Eing_Erstauszahlung_jährlFörderung_2)<=(Eing_Förderung_wiederholend_Laufzeit_2-1))*(B50>=Eing_Erstauszahlung_jährlFörderung_2)) -> 0 | T50: =IF(S50,S50,SUM(N50:R50)) -> 374749.56 | U50: =Energiekosten_Holzschnitzel*D50/100*((1+$G$16)^(B50-$B$44)) -> 99111.013 | V50: =Energiekosten_WKK*D50/100*((1+$G$17)^(B50-$B$44)) -> 0 | W50: =Energiekosten_Zusatz*D50/100*((1+$G$18)^(B50-$B$44)) -> 0 | X50: =Energiekosten_AWN*D50/100*((1+$G$19)^(B50-$B$44)) -> 0 | Y50: =Energiekosten_fossil*D50/100*(1+$G$20)^(B50-$B$44) -> 0 | Z50: =Stromkosten_WP*D50/100*((1+$G$21)^(B50-$B$44)) -> 32480.505 | AA50: =Stromkosten_Hilfsenergie*D50/100*((1+$G$21)^(B50-$B$44)) -> 12342.592 | AB50: =($F$22*(1+$G$22)^(B50-B$44)+$F$23*(1+$G$23)^(B50-B$44))*(B50>=Eing_JahrBegWLief)*VLOOKUP(B50,'E1_Données de projet'!$D$83:$I$87,6)/100 -> 33650.189 | AC50: =$F$24*(1+$G$24)^(B50-B$44)*(B50>=Eing_JahrBegWLief)*VLOOKUP(B50,'E1_Données de projet'!$D$83:$I$87,6)/100 -> 47980.711 | AD50: =Eing_Kosten_Grundstück*(1+$G$25)^(B50-B$44)+Eing_Sonstige_Kosten*(1+$G$26)^(B50-B$44) -> 36728.597 | AG50: =SUM(AX50*Eing_Kreditzinssatz_1/100,BB50*Eing_Kreditzinssatz_2/100) -> 26289.474 | AH50: =IF(AF50,SUM(AF50:AG50),SUM(U50:AG50)) -> 288583.08 | AI50: =SUM(AW50,BA50) -> 44736.842 | AJ50: =SUM(AH50,AI50) -> 333319.92 | AK50: =SUM(-AJ50,T50) -> 41429.638 | AL50: =AL49+AK50 -> -26.279553 | AM50: =('E1_Données de projet'!$D$68*(1+Eing_allg_Teuerung/100)^('E1_Données de projet'!$I$68*ROUNDDOWN((AS50-1)/'E1_Données de projet'!$I$68,0))/'E1_Données de projet'!$I$68 +'E1_Données de projet'!$D$69*(1+Eing_allg_Teuerung/100)^('E1_Données de projet'!$I$69*ROUNDDOWN((AS50-1)/'E1_Données de projet'!$I$69,0))/'E1_Données de projet'!$I$69 +'E1_Données de projet'!$D$70*(1+Eing_allg_Teuerung/100)^('E1_Données de projet'!$I$70*ROUNDDOWN((AS50-1)/'E1_Données de projet'!$I$69,0))/'E1_Données de projet'!$I$70 +'E1_Données de projet'!$D$71*(1+Eing_allg_Teuerung/100)^('E1_Données de projet'!$I$71*ROUNDDOWN((AS50-1)/'E1_Données de projet'!$I$69,0))/'E1_Données de projet'!$I$71 +'E1_Données de projet'!$D$72*(1+Eing_allg_Teuerung/100)^('E1_Données de projet'!$I$72*ROUNDDOWN((AS50-1)/'E1_Données de projet'!$I$69,0))/'E1_Données de projet'!$I$72 +'E1_Données de projet'!$D$74*(1+Eing_allg_Teuerung/100)^('E1_Données de projet'!$I$74*ROUNDDOWN((AS50-1)/'E1_Données de projet'!$I$69,0))/'E1_Données de projet'!$I$74 +'E1_Données de projet'!$D$75*(1+Eing_allg_Teuerung/100)^('E1_Données de projet'!$I$75*ROUNDDOWN((AS50-1)/'E1_Données de projet'!$I$75,0))/'E1_Données de projet'!$I$75 +'E1_Données de projet'!$D$76*(1+Eing_allg_Teuerung/100)^('E1_Données de projet'!$I$76*ROUNDDOWN((AS50-1)/'E1_Données de projet'!$I$76,0))/'E1_Données de projet'!$I$76 +'E1_Données de projet'!$D$77*(1+Eing_allg_Teuerung/100)^('E1_Données de projet'!$I$77*ROUNDDOWN((AS50-1)/'E1_Données de projet'!$I$77,0))/'E1_Données de projet'!$I$77 +'E1_Données de projet'!$D$78*(1+Eing_allg_Teuerung/100)^('E1_Données de projet'!$I$78*ROUNDDOWN((AS50-1)/'E1_Données de projet'!$I$78,0))/'E1_Données de projet'!$I$78 +'E1_Données de projet'!$D$80*(1+Eing_allg_Teuerung/100)^('E1_Données de projet'!$I$80*ROUNDDOWN((AS50-1)/'E1_Données de projet'!$I$69,0))/'E1_Données de projet'!$I$80 )*((AS50)>0)*VLOOKUP(B50,'E1_Données de projet'!$D$83:$I$87,6 )/100 -> 101007.54 | AN50: =SUM(AH50,AM50) -> 389590.62 | AO50: =SUM(T50,-AN50) -> -14841.064 | AP50: =AP49+AO50 -> -200573.75 | AQ50: {=IF(AS50-1<=0,0, (Eing_Kosten_Bau*(MOD((AS50-1),Eing_Nutzungsdauer_Bau)=0) +Eing_Invest_HolzAnlage*(MOD((AS50-1),Eing_Nutzungsdauer_Holz)=0) +Eing_Invest_WKKAnlage*(MOD((AS50-1),Eing_Nutzungsdauer_WKK)=0) +Eing_Invest_WPAnlage*(MOD((AS50-1),Eing_Nutzungsdauer_WP)=0) +Eing_Invest_SondenGrundwasser*(MOD((AS50-1),Eing_Nutzungsdauer_SondenGW)=0) +Eing_Invest_AWN*(MOD((AS50-1),Eing_Nutzungsdauer_AWN)=0) +Eing_Invest_Spitzenlast*(MOD((AS50-1),Eing_Nutzungsdauer_Spitzenlast)=0) +Eing_Invest_Installationen*(MOD((AS50-1),Eing_Nutzungsdauer_Installationen)=0) +Eing_Invest_Wärmenetz*(MOD((AS50-1),Eing_Nutzungsdauer_Netz)=0) +Eing_Invest_Messung*(MOD((AS50-1),Eing_Nutzungsdauer_Messung)=0))*(1+Eing_allg_Teuerung/100)^(AS50-1)) +(Gesamtinvestition-SUM('E1_Données de projet'!$D$79:$D$80))*SUMPRODUCT(('E1_Données de projet'!$D$83:$D$87=B50)*'E1_Données de projet'!$F$83:$F$87)/100-AM50 +AQ49} -> 1985768.3 | AR50: =-SUM(AX50,BB50) -> -1126315.8 | AS50: =MAX(B1_Calculs!B50-'E1_Données de projet'!$D$23,0) -> 5 | AT50: =AT49-B1_Calculs!I50 -> 0 | AU50: =AU49-AV49+(Eing_Kredit_1*(B50=Eing_Kreditstartjahr_1)) -> 0 | AV50: =IF((SUM(H$44:H50)-SUM(I$44:I50))<=AU50,MAX((SUM(H$44:H50)-SUM(I$44:I50)),0),AU50) -> 0 | AW50: =IF(Eing_Kreditlaufzeit_1=0,0,(IF(Eing_Kreditlaufzeit_1<>0,(Eing_Kredit_1/(Eing_Kreditlaufzeit_1+Eing_Kreditstartjahr_1-Eing_StartAmortisation_Kredit1))*(Eing_Kreditlaufzeit_1>B50-Eing_Kreditstartjahr_1)*(B50>=Eing_StartAmortisation_Kredit1)))) -> 44736.842 | AX50: =AX49+AV50-AW50 -> 626315.79 | AY50: =AY49-AZ49+(Eing_Kredit_2*(B50=Eing_Kreditstartjahr_2)) -> 0 | AZ50: =IF((SUM(H$44:H50)-SUM(I$44:I50)-AV50)<=AY50,MAX((SUM(H$44:H50)-SUM(I$44:I50)-AV50),0),AY50) -> 0 | BA50: =IF(Eing_Kreditlaufzeit_2=0,0,(IF(Eing_Kreditlaufzeit_2<>0,(Eing_Kredit_2/(Eing_Kreditlaufzeit_2+Eing_Kreditstartjahr_2-Eing_StartAmortisation_Kredit2))*(Eing_Kreditlaufzeit_2>B50-Eing_Kreditstartjahr_2)*(B50>=Eing_StartAmortisation_Kredit2)))) -> 0 | BB50: =BB49+AZ50-BA50 -> 500000 | BC50: =SUM(-H50,AK50,AQ50) -> 1415198 | BD50: =SUM(-H50,AK50) -> -570570.36
B51: =B50+1 -> 2031 | C51: {=(SUMPRODUCT((E3_Consommateurs!$D$21:$XFD$21<B1_Calculs!B51)*E3_Consommateurs!$D$18:$XFD$18)+SUMPRODUCT((E3_Consommateurs!$D$21:$XFD$21=B1_Calculs!B51)*E3_Consommateurs!$D$18:$XFD$18*E3_Consommateurs!$D$20:$XFD$20))/(100-Eing_Netzverluste)*100*(1-Eing_AbnW/100)^(B1_Calculs!B51-Eing_Beginnjahr)} -> 2302.2014 | D51: =IF(mittl_Erzeugte_Wärmemenge=0,0,C51/mittl_Erzeugte_Wärmemenge*100) -> 112.55341 | E51: {=IF(AS51=0,0, (Eing_Kosten_Bau*(MOD((AS51),Eing_Nutzungsdauer_Bau)=0) +Eing_Invest_HolzAnlage*(MOD((AS51),Eing_Nutzungsdauer_Holz)=0) +Eing_Invest_WKKAnlage*(MOD((AS51),Eing_Nutzungsdauer_WKK)=0) +Eing_Invest_WPAnlage*(MOD((AS51),Eing_Nutzungsdauer_WP)=0) +Eing_Invest_SondenGrundwasser*(MOD((AS51),Eing_Nutzungsdauer_SondenGW)=0) +Eing_Invest_Zusatz*(MOD((AS51),Eing_Nutzungsdauer_Zusatz)=0) +Eing_Invest_AWN*(MOD((AS51),Eing_Nutzungsdauer_AWN)=0) +Eing_Invest_Spitzenlast*(MOD((AS51),Eing_Nutzungsdauer_Spitzenlast)=0) +Eing_Invest_Installationen*(MOD((AS51),Eing_Nutzungsdauer_Installationen)=0) +Eing_Invest_Wärmenetz*(MOD((AS51),Eing_Nutzungsdauer_Netz)=0) +Eing_Invest_Messung*(MOD((AS51),Eing_Nutzungsdauer_Messung)=0))*(1+Eing_allg_Teuerung/100)^(AS51)) +Gesamtinvestition*SUMPRODUCT(('E1_Données de projet'!$D$83:$D$87=B51)*'E1_Données de projet'!$F$83:$F$87)/100} -> 0 | F51: =-SUM(Einmaliger_Förderbeitrag_1*(B51=Förderungsauszahlung_1),Einmaliger_Förderbeitrag_2*(B51=Förderungsauszahlung_2),Einmaliger_Förderbeitrag_3*(B51=Förderungsauszahlung_3)) -> 0 | G51: {=-SUMPRODUCT((E3_Consommateurs!$D$21:$XFD$21=B1_Calculs!B51)*E3_Consommateurs!$D$23:$XFD$23)} -> 0 | H51: =SUM(E51:G51) -> 0 | I51: =IF(H51<=0,0,MIN(AT50,H51)) -> 0 | J51: =AV51+AZ51 -> 0 | K51: =K50-H51+SUM(I51:J51) -> 216000 | L51: =AL51 -> 43079.874 | M51: =IF(ISNUMBER(IRR((BD$44:BD50,BC51))),IRR((BD$44:BD50,BC51)),"-") -> 0.028647566 | N51: {=SUM((SUMPRODUCT((E3_Consommateurs!$D$21:$XFD$21<B1_Calculs!B51)*E3_Consommateurs!$D$26:$XFD$26)+SUMPRODUCT((E3_Consommateurs!$D$21:$XFD$21=B1_Calculs!B51)*E3_Consommateurs!$D$26:$XFD$26*E3_Consommateurs!$D$20:$XFD$20))*(1+$G$30)^(B51-B$44),(SUMPRODUCT((E3_Consommateurs!$D$21:$XFD$21<B1_Calculs!B51)*E3_Consommateurs!$D$27:$XFD$27)+SUMPRODUCT((E3_Consommateurs!$D$21:$XFD$21=B1_Calculs!B51)*E3_Consommateurs!$D$27:$XFD$27*E3_Consommateurs!$D$20:$XFD$20))*((1+$G$30)*(1-'E1_Données de projet'!$D$20/100))^(B51-B$44))} -> 376253.17 | O51: =-$F$28*D51/100*((1+$G$28)^(B51-$B$44)) -> 0 | P51: =-$F$29*D51/100*((1+$G$29)^(B51-$B$44)) -> 0 | Q51: =SUM(Eing_jährlicher_Förderbeitrag_1*((B51-Eing_Erstauszahlung_jährlFörderung_1)<=(Eing_Förderung_wiederholend_Laufzeit_1-1))*(B51>=Eing_Erstauszahlung_jährlFörderung_1),Eing_jährlicher_Förderbeitrag_2*((B51-Eing_Erstauszahlung_jährlFörderung_2)<=(Eing_Förderung_wiederholend_Laufzeit_2-1))*(B51>=Eing_Erstauszahlung_jährlFörderung_2)) -> 0 | T51: =IF(S51,S51,SUM(N51:R51)) -> 376253.17 | U51: =Energiekosten_Holzschnitzel*D51/100*((1+$G$16)^(B51-$B$44)) -> 99101.101 | V51: =Energiekosten_WKK*D51/100*((1+$G$17)^(B51-$B$44)) -> 0 | W51: =Energiekosten_Zusatz*D51/100*((1+$G$18)^(B51-$B$44)) -> 0 | X51: =Energiekosten_AWN*D51/100*((1+$G$19)^(B51-$B$44)) -> 0 | Y51: =Energiekosten_fossil*D51/100*(1+$G$20)^(B51-$B$44) -> 0 | Z51: =Stromkosten_WP*D51/100*((1+$G$21)^(B51-$B$44)) -> 32477.257 | AA51: =Stromkosten_Hilfsenergie*D51/100*((1+$G$21)^(B51-$B$44)) -> 12341.358 | AB51: =($F$22*(1+$G$22)^(B51-B$44)+$F$23*(1+$G$23)^(B51-B$44))*(B51>=Eing_JahrBegWLief)*VLOOKUP(B51,'E1_Données de projet'!$D$83:$I$87,6)/100 -> 33986.691 | AC51: =$F$24*(1+$G$24)^(B51-B$44)*(B51>=Eing_JahrBegWLief)*VLOOKUP(B51,'E1_Données de projet'!$D$83:$I$87,6)/100 -> 48460.518 | AD51: =Eing_Kosten_Grundstück*(1+$G$25)^(B51-B$44)+Eing_Sonstige_Kosten*(1+$G$26)^(B51-B$44) -> 37095.883 | AG51: =SUM(AX51*Eing_Kreditzinssatz_1/100,BB51*Eing_Kreditzinssatz_2/100) -> 24947.368 | AH51: =IF(AF51,SUM(AF51:AG51),SUM(U51:AG51)) -> 288410.18 | AI51: =SUM(AW51,BA51) -> 44736.842 | AJ51: =SUM(AH51,AI51) -> 333147.02 | AK51: =SUM(-AJ51,T51) -> 43106.154 | AL51: =AL50+AK51 -> 43079.874 | AM51: =('E1_Données de projet'!$D$68*(1+Eing_allg_Teuerung/100)^('E1_Données de projet'!$I$68*ROUNDDOWN((AS51-1)/'E1_Données de projet'!$I$68,0))/'E1_Données de projet'!$I$68 +'E1_Données de projet'!$D$69*(1+Eing_allg_Teuerung/100)^('E1_Données de projet'!$I$69*ROUNDDOWN((AS51-1)/'E1_Données de projet'!$I$69,0))/'E1_Données de projet'!$I$69 +'E1_Données de projet'!$D$70*(1+Eing_allg_Teuerung/100)^('E1_Données de projet'!$I$70*ROUNDDOWN((AS51-1)/'E1_Données de projet'!$I$69,0))/'E1_Données de projet'!$I$70 +'E1_Données de projet'!$D$71*(1+Eing_allg_Teuerung/100)^('E1_Données de projet'!$I$71*ROUNDDOWN((AS51-1)/'E1_Données de projet'!$I$69,0))/'E1_Données de projet'!$I$71 +'E1_Données de projet'!$D$72*(1+Eing_allg_Teuerung/100)^('E1_Données de projet'!$I$72*ROUNDDOWN((AS51-1)/'E1_Données de projet'!$I$69,0))/'E1_Données de projet'!$I$72 +'E1_Données de projet'!$D$74*(1+Eing_allg_Teuerung/100)^('E1_Données de projet'!$I$74*ROUNDDOWN((AS51-1)/'E1_Données de projet'!$I$69,0))/'E1_Données de projet'!$I$74 +'E1_Données de projet'!$D$75*(1+Eing_allg_Teuerung/100)^('E1_Données de projet'!$I$75*ROUNDDOWN((AS51-1)/'E1_Données de projet'!$I$75,0))/'E1_Données de projet'!$I$75 +'E1_Données de projet'!$D$76*(1+Eing_allg_Teuerung/100)^('E1_Données de projet'!$I$76*ROUNDDOWN((AS51-1)/'E1_Données de projet'!$I$76,0))/'E1_Données de projet'!$I$76 +'E1_Données de projet'!$D$77*(1+Eing_allg_Teuerung/100)^('E1_Données de projet'!$I$77*ROUNDDOWN((AS51-1)/'E1_Données de projet'!$I$77,0))/'E1_Données de projet'!$I$77 +'E1_Données de projet'!$D$78*(1+Eing_allg_Teuerung/100)^('E1_Données de projet'!$I$78*ROUNDDOWN((AS51-1)/'E1_Données de projet'!$I$78,0))/'E1_Données de projet'!$I$78 +'E1_Données de projet'!$D$80*(1+Eing_allg_Teuerung/100)^('E1_Données de projet'!$I$80*ROUNDDOWN((AS51-1)/'E1_Données de projet'!$I$69,0))/'E1_Données de projet'!$I$80 )*((AS51)>0)*VLOOKUP(B51,'E1_Données de projet'!$D$83:$I$87,6 )/100 -> 101007.54 | AN51: =SUM(AH51,AM51) -> 389417.72 | AO51: =SUM(T51,-AN51) -> -13164.548 | AP51: =AP50+AO51 -> -213738.3 | AQ51: {=IF(AS51-1<=0,0, (Eing_Kosten_Bau*(MOD((AS51-1),Eing_Nutzungsdauer_Bau)=0) +Eing_Invest_HolzAnlage*(MOD((AS51-1),Eing_Nutzungsdauer_Holz)=0) +Eing_Invest_WKKAnlage*(MOD((AS51-1),Eing_Nutzungsdauer_WKK)=0) +Eing_Invest_WPAnlage*(MOD((AS51-1),Eing_Nutzungsdauer_WP)=0) +Eing_Invest_SondenGrundwasser*(MOD((AS51-1),Eing_Nutzungsdauer_SondenGW)=0) +Eing_Invest_AWN*(MOD((AS51-1),Eing_Nutzungsdauer_AWN)=0) +Eing_Invest_Spitzenlast*(MOD((AS51-1),Eing_Nutzungsdauer_Spitzenlast)=0) +Eing_Invest_Installationen*(MOD((AS51-1),Eing_Nutzungsdauer_Installationen)=0) +Eing_Invest_Wärmenetz*(MOD((AS51-1),Eing_Nutzungsdauer_Netz)=0) +Eing_Invest_Messung*(MOD((AS51-1),Eing_Nutzungsdauer_Messung)=0))*(1+Eing_allg_Teuerung/100)^(AS51-1)) +(Gesamtinvestition-SUM('E1_Données de projet'!$D$79:$D$80))*SUMPRODUCT(('E1_Données de projet'!$D$83:$D$87=B51)*'E1_Données de projet'!$F$83:$F$87)/100-AM51 +AQ50} -> 1884760.8 | AR51: =-SUM(AX51,BB51) -> -1081578.9 | AS51: =MAX(B1_Calculs!B51-'E1_Données de projet'!$D$23,0) -> 6 | AT51: =AT50-B1_Calculs!I51 -> 0 | AU51: =AU50-AV50+(Eing_Kredit_1*(B51=Eing_Kreditstartjahr_1)) -> 0 | AV51: =IF((SUM(H$44:H51)-SUM(I$44:I51))<=AU51,MAX((SUM(H$44:H51)-SUM(I$44:I51)),0),AU51) -> 0 | AW51: =IF(Eing_Kreditlaufzeit_1=0,0,(IF(Eing_Kreditlaufzeit_1<>0,(Eing_Kredit_1/(Eing_Kreditlaufzeit_1+Eing_Kreditstartjahr_1-Eing_StartAmortisation_Kredit1))*(Eing_Kreditlaufzeit_1>B51-Eing_Kreditstartjahr_1)*(B51>=Eing_StartAmortisation_Kredit1)))) -> 44736.842 | AX51: =AX50+AV51-AW51 -> 581578.95 | AY51: =AY50-AZ50+(Eing_Kredit_2*(B51=Eing_Kreditstartjahr_2)) -> 0 | AZ51: =IF((SUM(H$44:H51)-SUM(I$44:I51)-AV51)<=AY51,MAX((SUM(H$44:H51)-SUM(I$44:I51)-AV51),0),AY51) -> 0 | BA51: =IF(Eing_Kreditlaufzeit_2=0,0,(IF(Eing_Kreditlaufzeit_2<>0,(Eing_Kredit_2/(Eing_Kreditlaufzeit_2+Eing_Kreditstartjahr_2-Eing_StartAmortisation_Kredit2))*(Eing_Kreditlaufzeit_2>B51-Eing_Kreditstartjahr_2)*(B51>=Eing_StartAmortisation_Kredit2)))) -> 0 | BB51: =BB50+AZ51-BA51 -> 500000 | BC51: =SUM(-H51,AK51,AQ51) -> 1927866.9 | BD51: =SUM(-H51,AK51) -> 43106.154
B52: =B51+1 -> 2032 | C52: {=(SUMPRODUCT((E3_Consommateurs!$D$21:$XFD$21<B1_Calculs!B52)*E3_Consommateurs!$D$18:$XFD$18)+SUMPRODUCT((E3_Consommateurs!$D$21:$XFD$21=B1_Calculs!B52)*E3_Consommateurs!$D$18:$XFD$18*E3_Consommateurs!$D$20:$XFD$20))/(100-Eing_Netzverluste)*100*(1-Eing_AbnW/100)^(B1_Calculs!B52-Eing_Beginnjahr)} -> 2345.8221 | D52: =IF(mittl_Erzeugte_Wärmemenge=0,0,C52/mittl_Erzeugte_Wärmemenge*100) -> 114.686 | E52: {=IF(AS52=0,0, (Eing_Kosten_Bau*(MOD((AS52),Eing_Nutzungsdauer_Bau)=0) +Eing_Invest_HolzAnlage*(MOD((AS52),Eing_Nutzungsdauer_Holz)=0) +Eing_Invest_WKKAnlage*(MOD((AS52),Eing_Nutzungsdauer_WKK)=0) +Eing_Invest_WPAnlage*(MOD((AS52),Eing_Nutzungsdauer_WP)=0) +Eing_Invest_SondenGrundwasser*(MOD((AS52),Eing_Nutzungsdauer_SondenGW)=0) +Eing_Invest_Zusatz*(MOD((AS52),Eing_Nutzungsdauer_Zusatz)=0) +Eing_Invest_AWN*(MOD((AS52),Eing_Nutzungsdauer_AWN)=0) +Eing_Invest_Spitzenlast*(MOD((AS52),Eing_Nutzungsdauer_Spitzenlast)=0) +Eing_Invest_Installationen*(MOD((AS52),Eing_Nutzungsdauer_Installationen)=0) +Eing_Invest_Wärmenetz*(MOD((AS52),Eing_Nutzungsdauer_Netz)=0) +Eing_Invest_Messung*(MOD((AS52),Eing_Nutzungsdauer_Messung)=0))*(1+Eing_allg_Teuerung/100)^(AS52)) +Gesamtinvestition*SUMPRODUCT(('E1_Données de projet'!$D$83:$D$87=B52)*'E1_Données de projet'!$F$83:$F$87)/100} -> 0 | F52: =-SUM(Einmaliger_Förderbeitrag_1*(B52=Förderungsauszahlung_1),Einmaliger_Förderbeitrag_2*(B52=Förderungsauszahlung_2),Einmaliger_Förderbeitrag_3*(B52=Förderungsauszahlung_3)) -> 0 | G52: {=-SUMPRODUCT((E3_Consommateurs!$D$21:$XFD$21=B1_Calculs!B52)*E3_Consommateurs!$D$23:$XFD$23)} -> -65000 | H52: =SUM(E52:G52) -> -65000 | I52: =IF(H52<=0,0,MIN(AT51,H52)) -> 0 | J52: =AV52+AZ52 -> 0 | K52: =K51-H52+SUM(I52:J52) -> 281000 | L52: =AL52 -> 95080.01 | M52: =IF(ISNUMBER(IRR((BD$44:BD51,BC52))),IRR((BD$44:BD51,BC52)),"-") -> 0.025774274 | N52: {=SUM((SUMPRODUCT((E3_Consommateurs!$D$21:$XFD$21<B1_Calculs!B52)*E3_Consommateurs!$D$26:$XFD$26)+SUMPRODUCT((E3_Consommateurs!$D$21:$XFD$21=B1_Calculs!B52)*E3_Consommateurs!$D$26:$XFD$26*E3_Consommateurs!$D$20:$XFD$20))*(1+$G$30)^(B52-B$44),(SUMPRODUCT((E3_Consommateurs!$D$21:$XFD$21<B1_Calculs!B52)*E3_Consommateurs!$D$27:$XFD$27)+SUMPRODUCT((E3_Consommateurs!$D$21:$XFD$21=B1_Calculs!B52)*E3_Consommateurs!$D$27:$XFD$27*E3_Consommateurs!$D$20:$XFD$20))*((1+$G$30)*(1-'E1_Données de projet'!$D$20/100))^(B52-B$44))} -> 389193.84 | O52: =-$F$28*D52/100*((1+$G$28)^(B52-$B$44)) -> 0 | P52: =-$F$29*D52/100*((1+$G$29)^(B52-$B$44)) -> 0 | Q52: =SUM(Eing_jährlicher_Förderbeitrag_1*((B52-Eing_Erstauszahlung_jährlFörderung_1)<=(Eing_Förderung_wiederholend_Laufzeit_1-1))*(B52>=Eing_Erstauszahlung_jährlFörderung_1),Eing_jährlicher_Förderbeitrag_2*((B52-Eing_Erstauszahlung_jährlFörderung_2)<=(Eing_Förderung_wiederholend_Laufzeit_2-1))*(B52>=Eing_Erstauszahlung_jährlFörderung_2)) -> 0 | T52: =IF(S52,S52,SUM(N52:R52)) -> 389193.84 | U52: =Energiekosten_Holzschnitzel*D52/100*((1+$G$16)^(B52-$B$44)) -> 101988.59 | V52: =Energiekosten_WKK*D52/100*((1+$G$17)^(B52-$B$44)) -> 0 | W52: =Energiekosten_Zusatz*D52/100*((1+$G$18)^(B52-$B$44)) -> 0 | X52: =Energiekosten_AWN*D52/100*((1+$G$19)^(B52-$B$44)) -> 0 | Y52: =Energiekosten_fossil*D52/100*(1+$G$20)^(B52-$B$44) -> 0 | Z52: =Stromkosten_WP*D52/100*((1+$G$21)^(B52-$B$44)) -> 33423.542 | AA52: =Stromkosten_Hilfsenergie*D52/100*((1+$G$21)^(B52-$B$44)) -> 12700.946 | AB52: =($F$22*(1+$G$22)^(B52-B$44)+$F$23*(1+$G$23)^(B52-B$44))*(B52>=Eing_JahrBegWLief)*VLOOKUP(B52,'E1_Données de projet'!$D$83:$I$87,6)/100 -> 34326.558 | AC52: =$F$24*(1+$G$24)^(B52-B$44)*(B52>=Eing_JahrBegWLief)*VLOOKUP(B52,'E1_Données de projet'!$D$83:$I$87,6)/100 -> 48945.123 | AD52: =Eing_Kosten_Grundstück*(1+$G$25)^(B52-B$44)+Eing_Sonstige_Kosten*(1+$G$26)^(B52-B$44) -> 37466.842 | AG52: =SUM(AX52*Eing_Kreditzinssatz_1/100,BB52*Eing_Kreditzinssatz_2/100) -> 23605.263 | AH52: =IF(AF52,SUM(AF52:AG52),SUM(U52:AG52)) -> 292456.87 | AI52: =SUM(AW52,BA52) -> 44736.842 | AJ52: =SUM(AH52,AI52) -> 337193.71 | AK52: =SUM(-AJ52,T52) -> 52000.135 | AL52: =AL51+AK52 -> 95080.01 | AM52: =('E1_Données de projet'!$D$68*(1+Eing_allg_Teuerung/100)^('E1_Données de projet'!$I$68*ROUNDDOWN((AS52-1)/'E1_Données de projet'!$I$68,0))/'E1_Données de projet'!$I$68 +'E1_Données de projet'!$D$69*(1+Eing_allg_Teuerung/100)^('E1_Données de projet'!$I$69*ROUNDDOWN((AS52-1)/'E1_Données de projet'!$I$69,0))/'E1_Données de projet'!$I$69 +'E1_Données de projet'!$D$70*(1+Eing_allg_Teuerung/100)^('E1_Données de projet'!$I$70*ROUNDDOWN((AS52-1)/'E1_Données de projet'!$I$69,0))/'E1_Données de projet'!$I$70 +'E1_Données de projet'!$D$71*(1+Eing_allg_Teuerung/100)^('E1_Données de projet'!$I$71*ROUNDDOWN((AS52-1)/'E1_Données de projet'!$I$69,0))/'E1_Données de projet'!$I$71 +'E1_Données de projet'!$D$72*(1+Eing_allg_Teuerung/100)^('E1_Données de projet'!$I$72*ROUNDDOWN((AS52-1)/'E1_Données de projet'!$I$69,0))/'E1_Données de projet'!$I$72 +'E1_Données de projet'!$D$74*(1+Eing_allg_Teuerung/100)^('E1_Données de projet'!$I$74*ROUNDDOWN((AS52-1)/'E1_Données de projet'!$I$69,0))/'E1_Données de projet'!$I$74 +'E1_Données de projet'!$D$75*(1+Eing_allg_Teuerung/100)^('E1_Données de projet'!$I$75*ROUNDDOWN((AS52-1)/'E1_Données de projet'!$I$75,0))/'E1_Données de projet'!$I$75 +'E1_Données de projet'!$D$76*(1+Eing_allg_Teuerung/100)^('E1_Données de projet'!$I$76*ROUNDDOWN((AS52-1)/'E1_Données de projet'!$I$76,0))/'E1_Données de projet'!$I$76 +'E1_Données de projet'!$D$77*(1+Eing_allg_Teuerung/100)^('E1_Données de projet'!$I$77*ROUNDDOWN((AS52-1)/'E1_Données de projet'!$I$77,0))/'E1_Données de projet'!$I$77 +'E1_Données de projet'!$D$78*(1+Eing_allg_Teuerung/100)^('E1_Données de projet'!$I$78*ROUNDDOWN((AS52-1)/'E1_Données de projet'!$I$78,0))/'E1_Données de projet'!$I$78 +'E1_Données de projet'!$D$80*(1+Eing_allg_Teuerung/100)^('E1_Données de projet'!$I$80*ROUNDDOWN((AS52-1)/'E1_Données de projet'!$I$69,0))/'E1_Données de projet'!$I$80 )*((AS52)>0)*VLOOKUP(B52,'E1_Données de projet'!$D$83:$I$87,6 )/100 -> 101007.54 | AN52: =SUM(AH52,AM52) -> 393464.41 | AO52: =SUM(T52,-AN52) -> -4270.567 | AP52: =AP51+AO52 -> -218008.87 | AQ52: {=IF(AS52-1<=0,0, (Eing_Kosten_Bau*(MOD((AS52-1),Eing_Nutzungsdauer_Bau)=0) +Eing_Invest_HolzAnlage*(MOD((AS52-1),Eing_Nutzungsdauer_Holz)=0) +Eing_Invest_WKKAnlage*(MOD((AS52-1),Eing_Nutzungsdauer_WKK)=0) +Eing_Invest_WPAnlage*(MOD((AS52-1),Eing_Nutzungsdauer_WP)=0) +Eing_Invest_SondenGrundwasser*(MOD((AS52-1),Eing_Nutzungsdauer_SondenGW)=0) +Eing_Invest_AWN*(MOD((AS52-1),Eing_Nutzungsdauer_AWN)=0) +Eing_Invest_Spitzenlast*(MOD((AS52-1),Eing_Nutzungsdauer_Spitzenlast)=0) +Eing_Invest_Installationen*(MOD((AS52-1),Eing_Nutzungsdauer_Installationen)=0) +Eing_Invest_Wärmenetz*(MOD((AS52-1),Eing_Nutzungsdauer_Netz)=0) +Eing_Invest_Messung*(MOD((AS52-1),Eing_Nutzungsdauer_Messung)=0))*(1+Eing_allg_Teuerung/100)^(AS52-1)) +(Gesamtinvestition-SUM('E1_Données de projet'!$D$79:$D$80))*SUMPRODUCT(('E1_Données de projet'!$D$83:$D$87=B52)*'E1_Données de projet'!$F$83:$F$87)/100-AM52 +AQ51} -> 1783753.2 | AR52: =-SUM(AX52,BB52) -> -1036842.1 | AS52: =MAX(B1_Calculs!B52-'E1_Données de projet'!$D$23,0) -> 7 | AT52: =AT51-B1_Calculs!I52 -> 0 | AU52: =AU51-AV51+(Eing_Kredit_1*(B52=Eing_Kreditstartjahr_1)) -> 0 | AV52: =IF((SUM(H$44:H52)-SUM(I$44:I52))<=AU52,MAX((SUM(H$44:H52)-SUM(I$44:I52)),0),AU52) -> 0 | AW52: =IF(Eing_Kreditlaufzeit_1=0,0,(IF(Eing_Kreditlaufzeit_1<>0,(Eing_Kredit_1/(Eing_Kreditlaufzeit_1+Eing_Kreditstartjahr_1-Eing_StartAmortisation_Kredit1))*(Eing_Kreditlaufzeit_1>B52-Eing_Kreditstartjahr_1)*(B52>=Eing_StartAmortisation_Kredit1)))) -> 44736.842 | AX52: =AX51+AV52-AW52 -> 536842.11 | AY52: =AY51-AZ51+(Eing_Kredit_2*(B52=Eing_Kreditstartjahr_2)) -> 0 | AZ52: =IF((SUM(H$44:H52)-SUM(I$44:I52)-AV52)<=AY52,MAX((SUM(H$44:H52)-SUM(I$44:I52)-AV52),0),AY52) -> 0 | BA52: =IF(Eing_Kreditlaufzeit_2=0,0,(IF(Eing_Kreditlaufzeit_2<>0,(Eing_Kredit_2/(Eing_Kreditlaufzeit_2+Eing_Kreditstartjahr_2-Eing_StartAmortisation_Kredit2))*(Eing_Kreditlaufzeit_2>B52-Eing_Kreditstartjahr_2)*(B52>=Eing_StartAmortisation_Kredit2)))) -> 0 | BB52: =BB51+AZ52-BA52 -> 500000 | BC52: =SUM(-H52,AK52,AQ52) -> 1900753.4 | BD52: =SUM(-H52,AK52) -> 117000.14
B53: =B52+1 -> 2033 | C53: {=(SUMPRODUCT((E3_Consommateurs!$D$21:$XFD$21<B1_Calculs!B53)*E3_Consommateurs!$D$18:$XFD$18)+SUMPRODUCT((E3_Consommateurs!$D$21:$XFD$21=B1_Calculs!B53)*E3_Consommateurs!$D$18:$XFD$18*E3_Consommateurs!$D$20:$XFD$20))/(100-Eing_Netzverluste)*100*(1-Eing_AbnW/100)^(B1_Calculs!B53-Eing_Beginnjahr)} -> 2388.3401 | D53: =IF(mittl_Erzeugte_Wärmemenge=0,0,C53/mittl_Erzeugte_Wärmemenge*100) -> 116.76469 | E53: {=IF(AS53=0,0, (Eing_Kosten_Bau*(MOD((AS53),Eing_Nutzungsdauer_Bau)=0) +Eing_Invest_HolzAnlage*(MOD((AS53),Eing_Nutzungsdauer_Holz)=0) +Eing_Invest_WKKAnlage*(MOD((AS53),Eing_Nutzungsdauer_WKK)=0) +Eing_Invest_WPAnlage*(MOD((AS53),Eing_Nutzungsdauer_WP)=0) +Eing_Invest_SondenGrundwasser*(MOD((AS53),Eing_Nutzungsdauer_SondenGW)=0) +Eing_Invest_Zusatz*(MOD((AS53),Eing_Nutzungsdauer_Zusatz)=0) +Eing_Invest_AWN*(MOD((AS53),Eing_Nutzungsdauer_AWN)=0) +Eing_Invest_Spitzenlast*(MOD((AS53),Eing_Nutzungsdauer_Spitzenlast)=0) +Eing_Invest_Installationen*(MOD((AS53),Eing_Nutzungsdauer_Installationen)=0) +Eing_Invest_Wärmenetz*(MOD((AS53),Eing_Nutzungsdauer_Netz)=0) +Eing_Invest_Messung*(MOD((AS53),Eing_Nutzungsdauer_Messung)=0))*(1+Eing_allg_Teuerung/100)^(AS53)) +Gesamtinvestition*SUMPRODUCT(('E1_Données de projet'!$D$83:$D$87=B53)*'E1_Données de projet'!$F$83:$F$87)/100} -> 0 | F53: =-SUM(Einmaliger_Förderbeitrag_1*(B53=Förderungsauszahlung_1),Einmaliger_Förderbeitrag_2*(B53=Förderungsauszahlung_2),Einmaliger_Förderbeitrag_3*(B53=Förderungsauszahlung_3)) -> 0 | G53: {=-SUMPRODUCT((E3_Consommateurs!$D$21:$XFD$21=B1_Calculs!B53)*E3_Consommateurs!$D$23:$XFD$23)} -> 0 | H53: =SUM(E53:G53) -> 0 | I53: =IF(H53<=0,0,MIN(AT52,H53)) -> 0 | J53: =AV53+AZ53 -> 0 | K53: =K52-H53+SUM(I53:J53) -> 281000 | L53: =AL53 -> 156075.67 | M53: =IF(ISNUMBER(IRR((BD$44:BD52,BC53))),IRR((BD$44:BD52,BC53)),"-") -> 0.019998826 | N53: {=SUM((SUMPRODUCT((E3_Consommateurs!$D$21:$XFD$21<B1_Calculs!B53)*E3_Consommateurs!$D$26:$XFD$26)+SUMPRODUCT((E3_Consommateurs!$D$21:$XFD$21=B1_Calculs!B53)*E3_Consommateurs!$D$26:$XFD$26*E3_Consommateurs!$D$20:$XFD$20))*(1+$G$30)^(B53-B$44),(SUMPRODUCT((E3_Consommateurs!$D$21:$XFD$21<B1_Calculs!B53)*E3_Consommateurs!$D$27:$XFD$27)+SUMPRODUCT((E3_Consommateurs!$D$21:$XFD$21=B1_Calculs!B53)*E3_Consommateurs!$D$27:$XFD$27*E3_Consommateurs!$D$20:$XFD$20))*((1+$G$30)*(1-'E1_Données de projet'!$D$20/100))^(B53-B$44))} -> 402247.17 | O53: =-$F$28*D53/100*((1+$G$28)^(B53-$B$44)) -> 0 | P53: =-$F$29*D53/100*((1+$G$29)^(B53-$B$44)) -> 0 | Q53: =SUM(Eing_jährlicher_Förderbeitrag_1*((B53-Eing_Erstauszahlung_jährlFörderung_1)<=(Eing_Förderung_wiederholend_Laufzeit_1-1))*(B53>=Eing_Erstauszahlung_jährlFörderung_1),Eing_jährlicher_Förderbeitrag_2*((B53-Eing_Erstauszahlung_jährlFörderung_2)<=(Eing_Förderung_wiederholend_Laufzeit_2-1))*(B53>=Eing_Erstauszahlung_jährlFörderung_2)) -> 0 | T53: =IF(S53,S53,SUM(N53:R53)) -> 402247.17 | U53: =Energiekosten_Holzschnitzel*D53/100*((1+$G$16)^(B53-$B$44)) -> 104875.51 | V53: =Energiekosten_WKK*D53/100*((1+$G$17)^(B53-$B$44)) -> 0 | W53: =Energiekosten_Zusatz*D53/100*((1+$G$18)^(B53-$B$44)) -> 0 | X53: =Energiekosten_AWN*D53/100*((1+$G$19)^(B53-$B$44)) -> 0 | Y53: =Energiekosten_fossil*D53/100*(1+$G$20)^(B53-$B$44) -> 0 | Z53: =Stromkosten_WP*D53/100*((1+$G$21)^(B53-$B$44)) -> 34369.637 | AA53: =Stromkosten_Hilfsenergie*D53/100*((1+$G$21)^(B53-$B$44)) -> 13060.462 | AB53: =($F$22*(1+$G$22)^(B53-B$44)+$F$23*(1+$G$23)^(B53-B$44))*(B53>=Eing_JahrBegWLief)*VLOOKUP(B53,'E1_Données de projet'!$D$83:$I$87,6)/100 -> 34669.823 | AC53: =$F$24*(1+$G$24)^(B53-B$44)*(B53>=Eing_JahrBegWLief)*VLOOKUP(B53,'E1_Données de projet'!$D$83:$I$87,6)/100 -> 49434.574 | AD53: =Eing_Kosten_Grundstück*(1+$G$25)^(B53-B$44)+Eing_Sonstige_Kosten*(1+$G$26)^(B53-B$44) -> 37841.51 | AG53: =SUM(AX53*Eing_Kreditzinssatz_1/100,BB53*Eing_Kreditzinssatz_2/100) -> 22263.158 | AH53: =IF(AF53,SUM(AF53:AG53),SUM(U53:AG53)) -> 296514.67 | AI53: =SUM(AW53,BA53) -> 44736.842 | AJ53: =SUM(AH53,AI53) -> 341251.52 | AK53: =SUM(-AJ53,T53) -> 60995.656 | AL53: =AL52+AK53 -> 156075.67 | AM53: =('E1_Données de projet'!$D$68*(1+Eing_allg_Teuerung/100)^('E1_Données de projet'!$I$68*ROUNDDOWN((AS53-1)/'E1_Données de projet'!$I$68,0))/'E1_Données de projet'!$I$68 +'E1_Données de projet'!$D$69*(1+Eing_allg_Teuerung/100)^('E1_Données de projet'!$I$69*ROUNDDOWN((AS53-1)/'E1_Données de projet'!$I$69,0))/'E1_Données de projet'!$I$69 +'E1_Données de projet'!$D$70*(1+Eing_allg_Teuerung/100)^('E1_Données de projet'!$I$70*ROUNDDOWN((AS53-1)/'E1_Données de projet'!$I$69,0))/'E1_Données de projet'!$I$70 +'E1_Données de projet'!$D$71*(1+Eing_allg_Teuerung/100)^('E1_Données de projet'!$I$71*ROUNDDOWN((AS53-1)/'E1_Données de projet'!$I$69,0))/'E1_Données de projet'!$I$71 +'E1_Données de projet'!$D$72*(1+Eing_allg_Teuerung/100)^('E1_Données de projet'!$I$72*ROUNDDOWN((AS53-1)/'E1_Données de projet'!$I$69,0))/'E1_Données de projet'!$I$72 +'E1_Données de projet'!$D$74*(1+Eing_allg_Teuerung/100)^('E1_Données de projet'!$I$74*ROUNDDOWN((AS53-1)/'E1_Données de projet'!$I$69,0))/'E1_Données de projet'!$I$74 +'E1_Données de projet'!$D$75*(1+Eing_allg_Teuerung/100)^('E1_Données de projet'!$I$75*ROUNDDOWN((AS53-1)/'E1_Données de projet'!$I$75,0))/'E1_Données de projet'!$I$75 +'E1_Données de projet'!$D$76*(1+Eing_allg_Teuerung/100)^('E1_Données de projet'!$I$76*ROUNDDOWN((AS53-1)/'E1_Données de projet'!$I$76,0))/'E1_Données de projet'!$I$76 +'E1_Données de projet'!$D$77*(1+Eing_allg_Teuerung/100)^('E1_Données de projet'!$I$77*ROUNDDOWN((AS53-1)/'E1_Données de projet'!$I$77,0))/'E1_Données de projet'!$I$77 +'E1_Données de projet'!$D$78*(1+Eing_allg_Teuerung/100)^('E1_Données de projet'!$I$78*ROUNDDOWN((AS53-1)/'E1_Données de projet'!$I$78,0))/'E1_Données de projet'!$I$78 +'E1_Données de projet'!$D$80*(1+Eing_allg_Teuerung/100)^('E1_Données de projet'!$I$80*ROUNDDOWN((AS53-1)/'E1_Données de projet'!$I$69,0))/'E1_Données de projet'!$I$80 )*((AS53)>0)*VLOOKUP(B53,'E1_Données de projet'!$D$83:$I$87,6 )/100 -> 101007.54 | AN53: =SUM(AH53,AM53) -> 397522.22 | AO53: =SUM(T53,-AN53) -> 4724.9539 | AP53: =AP52+AO53 -> -213283.92 | AQ53: {=IF(AS53-1<=0,0, (Eing_Kosten_Bau*(MOD((AS53-1),Eing_Nutzungsdauer_Bau)=0) +Eing_Invest_HolzAnlage*(MOD((AS53-1),Eing_Nutzungsdauer_Holz)=0) +Eing_Invest_WKKAnlage*(MOD((AS53-1),Eing_Nutzungsdauer_WKK)=0) +Eing_Invest_WPAnlage*(MOD((AS53-1),Eing_Nutzungsdauer_WP)=0) +Eing_Invest_SondenGrundwasser*(MOD((AS53-1),Eing_Nutzungsdauer_SondenGW)=0) +Eing_Invest_AWN*(MOD((AS53-1),Eing_Nutzungsdauer_AWN)=0) +Eing_Invest_Spitzenlast*(MOD((AS53-1),Eing_Nutzungsdauer_Spitzenlast)=0) +Eing_Invest_Installationen*(MOD((AS53-1),Eing_Nutzungsdauer_Installationen)=0) +Eing_Invest_Wärmenetz*(MOD((AS53-1),Eing_Nutzungsdauer_Netz)=0) +Eing_Invest_Messung*(MOD((AS53-1),Eing_Nutzungsdauer_Messung)=0))*(1+Eing_allg_Teuerung/100)^(AS53-1)) +(Gesamtinvestition-SUM('E1_Données de projet'!$D$79:$D$80))*SUMPRODUCT(('E1_Données de projet'!$D$83:$D$87=B53)*'E1_Données de projet'!$F$83:$F$87)/100-AM53 +AQ52} -> 1682745.7 | AR53: =-SUM(AX53,BB53) -> -992105.26 | AS53: =MAX(B1_Calculs!B53-'E1_Données de projet'!$D$23,0) -> 8 | AT53: =AT52-B1_Calculs!I53 -> 0 | AU53: =AU52-AV52+(Eing_Kredit_1*(B53=Eing_Kreditstartjahr_1)) -> 0 | AV53: =IF((SUM(H$44:H53)-SUM(I$44:I53))<=AU53,MAX((SUM(H$44:H53)-SUM(I$44:I53)),0),AU53) -> 0 | AW53: =IF(Eing_Kreditlaufzeit_1=0,0,(IF(Eing_Kreditlaufzeit_1<>0,(Eing_Kredit_1/(Eing_Kreditlaufzeit_1+Eing_Kreditstartjahr_1-Eing_StartAmortisation_Kredit1))*(Eing_Kreditlaufzeit_1>B53-Eing_Kreditstartjahr_1)*(B53>=Eing_StartAmortisation_Kredit1)))) -> 44736.842 | AX53: =AX52+AV53-AW53 -> 492105.26 | AY53: =AY52-AZ52+(Eing_Kredit_2*(B53=Eing_Kreditstartjahr_2)) -> 0 | AZ53: =IF((SUM(H$44:H53)-SUM(I$44:I53)-AV53)<=AY53,MAX((SUM(H$44:H53)-SUM(I$44:I53)-AV53),0),AY53) -> 0 | BA53: =IF(Eing_Kreditlaufzeit_2=0,0,(IF(Eing_Kreditlaufzeit_2<>0,(Eing_Kredit_2/(Eing_Kreditlaufzeit_2+Eing_Kreditstartjahr_2-Eing_StartAmortisation_Kredit2))*(Eing_Kreditlaufzeit_2>B53-Eing_Kreditstartjahr_2)*(B53>=Eing_StartAmortisation_Kredit2)))) -> 0 | BB53: =BB52+AZ53-BA53 -> 500000 | BC53: =SUM(-H53,AK53,AQ53) -> 1743741.3 | BD53: =SUM(-H53,AK53) -> 60995.656
B54: =B53+1 -> 2034 | C54: {=(SUMPRODUCT((E3_Consommateurs!$D$21:$XFD$21<B1_Calculs!B54)*E3_Consommateurs!$D$18:$XFD$18)+SUMPRODUCT((E3_Consommateurs!$D$21:$XFD$21=B1_Calculs!B54)*E3_Consommateurs!$D$18:$XFD$18*E3_Consommateurs!$D$20:$XFD$20))/(100-Eing_Netzverluste)*100*(1-Eing_AbnW/100)^(B1_Calculs!B54-Eing_Beginnjahr)} -> 2364.4567 | D54: =IF(mittl_Erzeugte_Wärmemenge=0,0,C54/mittl_Erzeugte_Wärmemenge*100) -> 115.59704 | E54: {=IF(AS54=0,0, (Eing_Kosten_Bau*(MOD((AS54),Eing_Nutzungsdauer_Bau)=0) +Eing_Invest_HolzAnlage*(MOD((AS54),Eing_Nutzungsdauer_Holz)=0) +Eing_Invest_WKKAnlage*(MOD((AS54),Eing_Nutzungsdauer_WKK)=0) +Eing_Invest_WPAnlage*(MOD((AS54),Eing_Nutzungsdauer_WP)=0) +Eing_Invest_SondenGrundwasser*(MOD((AS54),Eing_Nutzungsdauer_SondenGW)=0) +Eing_Invest_Zusatz*(MOD((AS54),Eing_Nutzungsdauer_Zusatz)=0) +Eing_Invest_AWN*(MOD((AS54),Eing_Nutzungsdauer_AWN)=0) +Eing_Invest_Spitzenlast*(MOD((AS54),Eing_Nutzungsdauer_Spitzenlast)=0) +Eing_Invest_Installationen*(MOD((AS54),Eing_Nutzungsdauer_Installationen)=0) +Eing_Invest_Wärmenetz*(MOD((AS54),Eing_Nutzungsdauer_Netz)=0) +Eing_Invest_Messung*(MOD((AS54),Eing_Nutzungsdauer_Messung)=0))*(1+Eing_allg_Teuerung/100)^(AS54)) +Gesamtinvestition*SUMPRODUCT(('E1_Données de projet'!$D$83:$D$87=B54)*'E1_Données de projet'!$F$83:$F$87)/100} -> 0 | F54: =-SUM(Einmaliger_Förderbeitrag_1*(B54=Förderungsauszahlung_1),Einmaliger_Förderbeitrag_2*(B54=Förderungsauszahlung_2),Einmaliger_Förderbeitrag_3*(B54=Förderungsauszahlung_3)) -> 0 | G54: {=-SUMPRODUCT((E3_Consommateurs!$D$21:$XFD$21=B1_Calculs!B54)*E3_Consommateurs!$D$23:$XFD$23)} -> 0 | H54: =SUM(E54:G54) -> 0 | I54: =IF(H54<=0,0,MIN(AT53,H54)) -> 0 | J54: =AV54+AZ54 -> 0 | K54: =K53-H54+SUM(I54:J54) -> 281000 | L54: =AL54 -> 218857.28 | M54: =IF(ISNUMBER(IRR((BD$44:BD53,BC54))),IRR((BD$44:BD53,BC54)),"-") -> 0.015567659 | N54: {=SUM((SUMPRODUCT((E3_Consommateurs!$D$21:$XFD$21<B1_Calculs!B54)*E3_Consommateurs!$D$26:$XFD$26)+SUMPRODUCT((E3_Consommateurs!$D$21:$XFD$21=B1_Calculs!B54)*E3_Consommateurs!$D$26:$XFD$26*E3_Consommateurs!$D$20:$XFD$20))*(1+$G$30)^(B54-B$44),(SUMPRODUCT((E3_Consommateurs!$D$21:$XFD$21<B1_Calculs!B54)*E3_Consommateurs!$D$27:$XFD$27)+SUMPRODUCT((E3_Consommateurs!$D$21:$XFD$21=B1_Calculs!B54)*E3_Consommateurs!$D$27:$XFD$27*E3_Consommateurs!$D$20:$XFD$20))*((1+$G$30)*(1-'E1_Données de projet'!$D$20/100))^(B54-B$44))} -> 403895.25 | O54: =-$F$28*D54/100*((1+$G$28)^(B54-$B$44)) -> 0 | P54: =-$F$29*D54/100*((1+$G$29)^(B54-$B$44)) -> 0 | Q54: =SUM(Eing_jährlicher_Förderbeitrag_1*((B54-Eing_Erstauszahlung_jährlFörderung_1)<=(Eing_Förderung_wiederholend_Laufzeit_1-1))*(B54>=Eing_Erstauszahlung_jährlFörderung_1),Eing_jährlicher_Förderbeitrag_2*((B54-Eing_Erstauszahlung_jährlFörderung_2)<=(Eing_Förderung_wiederholend_Laufzeit_2-1))*(B54>=Eing_Erstauszahlung_jährlFörderung_2)) -> 0 | T54: =IF(S54,S54,SUM(N54:R54)) -> 403895.25 | U54: =Energiekosten_Holzschnitzel*D54/100*((1+$G$16)^(B54-$B$44)) -> 104865.02 | V54: =Energiekosten_WKK*D54/100*((1+$G$17)^(B54-$B$44)) -> 0 | W54: =Energiekosten_Zusatz*D54/100*((1+$G$18)^(B54-$B$44)) -> 0 | X54: =Energiekosten_AWN*D54/100*((1+$G$19)^(B54-$B$44)) -> 0 | Y54: =Energiekosten_fossil*D54/100*(1+$G$20)^(B54-$B$44) -> 0 | Z54: =Stromkosten_WP*D54/100*((1+$G$21)^(B54-$B$44)) -> 34366.2 | AA54: =Stromkosten_Hilfsenergie*D54/100*((1+$G$21)^(B54-$B$44)) -> 13059.156 | AB54: =($F$22*(1+$G$22)^(B54-B$44)+$F$23*(1+$G$23)^(B54-B$44))*(B54>=Eing_JahrBegWLief)*VLOOKUP(B54,'E1_Données de projet'!$D$83:$I$87,6)/100 -> 35016.521 | AC54: =$F$24*(1+$G$24)^(B54-B$44)*(B54>=Eing_JahrBegWLief)*VLOOKUP(B54,'E1_Données de projet'!$D$83:$I$87,6)/100 -> 49928.92 | AD54: =Eing_Kosten_Grundstück*(1+$G$25)^(B54-B$44)+Eing_Sonstige_Kosten*(1+$G$26)^(B54-B$44) -> 38219.926 | AG54: =SUM(AX54*Eing_Kreditzinssatz_1/100,BB54*Eing_Kreditzinssatz_2/100) -> 20921.053 | AH54: =IF(AF54,SUM(AF54:AG54),SUM(U54:AG54)) -> 296376.8 | AI54: =SUM(AW54,BA54) -> 44736.842 | AJ54: =SUM(AH54,AI54) -> 341113.64 | AK54: =SUM(-AJ54,T54) -> 62781.612 | AL54: =AL53+AK54 -> 218857.28 | AM54: =('E1_Données de projet'!$D$68*(1+Eing_allg_Teuerung/100)^('E1_Données de projet'!$I$68*ROUNDDOWN((AS54-1)/'E1_Données de projet'!$I$68,0))/'E1_Données de projet'!$I$68 +'E1_Données de projet'!$D$69*(1+Eing_allg_Teuerung/100)^('E1_Données de projet'!$I$69*ROUNDDOWN((AS54-1)/'E1_Données de projet'!$I$69,0))/'E1_Données de projet'!$I$69 +'E1_Données de projet'!$D$70*(1+Eing_allg_Teuerung/100)^('E1_Données de projet'!$I$70*ROUNDDOWN((AS54-1)/'E1_Données de projet'!$I$69,0))/'E1_Données de projet'!$I$70 +'E1_Données de projet'!$D$71*(1+Eing_allg_Teuerung/100)^('E1_Données de projet'!$I$71*ROUNDDOWN((AS54-1)/'E1_Données de projet'!$I$69,0))/'E1_Données de projet'!$I$71 +'E1_Données de projet'!$D$72*(1+Eing_allg_Teuerung/100)^('E1_Données de projet'!$I$72*ROUNDDOWN((AS54-1)/'E1_Données de projet'!$I$69,0))/'E1_Données de projet'!$I$72 +'E1_Données de projet'!$D$74*(1+Eing_allg_Teuerung/100)^('E1_Données de projet'!$I$74*ROUNDDOWN((AS54-1)/'E1_Données de projet'!$I$69,0))/'E1_Données de projet'!$I$74 +'E1_Données de projet'!$D$75*(1+Eing_allg_Teuerung/100)^('E1_Données de projet'!$I$75*ROUNDDOWN((AS54-1)/'E1_Données de projet'!$I$75,0))/'E1_Données de projet'!$I$75 +'E1_Données de projet'!$D$76*(1+Eing_allg_Teuerung/100)^('E1_Données de projet'!$I$76*ROUNDDOWN((AS54-1)/'E1_Données de projet'!$I$76,0))/'E1_Données de projet'!$I$76 +'E1_Données de projet'!$D$77*(1+Eing_allg_Teuerung/100)^('E1_Données de projet'!$I$77*ROUNDDOWN((AS54-1)/'E1_Données de projet'!$I$77,0))/'E1_Données de projet'!$I$77 +'E1_Données de projet'!$D$78*(1+Eing_allg_Teuerung/100)^('E1_Données de projet'!$I$78*ROUNDDOWN((AS54-1)/'E1_Données de projet'!$I$78,0))/'E1_Données de projet'!$I$78 +'E1_Données de projet'!$D$80*(1+Eing_allg_Teuerung/100)^('E1_Données de projet'!$I$80*ROUNDDOWN((AS54-1)/'E1_Données de projet'!$I$69,0))/'E1_Données de projet'!$I$80 )*((AS54)>0)*VLOOKUP(B54,'E1_Données de projet'!$D$83:$I$87,6 )/100 -> 101007.54 | AN54: =SUM(AH54,AM54) -> 397384.34 | AO54: =SUM(T54,-AN54) -> 6510.9104 | AP54: =AP53+AO54 -> -206773.01 | AQ54: {=IF(AS54-1<=0,0, (Eing_Kosten_Bau*(MOD((AS54-1),Eing_Nutzungsdauer_Bau)=0) +Eing_Invest_HolzAnlage*(MOD((AS54-1),Eing_Nutzungsdauer_Holz)=0) +Eing_Invest_WKKAnlage*(MOD((AS54-1),Eing_Nutzungsdauer_WKK)=0) +Eing_Invest_WPAnlage*(MOD((AS54-1),Eing_Nutzungsdauer_WP)=0) +Eing_Invest_SondenGrundwasser*(MOD((AS54-1),Eing_Nutzungsdauer_SondenGW)=0) +Eing_Invest_AWN*(MOD((AS54-1),Eing_Nutzungsdauer_AWN)=0) +Eing_Invest_Spitzenlast*(MOD((AS54-1),Eing_Nutzungsdauer_Spitzenlast)=0) +Eing_Invest_Installationen*(MOD((AS54-1),Eing_Nutzungsdauer_Installationen)=0) +Eing_Invest_Wärmenetz*(MOD((AS54-1),Eing_Nutzungsdauer_Netz)=0) +Eing_Invest_Messung*(MOD((AS54-1),Eing_Nutzungsdauer_Messung)=0))*(1+Eing_allg_Teuerung/100)^(AS54-1)) +(Gesamtinvestition-SUM('E1_Données de projet'!$D$79:$D$80))*SUMPRODUCT(('E1_Données de projet'!$D$83:$D$87=B54)*'E1_Données de projet'!$F$83:$F$87)/100-AM54 +AQ53} -> 1581738.1 | AR54: =-SUM(AX54,BB54) -> -947368.42 | AS54: =MAX(B1_Calculs!B54-'E1_Données de projet'!$D$23,0) -> 9 | AT54: =AT53-B1_Calculs!I54 -> 0 | AU54: =AU53-AV53+(Eing_Kredit_1*(B54=Eing_Kreditstartjahr_1)) -> 0 | AV54: =IF((SUM(H$44:H54)-SUM(I$44:I54))<=AU54,MAX((SUM(H$44:H54)-SUM(I$44:I54)),0),AU54) -> 0 | AW54: =IF(Eing_Kreditlaufzeit_1=0,0,(IF(Eing_Kreditlaufzeit_1<>0,(Eing_Kredit_1/(Eing_Kreditlaufzeit_1+Eing_Kreditstartjahr_1-Eing_StartAmortisation_Kredit1))*(Eing_Kreditlaufzeit_1>B54-Eing_Kreditstartjahr_1)*(B54>=Eing_StartAmortisation_Kredit1)))) -> 44736.842 | AX54: =AX53+AV54-AW54 -> 447368.42 | AY54: =AY53-AZ53+(Eing_Kredit_2*(B54=Eing_Kreditstartjahr_2)) -> 0 | AZ54: =IF((SUM(H$44:H54)-SUM(I$44:I54)-AV54)<=AY54,MAX((SUM(H$44:H54)-SUM(I$44:I54)-AV54),0),AY54) -> 0 | BA54: =IF(Eing_Kreditlaufzeit_2=0,0,(IF(Eing_Kreditlaufzeit_2<>0,(Eing_Kredit_2/(Eing_Kreditlaufzeit_2+Eing_Kreditstartjahr_2-Eing_StartAmortisation_Kredit2))*(Eing_Kreditlaufzeit_2>B54-Eing_Kreditstartjahr_2)*(B54>=Eing_StartAmortisation_Kredit2)))) -> 0 | BB54: =BB53+AZ54-BA54 -> 500000 | BC54: =SUM(-H54,AK54,AQ54) -> 1644519.8 | BD54: =SUM(-H54,AK54) -> 62781.612
B55: =B54+1 -> 2035 | C55: {=(SUMPRODUCT((E3_Consommateurs!$D$21:$XFD$21<B1_Calculs!B55)*E3_Consommateurs!$D$18:$XFD$18)+SUMPRODUCT((E3_Consommateurs!$D$21:$XFD$21=B1_Calculs!B55)*E3_Consommateurs!$D$18:$XFD$18*E3_Consommateurs!$D$20:$XFD$20))/(100-Eing_Netzverluste)*100*(1-Eing_AbnW/100)^(B1_Calculs!B55-Eing_Beginnjahr)} -> 2340.8121 | D55: =IF(mittl_Erzeugte_Wärmemenge=0,0,C55/mittl_Erzeugte_Wärmemenge*100) -> 114.44107 | E55: {=IF(AS55=0,0, (Eing_Kosten_Bau*(MOD((AS55),Eing_Nutzungsdauer_Bau)=0) +Eing_Invest_HolzAnlage*(MOD((AS55),Eing_Nutzungsdauer_Holz)=0) +Eing_Invest_WKKAnlage*(MOD((AS55),Eing_Nutzungsdauer_WKK)=0) +Eing_Invest_WPAnlage*(MOD((AS55),Eing_Nutzungsdauer_WP)=0) +Eing_Invest_SondenGrundwasser*(MOD((AS55),Eing_Nutzungsdauer_SondenGW)=0) +Eing_Invest_Zusatz*(MOD((AS55),Eing_Nutzungsdauer_Zusatz)=0) +Eing_Invest_AWN*(MOD((AS55),Eing_Nutzungsdauer_AWN)=0) +Eing_Invest_Spitzenlast*(MOD((AS55),Eing_Nutzungsdauer_Spitzenlast)=0) +Eing_Invest_Installationen*(MOD((AS55),Eing_Nutzungsdauer_Installationen)=0) +Eing_Invest_Wärmenetz*(MOD((AS55),Eing_Nutzungsdauer_Netz)=0) +Eing_Invest_Messung*(MOD((AS55),Eing_Nutzungsdauer_Messung)=0))*(1+Eing_allg_Teuerung/100)^(AS55)) +Gesamtinvestition*SUMPRODUCT(('E1_Données de projet'!$D$83:$D$87=B55)*'E1_Données de projet'!$F$83:$F$87)/100} -> 0 | F55: =-SUM(Einmaliger_Förderbeitrag_1*(B55=Förderungsauszahlung_1),Einmaliger_Förderbeitrag_2*(B55=Förderungsauszahlung_2),Einmaliger_Förderbeitrag_3*(B55=Förderungsauszahlung_3)) -> 0 | G55: {=-SUMPRODUCT((E3_Consommateurs!$D$21:$XFD$21=B1_Calculs!B55)*E3_Consommateurs!$D$23:$XFD$23)} -> 0 | H55: =SUM(E55:G55) -> 0 | I55: =IF(H55<=0,0,MIN(AT54,H55)) -> 0 | J55: =AV55+AZ55 -> 0 | K55: =K54-H55+SUM(I55:J55) -> 281000 | L55: =AL55 -> 283429.37 | M55: =IF(ISNUMBER(IRR((BD$44:BD54,BC55))),IRR((BD$44:BD54,BC55)),"-") -> 0.012066934 | N55: {=SUM((SUMPRODUCT((E3_Consommateurs!$D$21:$XFD$21<B1_Calculs!B55)*E3_Consommateurs!$D$26:$XFD$26)+SUMPRODUCT((E3_Consommateurs!$D$21:$XFD$21=B1_Calculs!B55)*E3_Consommateurs!$D$26:$XFD$26*E3_Consommateurs!$D$20:$XFD$20))*(1+$G$30)^(B55-B$44),(SUMPRODUCT((E3_Consommateurs!$D$21:$XFD$21<B1_Calculs!B55)*E3_Consommateurs!$D$27:$XFD$27)+SUMPRODUCT((E3_Consommateurs!$D$21:$XFD$21=B1_Calculs!B55)*E3_Consommateurs!$D$27:$XFD$27*E3_Consommateurs!$D$20:$XFD$20))*((1+$G$30)*(1-'E1_Données de projet'!$D$20/100))^(B55-B$44))} -> 405560.05 | O55: =-$F$28*D55/100*((1+$G$28)^(B55-$B$44)) -> 0 | P55: =-$F$29*D55/100*((1+$G$29)^(B55-$B$44)) -> 0 | Q55: =SUM(Eing_jährlicher_Förderbeitrag_1*((B55-Eing_Erstauszahlung_jährlFörderung_1)<=(Eing_Förderung_wiederholend_Laufzeit_1-1))*(B55>=Eing_Erstauszahlung_jährlFörderung_1),Eing_jährlicher_Förderbeitrag_2*((B55-Eing_Erstauszahlung_jährlFörderung_2)<=(Eing_Förderung_wiederholend_Laufzeit_2-1))*(B55>=Eing_Erstauszahlung_jährlFörderung_2)) -> 0 | T55: =IF(S55,S55,SUM(N55:R55)) -> 405560.05 | U55: =Energiekosten_Holzschnitzel*D55/100*((1+$G$16)^(B55-$B$44)) -> 104854.54 | V55: =Energiekosten_WKK*D55/100*((1+$G$17)^(B55-$B$44)) -> 0 | W55: =Energiekosten_Zusatz*D55/100*((1+$G$18)^(B55-$B$44)) -> 0 | X55: =Energiekosten_AWN*D55/100*((1+$G$19)^(B55-$B$44)) -> 0 | Y55: =Energiekosten_fossil*D55/100*(1+$G$20)^(B55-$B$44) -> 0 | Z55: =Stromkosten_WP*D55/100*((1+$G$21)^(B55-$B$44)) -> 34362.763 | AA55: =Stromkosten_Hilfsenergie*D55/100*((1+$G$21)^(B55-$B$44)) -> 13057.85 | AB55: =($F$22*(1+$G$22)^(B55-B$44)+$F$23*(1+$G$23)^(B55-B$44))*(B55>=Eing_JahrBegWLief)*VLOOKUP(B55,'E1_Données de projet'!$D$83:$I$87,6)/100 -> 35366.687 | AC55: =$F$24*(1+$G$24)^(B55-B$44)*(B55>=Eing_JahrBegWLief)*VLOOKUP(B55,'E1_Données de projet'!$D$83:$I$87,6)/100 -> 50428.209 | AD55: =Eing_Kosten_Grundstück*(1+$G$25)^(B55-B$44)+Eing_Sonstige_Kosten*(1+$G$26)^(B55-B$44) -> 38602.125 | AG55: =SUM(AX55*Eing_Kreditzinssatz_1/100,BB55*Eing_Kreditzinssatz_2/100) -> 19578.947 | AH55: =IF(AF55,SUM(AF55:AG55),SUM(U55:AG55)) -> 296251.12 | AI55: =SUM(AW55,BA55) -> 44736.842 | AJ55: =SUM(AH55,AI55) -> 340987.96 | AK55: =SUM(-AJ55,T55) -> 64572.091 | AL55: =AL54+AK55 -> 283429.37 | AM55: =('E1_Données de projet'!$D$68*(1+Eing_allg_Teuerung/100)^('E1_Données de projet'!$I$68*ROUNDDOWN((AS55-1)/'E1_Données de projet'!$I$68,0))/'E1_Données de projet'!$I$68 +'E1_Données de projet'!$D$69*(1+Eing_allg_Teuerung/100)^('E1_Données de projet'!$I$69*ROUNDDOWN((AS55-1)/'E1_Données de projet'!$I$69,0))/'E1_Données de projet'!$I$69 +'E1_Données de projet'!$D$70*(1+Eing_allg_Teuerung/100)^('E1_Données de projet'!$I$70*ROUNDDOWN((AS55-1)/'E1_Données de projet'!$I$69,0))/'E1_Données de projet'!$I$70 +'E1_Données de projet'!$D$71*(1+Eing_allg_Teuerung/100)^('E1_Données de projet'!$I$71*ROUNDDOWN((AS55-1)/'E1_Données de projet'!$I$69,0))/'E1_Données de projet'!$I$71 +'E1_Données de projet'!$D$72*(1+Eing_allg_Teuerung/100)^('E1_Données de projet'!$I$72*ROUNDDOWN((AS55-1)/'E1_Données de projet'!$I$69,0))/'E1_Données de projet'!$I$72 +'E1_Données de projet'!$D$74*(1+Eing_allg_Teuerung/100)^('E1_Données de projet'!$I$74*ROUNDDOWN((AS55-1)/'E1_Données de projet'!$I$69,0))/'E1_Données de projet'!$I$74 +'E1_Données de projet'!$D$75*(1+Eing_allg_Teuerung/100)^('E1_Données de projet'!$I$75*ROUNDDOWN((AS55-1)/'E1_Données de projet'!$I$75,0))/'E1_Données de projet'!$I$75 +'E1_Données de projet'!$D$76*(1+Eing_allg_Teuerung/100)^('E1_Données de projet'!$I$76*ROUNDDOWN((AS55-1)/'E1_Données de projet'!$I$76,0))/'E1_Données de projet'!$I$76 +'E1_Données de projet'!$D$77*(1+Eing_allg_Teuerung/100)^('E1_Données de projet'!$I$77*ROUNDDOWN((AS55-1)/'E1_Données de projet'!$I$77,0))/'E1_Données de projet'!$I$77 +'E1_Données de projet'!$D$78*(1+Eing_allg_Teuerung/100)^('E1_Données de projet'!$I$78*ROUNDDOWN((AS55-1)/'E1_Données de projet'!$I$78,0))/'E1_Données de projet'!$I$78 +'E1_Données de projet'!$D$80*(1+Eing_allg_Teuerung/100)^('E1_Données de projet'!$I$80*ROUNDDOWN((AS55-1)/'E1_Données de projet'!$I$69,0))/'E1_Données de projet'!$I$80 )*((AS55)>0)*VLOOKUP(B55,'E1_Données de projet'!$D$83:$I$87,6 )/100 -> 101007.54 | AN55: =SUM(AH55,AM55) -> 397258.66 | AO55: =SUM(T55,-AN55) -> 8301.389 | AP55: =AP54+AO55 -> -198471.62 | AQ55: {=IF(AS55-1<=0,0, (Eing_Kosten_Bau*(MOD((AS55-1),Eing_Nutzungsdauer_Bau)=0) +Eing_Invest_HolzAnlage*(MOD((AS55-1),Eing_Nutzungsdauer_Holz)=0) +Eing_Invest_WKKAnlage*(MOD((AS55-1),Eing_Nutzungsdauer_WKK)=0) +Eing_Invest_WPAnlage*(MOD((AS55-1),Eing_Nutzungsdauer_WP)=0) +Eing_Invest_SondenGrundwasser*(MOD((AS55-1),Eing_Nutzungsdauer_SondenGW)=0) +Eing_Invest_AWN*(MOD((AS55-1),Eing_Nutzungsdauer_AWN)=0) +Eing_Invest_Spitzenlast*(MOD((AS55-1),Eing_Nutzungsdauer_Spitzenlast)=0) +Eing_Invest_Installationen*(MOD((AS55-1),Eing_Nutzungsdauer_Installationen)=0) +Eing_Invest_Wärmenetz*(MOD((AS55-1),Eing_Nutzungsdauer_Netz)=0) +Eing_Invest_Messung*(MOD((AS55-1),Eing_Nutzungsdauer_Messung)=0))*(1+Eing_allg_Teuerung/100)^(AS55-1)) +(Gesamtinvestition-SUM('E1_Données de projet'!$D$79:$D$80))*SUMPRODUCT(('E1_Données de projet'!$D$83:$D$87=B55)*'E1_Données de projet'!$F$83:$F$87)/100-AM55 +AQ54} -> 1480730.6 | AR55: =-SUM(AX55,BB55) -> -902631.58 | AS55: =MAX(B1_Calculs!B55-'E1_Données de projet'!$D$23,0) -> 10 | AT55: =AT54-B1_Calculs!I55 -> 0 | AU55: =AU54-AV54+(Eing_Kredit_1*(B55=Eing_Kreditstartjahr_1)) -> 0 | AV55: =IF((SUM(H$44:H55)-SUM(I$44:I55))<=AU55,MAX((SUM(H$44:H55)-SUM(I$44:I55)),0),AU55) -> 0 | AW55: =IF(Eing_Kreditlaufzeit_1=0,0,(IF(Eing_Kreditlaufzeit_1<>0,(Eing_Kredit_1/(Eing_Kreditlaufzeit_1+Eing_Kreditstartjahr_1-Eing_StartAmortisation_Kredit1))*(Eing_Kreditlaufzeit_1>B55-Eing_Kreditstartjahr_1)*(B55>=Eing_StartAmortisation_Kredit1)))) -> 44736.842 | AX55: =AX54+AV55-AW55 -> 402631.58 | AY55: =AY54-AZ54+(Eing_Kredit_2*(B55=Eing_Kreditstartjahr_2)) -> 0 | AZ55: =IF((SUM(H$44:H55)-SUM(I$44:I55)-AV55)<=AY55,MAX((SUM(H$44:H55)-SUM(I$44:I55)-AV55),0),AY55) -> 0 | BA55: =IF(Eing_Kreditlaufzeit_2=0,0,(IF(Eing_Kreditlaufzeit_2<>0,(Eing_Kredit_2/(Eing_Kreditlaufzeit_2+Eing_Kreditstartjahr_2-Eing_StartAmortisation_Kredit2))*(Eing_Kreditlaufzeit_2>B55-Eing_Kreditstartjahr_2)*(B55>=Eing_StartAmortisation_Kredit2)))) -> 0 | BB55: =BB54+AZ55-BA55 -> 500000 | BC55: =SUM(-H55,AK55,AQ55) -> 1545302.7 | BD55: =SUM(-H55,AK55) -> 64572.091
B56: =B55+1 -> 2036 | C56: {=(SUMPRODUCT((E3_Consommateurs!$D$21:$XFD$21<B1_Calculs!B56)*E3_Consommateurs!$D$18:$XFD$18)+SUMPRODUCT((E3_Consommateurs!$D$21:$XFD$21=B1_Calculs!B56)*E3_Consommateurs!$D$18:$XFD$18*E3_Consommateurs!$D$20:$XFD$20))/(100-Eing_Netzverluste)*100*(1-Eing_AbnW/100)^(B1_Calculs!B56-Eing_Beginnjahr)} -> 2317.404 | D56: =IF(mittl_Erzeugte_Wärmemenge=0,0,C56/mittl_Erzeugte_Wärmemenge*100) -> 113.29666 | E56: {=IF(AS56=0,0, (Eing_Kosten_Bau*(MOD((AS56),Eing_Nutzungsdauer_Bau)=0) +Eing_Invest_HolzAnlage*(MOD((AS56),Eing_Nutzungsdauer_Holz)=0) +Eing_Invest_WKKAnlage*(MOD((AS56),Eing_Nutzungsdauer_WKK)=0) +Eing_Invest_WPAnlage*(MOD((AS56),Eing_Nutzungsdauer_WP)=0) +Eing_Invest_SondenGrundwasser*(MOD((AS56),Eing_Nutzungsdauer_SondenGW)=0) +Eing_Invest_Zusatz*(MOD((AS56),Eing_Nutzungsdauer_Zusatz)=0) +Eing_Invest_AWN*(MOD((AS56),Eing_Nutzungsdauer_AWN)=0) +Eing_Invest_Spitzenlast*(MOD((AS56),Eing_Nutzungsdauer_Spitzenlast)=0) +Eing_Invest_Installationen*(MOD((AS56),Eing_Nutzungsdauer_Installationen)=0) +Eing_Invest_Wärmenetz*(MOD((AS56),Eing_Nutzungsdauer_Netz)=0) +Eing_Invest_Messung*(MOD((AS56),Eing_Nutzungsdauer_Messung)=0))*(1+Eing_allg_Teuerung/100)^(AS56)) +Gesamtinvestition*SUMPRODUCT(('E1_Données de projet'!$D$83:$D$87=B56)*'E1_Données de projet'!$F$83:$F$87)/100} -> 0 | F56: =-SUM(Einmaliger_Förderbeitrag_1*(B56=Förderungsauszahlung_1),Einmaliger_Förderbeitrag_2*(B56=Förderungsauszahlung_2),Einmaliger_Förderbeitrag_3*(B56=Förderungsauszahlung_3)) -> 0 | G56: {=-SUMPRODUCT((E3_Consommateurs!$D$21:$XFD$21=B1_Calculs!B56)*E3_Consommateurs!$D$23:$XFD$23)} -> 0 | H56: =SUM(E56:G56) -> 0 | I56: =IF(H56<=0,0,MIN(AT55,H56)) -> 0 | J56: =AV56+AZ56 -> 0 | K56: =K55-H56+SUM(I56:J56) -> 281000 | L56: =AL56 -> 349796.51 | M56: =IF(ISNUMBER(IRR((BD$44:BD55,BC56))),IRR((BD$44:BD55,BC56)),"-") -> 0.0092361117 | N56: {=SUM((SUMPRODUCT((E3_Consommateurs!$D$21:$XFD$21<B1_Calculs!B56)*E3_Consommateurs!$D$26:$XFD$26)+SUMPRODUCT((E3_Consommateurs!$D$21:$XFD$21=B1_Calculs!B56)*E3_Consommateurs!$D$26:$XFD$26*E3_Consommateurs!$D$20:$XFD$20))*(1+$G$30)^(B56-B$44),(SUMPRODUCT((E3_Consommateurs!$D$21:$XFD$21<B1_Calculs!B56)*E3_Consommateurs!$D$27:$XFD$27)+SUMPRODUCT((E3_Consommateurs!$D$21:$XFD$21=B1_Calculs!B56)*E3_Consommateurs!$D$27:$XFD$27*E3_Consommateurs!$D$20:$XFD$20))*((1+$G$30)*(1-'E1_Données de projet'!$D$20/100))^(B56-B$44))} -> 407241.73 | O56: =-$F$28*D56/100*((1+$G$28)^(B56-$B$44)) -> 0 | P56: =-$F$29*D56/100*((1+$G$29)^(B56-$B$44)) -> 0 | Q56: =SUM(Eing_jährlicher_Förderbeitrag_1*((B56-Eing_Erstauszahlung_jährlFörderung_1)<=(Eing_Förderung_wiederholend_Laufzeit_1-1))*(B56>=Eing_Erstauszahlung_jährlFörderung_1),Eing_jährlicher_Förderbeitrag_2*((B56-Eing_Erstauszahlung_jährlFörderung_2)<=(Eing_Förderung_wiederholend_Laufzeit_2-1))*(B56>=Eing_Erstauszahlung_jährlFörderung_2)) -> 0 | T56: =IF(S56,S56,SUM(N56:R56)) -> 407241.73 | U56: =Energiekosten_Holzschnitzel*D56/100*((1+$G$16)^(B56-$B$44)) -> 104844.05 | V56: =Energiekosten_WKK*D56/100*((1+$G$17)^(B56-$B$44)) -> 0 | W56: =Energiekosten_Zusatz*D56/100*((1+$G$18)^(B56-$B$44)) -> 0 | X56: =Energiekosten_AWN*D56/100*((1+$G$19)^(B56-$B$44)) -> 0 | Y56: =Energiekosten_fossil*D56/100*(1+$G$20)^(B56-$B$44) -> 0 | Z56: =Stromkosten_WP*D56/100*((1+$G$21)^(B56-$B$44)) -> 34359.327 | AA56: =Stromkosten_Hilfsenergie*D56/100*((1+$G$21)^(B56-$B$44)) -> 13056.544 | AB56: =($F$22*(1+$G$22)^(B56-B$44)+$F$23*(1+$G$23)^(B56-B$44))*(B56>=Eing_JahrBegWLief)*VLOOKUP(B56,'E1_Données de projet'!$D$83:$I$87,6)/100 -> 35720.353 | AC56: =$F$24*(1+$G$24)^(B56-B$44)*(B56>=Eing_JahrBegWLief)*VLOOKUP(B56,'E1_Données de projet'!$D$83:$I$87,6)/100 -> 50932.491 | AD56: =Eing_Kosten_Grundstück*(1+$G$25)^(B56-B$44)+Eing_Sonstige_Kosten*(1+$G$26)^(B56-B$44) -> 38988.146 | AG56: =SUM(AX56*Eing_Kreditzinssatz_1/100,BB56*Eing_Kreditzinssatz_2/100) -> 18236.842 | AH56: =IF(AF56,SUM(AF56:AG56),SUM(U56:AG56)) -> 296137.75 | AI56: =SUM(AW56,BA56) -> 44736.842 | AJ56: =SUM(AH56,AI56) -> 340874.6 | AK56: =SUM(-AJ56,T56) -> 66367.137 | AL56: =AL55+AK56 -> 349796.51 | AM56: =('E1_Données de projet'!$D$68*(1+Eing_allg_Teuerung/100)^('E1_Données de projet'!$I$68*ROUNDDOWN((AS56-1)/'E1_Données de projet'!$I$68,0))/'E1_Données de projet'!$I$68 +'E1_Données de projet'!$D$69*(1+Eing_allg_Teuerung/100)^('E1_Données de projet'!$I$69*ROUNDDOWN((AS56-1)/'E1_Données de projet'!$I$69,0))/'E1_Données de projet'!$I$69 +'E1_Données de projet'!$D$70*(1+Eing_allg_Teuerung/100)^('E1_Données de projet'!$I$70*ROUNDDOWN((AS56-1)/'E1_Données de projet'!$I$69,0))/'E1_Données de projet'!$I$70 +'E1_Données de projet'!$D$71*(1+Eing_allg_Teuerung/100)^('E1_Données de projet'!$I$71*ROUNDDOWN((AS56-1)/'E1_Données de projet'!$I$69,0))/'E1_Données de projet'!$I$71 +'E1_Données de projet'!$D$72*(1+Eing_allg_Teuerung/100)^('E1_Données de projet'!$I$72*ROUNDDOWN((AS56-1)/'E1_Données de projet'!$I$69,0))/'E1_Données de projet'!$I$72 +'E1_Données de projet'!$D$74*(1+Eing_allg_Teuerung/100)^('E1_Données de projet'!$I$74*ROUNDDOWN((AS56-1)/'E1_Données de projet'!$I$69,0))/'E1_Données de projet'!$I$74 +'E1_Données de projet'!$D$75*(1+Eing_allg_Teuerung/100)^('E1_Données de projet'!$I$75*ROUNDDOWN((AS56-1)/'E1_Données de projet'!$I$75,0))/'E1_Données de projet'!$I$75 +'E1_Données de projet'!$D$76*(1+Eing_allg_Teuerung/100)^('E1_Données de projet'!$I$76*ROUNDDOWN((AS56-1)/'E1_Données de projet'!$I$76,0))/'E1_Données de projet'!$I$76 +'E1_Données de projet'!$D$77*(1+Eing_allg_Teuerung/100)^('E1_Données de projet'!$I$77*ROUNDDOWN((AS56-1)/'E1_Données de projet'!$I$77,0))/'E1_Données de projet'!$I$77 +'E1_Données de projet'!$D$78*(1+Eing_allg_Teuerung/100)^('E1_Données de projet'!$I$78*ROUNDDOWN((AS56-1)/'E1_Données de projet'!$I$78,0))/'E1_Données de projet'!$I$78 +'E1_Données de projet'!$D$80*(1+Eing_allg_Teuerung/100)^('E1_Données de projet'!$I$80*ROUNDDOWN((AS56-1)/'E1_Données de projet'!$I$69,0))/'E1_Données de projet'!$I$80 )*((AS56)>0)*VLOOKUP(B56,'E1_Données de projet'!$D$83:$I$87,6 )/100 -> 101007.54 | AN56: =SUM(AH56,AM56) -> 397145.3 | AO56: =SUM(T56,-AN56) -> 10096.435 | AP56: =AP55+AO56 -> -188375.18 | AQ56: {=IF(AS56-1<=0,0, (Eing_Kosten_Bau*(MOD((AS56-1),Eing_Nutzungsdauer_Bau)=0) +Eing_Invest_HolzAnlage*(MOD((AS56-1),Eing_Nutzungsdauer_Holz)=0) +Eing_Invest_WKKAnlage*(MOD((AS56-1),Eing_Nutzungsdauer_WKK)=0) +Eing_Invest_WPAnlage*(MOD((AS56-1),Eing_Nutzungsdauer_WP)=0) +Eing_Invest_SondenGrundwasser*(MOD((AS56-1),Eing_Nutzungsdauer_SondenGW)=0) +Eing_Invest_AWN*(MOD((AS56-1),Eing_Nutzungsdauer_AWN)=0) +Eing_Invest_Spitzenlast*(MOD((AS56-1),Eing_Nutzungsdauer_Spitzenlast)=0) +Eing_Invest_Installationen*(MOD((AS56-1),Eing_Nutzungsdauer_Installationen)=0) +Eing_Invest_Wärmenetz*(MOD((AS56-1),Eing_Nutzungsdauer_Netz)=0) +Eing_Invest_Messung*(MOD((AS56-1),Eing_Nutzungsdauer_Messung)=0))*(1+Eing_allg_Teuerung/100)^(AS56-1)) +(Gesamtinvestition-SUM('E1_Données de projet'!$D$79:$D$80))*SUMPRODUCT(('E1_Données de projet'!$D$83:$D$87=B56)*'E1_Données de projet'!$F$83:$F$87)/100-AM56 +AQ55} -> 1379723 | AR56: =-SUM(AX56,BB56) -> -857894.74 | AS56: =MAX(B1_Calculs!B56-'E1_Données de projet'!$D$23,0) -> 11 | AT56: =AT55-B1_Calculs!I56 -> 0 | AU56: =AU55-AV55+(Eing_Kredit_1*(B56=Eing_Kreditstartjahr_1)) -> 0 | AV56: =IF((SUM(H$44:H56)-SUM(I$44:I56))<=AU56,MAX((SUM(H$44:H56)-SUM(I$44:I56)),0),AU56) -> 0 | AW56: =IF(Eing_Kreditlaufzeit_1=0,0,(IF(Eing_Kreditlaufzeit_1<>0,(Eing_Kredit_1/(Eing_Kreditlaufzeit_1+Eing_Kreditstartjahr_1-Eing_StartAmortisation_Kredit1))*(Eing_Kreditlaufzeit_1>B56-Eing_Kreditstartjahr_1)*(B56>=Eing_StartAmortisation_Kredit1)))) -> 44736.842 | AX56: =AX55+AV56-AW56 -> 357894.74 | AY56: =AY55-AZ55+(Eing_Kredit_2*(B56=Eing_Kreditstartjahr_2)) -> 0 | AZ56: =IF((SUM(H$44:H56)-SUM(I$44:I56)-AV56)<=AY56,MAX((SUM(H$44:H56)-SUM(I$44:I56)-AV56),0),AY56) -> 0 | BA56: =IF(Eing_Kreditlaufzeit_2=0,0,(IF(Eing_Kreditlaufzeit_2<>0,(Eing_Kredit_2/(Eing_Kreditlaufzeit_2+Eing_Kreditstartjahr_2-Eing_StartAmortisation_Kredit2))*(Eing_Kreditlaufzeit_2>B56-Eing_Kreditstartjahr_2)*(B56>=Eing_StartAmortisation_Kredit2)))) -> 0 | BB56: =BB55+AZ56-BA56 -> 500000 | BC56: =SUM(-H56,AK56,AQ56) -> 1446090.2 | BD56: =SUM(-H56,AK56) -> 66367.137
... B67: =B66+1 -> 2047 | C67: {=(SUMPRODUCT((E3_Consommateurs!$D$21:$XFD$21<B1_Calculs!B67)*E3_Consommateurs!$D$18:$XFD$18)+SUMPRODUCT((E3_Consommateurs!$D$21:$XFD$21=B1_Calculs!B67)*E3_Consommateurs!$D$18:$XFD$18*E3_Consommateurs!$D$20:$XFD$20))/(100-Eing_Netzverluste)*100*(1-Eing_AbnW/100)^(B1_Calculs!B67-Eing_Beginnjahr)} -> 2074.8605 | D67: =IF(mittl_Erzeugte_Wärmemenge=0,0,C67/mittl_Erzeugte_Wärmemenge*100) -> 101.43883 | E67: {=IF(AS67=0,0, (Eing_Kosten_Bau*(MOD((AS67),Eing_Nutzungsdauer_Bau)=0) +Eing_Invest_HolzAnlage*(MOD((AS67),Eing_Nutzungsdauer_Holz)=0) +Eing_Invest_WKKAnlage*(MOD((AS67),Eing_Nutzungsdauer_WKK)=0) +Eing_Invest_WPAnlage*(MOD((AS67),Eing_Nutzungsdauer_WP)=0) +Eing_Invest_SondenGrundwasser*(MOD((AS67),Eing_Nutzungsdauer_SondenGW)=0) +Eing_Invest_Zusatz*(MOD((AS67),Eing_Nutzungsdauer_Zusatz)=0) +Eing_Invest_AWN*(MOD((AS67),Eing_Nutzungsdauer_AWN)=0) +Eing_Invest_Spitzenlast*(MOD((AS67),Eing_Nutzungsdauer_Spitzenlast)=0) +Eing_Invest_Installationen*(MOD((AS67),Eing_Nutzungsdauer_Installationen)=0) +Eing_Invest_Wärmenetz*(MOD((AS67),Eing_Nutzungsdauer_Netz)=0) +Eing_Invest_Messung*(MOD((AS67),Eing_Nutzungsdauer_Messung)=0))*(1+Eing_allg_Teuerung/100)^(AS67)) +Gesamtinvestition*SUMPRODUCT(('E1_Données de projet'!$D$83:$D$87=B67)*'E1_Données de projet'!$F$83:$F$87)/100} -> 0 | F67: =-SUM(Einmaliger_Förderbeitrag_1*(B67=Förderungsauszahlung_1),Einmaliger_Förderbeitrag_2*(B67=Förderungsauszahlung_2),Einmaliger_Förderbeitrag_3*(B67=Förderungsauszahlung_3)) -> 0 | G67: {=-SUMPRODUCT((E3_Consommateurs!$D$21:$XFD$21=B1_Calculs!B67)*E3_Consommateurs!$D$23:$XFD$23)} -> 0 | H67: =SUM(E67:G67) -> 0 | I67: =IF(H67<=0,0,MIN(AT66,H67)) -> 0 | J67: =AV67+AZ67 -> 0 | K67: =K66-H67+SUM(I67:J67) -> -1131459.4 | L67: =AL67 -> 1325818.8 | M67: =IF(ISNUMBER(IRR((BD$44:BD66,BC67))),IRR((BD$44:BD66,BC67)),"-") -> -0.00042081352 | N67: {=SUM((SUMPRODUCT((E3_Consommateurs!$D$21:$XFD$21<B1_Calculs!B67)*E3_Consommateurs!$D$26:$XFD$26)+SUMPRODUCT((E3_Consommateurs!$D$21:$XFD$21=B1_Calculs!B67)*E3_Consommateurs!$D$26:$XFD$26*E3_Consommateurs!$D$20:$XFD$20))*(1+$G$30)^(B67-B$44),(SUMPRODUCT((E3_Consommateurs!$D$21:$XFD$21<B1_Calculs!B67)*E3_Consommateurs!$D$27:$XFD$27)+SUMPRODUCT((E3_Consommateurs!$D$21:$XFD$21=B1_Calculs!B67)*E3_Consommateurs!$D$27:$XFD$27*E3_Consommateurs!$D$20:$XFD$20))*((1+$G$30)*(1-'E1_Données de projet'!$D$20/100))^(B67-B$44))} -> 426904.2 | O67: =-$F$28*D67/100*((1+$G$28)^(B67-$B$44)) -> 0 | P67: =-$F$29*D67/100*((1+$G$29)^(B67-$B$44)) -> 0 | Q67: =SUM(Eing_jährlicher_Förderbeitrag_1*((B67-Eing_Erstauszahlung_jährlFörderung_1)<=(Eing_Förderung_wiederholend_Laufzeit_1-1))*(B67>=Eing_Erstauszahlung_jährlFörderung_1),Eing_jährlicher_Förderbeitrag_2*((B67-Eing_Erstauszahlung_jährlFörderung_2)<=(Eing_Förderung_wiederholend_Laufzeit_2-1))*(B67>=Eing_Erstauszahlung_jährlFörderung_2)) -> 0 | T67: =IF(S67,S67,SUM(N67:R67)) -> 426904.2 | U67: =Energiekosten_Holzschnitzel*D67/100*((1+$G$16)^(B67-$B$44)) -> 104728.78 | V67: =Energiekosten_WKK*D67/100*((1+$G$17)^(B67-$B$44)) -> 0 | W67: =Energiekosten_Zusatz*D67/100*((1+$G$18)^(B67-$B$44)) -> 0 | X67: =Energiekosten_AWN*D67/100*((1+$G$19)^(B67-$B$44)) -> 0 | Y67: =Energiekosten_fossil*D67/100*(1+$G$20)^(B67-$B$44) -> 0 | Z67: =Stromkosten_WP*D67/100*((1+$G$21)^(B67-$B$44)) -> 34321.55 | AA67: =Stromkosten_Hilfsenergie*D67/100*((1+$G$21)^(B67-$B$44)) -> 13042.189 | AB67: =($F$22*(1+$G$22)^(B67-B$44)+$F$23*(1+$G$23)^(B67-B$44))*(B67>=Eing_JahrBegWLief)*VLOOKUP(B67,'E1_Données de projet'!$D$83:$I$87,6)/100 -> 39852.068 | AC67: =$F$24*(1+$G$24)^(B67-B$44)*(B67>=Eing_JahrBegWLief)*VLOOKUP(B67,'E1_Données de projet'!$D$83:$I$87,6)/100 -> 56823.768 | AD67: =Eing_Kosten_Grundstück*(1+$G$25)^(B67-B$44)+Eing_Sonstige_Kosten*(1+$G$26)^(B67-B$44) -> 43497.84 | AG67: =SUM(AX67*Eing_Kreditzinssatz_1/100,BB67*Eing_Kreditzinssatz_2/100) -> 7500 | AH67: =IF(AF67,SUM(AF67:AG67),SUM(U67:AG67)) -> 299766.2 | AI67: =SUM(AW67,BA67) -> 0 | AJ67: =SUM(AH67,AI67) -> 299766.2 | AK67: =SUM(-AJ67,T67) -> 127138.01 | AL67: =AL66+AK67 -> 1325818.8 | AM67: =('E1_Données de projet'!$D$68*(1+Eing_allg_Teuerung/100)^('E1_Données de projet'!$I$68*ROUNDDOWN((AS67-1)/'E1_Données de projet'!$I$68,0))/'E1_Données de projet'!$I$68 +'E1_Données de projet'!$D$69*(1+Eing_allg_Teuerung/100)^('E1_Données de projet'!$I$69*ROUNDDOWN((AS67-1)/'E1_Données de projet'!$I$69,0))/'E1_Données de projet'!$I$69 +'E1_Données de projet'!$D$70*(1+Eing_allg_Teuerung/100)^('E1_Données de projet'!$I$70*ROUNDDOWN((AS67-1)/'E1_Données de projet'!$I$69,0))/'E1_Données de projet'!$I$70 +'E1_Données de projet'!$D$71*(1+Eing_allg_Teuerung/100)^('E1_Données de projet'!$I$71*ROUNDDOWN((AS67-1)/'E1_Données de projet'!$I$69,0))/'E1_Données de projet'!$I$71 +'E1_Données de projet'!$D$72*(1+Eing_allg_Teuerung/100)^('E1_Données de projet'!$I$72*ROUNDDOWN((AS67-1)/'E1_Données de projet'!$I$69,0))/'E1_Données de projet'!$I$72 +'E1_Données de projet'!$D$74*(1+Eing_allg_Teuerung/100)^('E1_Données de projet'!$I$74*ROUNDDOWN((AS67-1)/'E1_Données de projet'!$I$69,0))/'E1_Données de projet'!$I$74 +'E1_Données de projet'!$D$75*(1+Eing_allg_Teuerung/100)^('E1_Données de projet'!$I$75*ROUNDDOWN((AS67-1)/'E1_Données de projet'!$I$75,0))/'E1_Données de projet'!$I$75 +'E1_Données de projet'!$D$76*(1+Eing_allg_Teuerung/100)^('E1_Données de projet'!$I$76*ROUNDDOWN((AS67-1)/'E1_Données de projet'!$I$76,0))/'E1_Données de projet'!$I$76 +'E1_Données de projet'!$D$77*(1+Eing_allg_Teuerung/100)^('E1_Données de projet'!$I$77*ROUNDDOWN((AS67-1)/'E1_Données de projet'!$I$77,0))/'E1_Données de projet'!$I$77 +'E1_Données de projet'!$D$78*(1+Eing_allg_Teuerung/100)^('E1_Données de projet'!$I$78*ROUNDDOWN((AS67-1)/'E1_Données de projet'!$I$78,0))/'E1_Données de projet'!$I$78 +'E1_Données de projet'!$D$80*(1+Eing_allg_Teuerung/100)^('E1_Données de projet'!$I$80*ROUNDDOWN((AS67-1)/'E1_Données de projet'!$I$69,0))/'E1_Données de projet'!$I$80 )*((AS67)>0)*VLOOKUP(B67,'E1_Données de projet'!$D$83:$I$87,6 )/100 -> 118440.63 | AN67: =SUM(AH67,AM67) -> 418206.82 | AO67: =SUM(T67,-AN67) -> 8697.3758 | AP67: =AP66+AO67 -> -3090.0861 | AQ67: {=IF(AS67-1<=0,0, (Eing_Kosten_Bau*(MOD((AS67-1),Eing_Nutzungsdauer_Bau)=0) +Eing_Invest_HolzAnlage*(MOD((AS67-1),Eing_Nutzungsdauer_Holz)=0) +Eing_Invest_WKKAnlage*(MOD((AS67-1),Eing_Nutzungsdauer_WKK)=0) +Eing_Invest_WPAnlage*(MOD((AS67-1),Eing_Nutzungsdauer_WP)=0) +Eing_Invest_SondenGrundwasser*(MOD((AS67-1),Eing_Nutzungsdauer_SondenGW)=0) +Eing_Invest_AWN*(MOD((AS67-1),Eing_Nutzungsdauer_AWN)=0) +Eing_Invest_Spitzenlast*(MOD((AS67-1),Eing_Nutzungsdauer_Spitzenlast)=0) +Eing_Invest_Installationen*(MOD((AS67-1),Eing_Nutzungsdauer_Installationen)=0) +Eing_Invest_Wärmenetz*(MOD((AS67-1),Eing_Nutzungsdauer_Netz)=0) +Eing_Invest_Messung*(MOD((AS67-1),Eing_Nutzungsdauer_Messung)=0))*(1+Eing_allg_Teuerung/100)^(AS67-1)) +(Gesamtinvestition-SUM('E1_Données de projet'!$D$79:$D$80))*SUMPRODUCT(('E1_Données de projet'!$D$83:$D$87=B67)*'E1_Données de projet'!$F$83:$F$87)/100-AM67 +AQ66} -> 1643550.5 | AR67: =-SUM(AX67,BB67) -> -500000 | AS67: =MAX(B1_Calculs!B67-'E1_Données de projet'!$D$23,0) -> 22 | AT67: =AT66-B1_Calculs!I67 -> 0 | AU67: =AU66-AV66+(Eing_Kredit_1*(B67=Eing_Kreditstartjahr_1)) -> 0 | AV67: =IF((SUM(H$44:H67)-SUM(I$44:I67))<=AU67,MAX((SUM(H$44:H67)-SUM(I$44:I67)),0),AU67) -> 0 | AW67: =IF(Eing_Kreditlaufzeit_1=0,0,(IF(Eing_Kreditlaufzeit_1<>0,(Eing_Kredit_1/(Eing_Kreditlaufzeit_1+Eing_Kreditstartjahr_1-Eing_StartAmortisation_Kredit1))*(Eing_Kreditlaufzeit_1>B67-Eing_Kreditstartjahr_1)*(B67>=Eing_StartAmortisation_Kredit1)))) -> 0 | AX67: =AX66+AV67-AW67 -> 1.891749e-10 | AY67: =AY66-AZ66+(Eing_Kredit_2*(B67=Eing_Kreditstartjahr_2)) -> 0 | AZ67: =IF((SUM(H$44:H67)-SUM(I$44:I67)-AV67)<=AY67,MAX((SUM(H$44:H67)-SUM(I$44:I67)-AV67),0),AY67) -> 0 | BA67: =IF(Eing_Kreditlaufzeit_2=0,0,(IF(Eing_Kreditlaufzeit_2<>0,(Eing_Kredit_2/(Eing_Kreditlaufzeit_2+Eing_Kreditstartjahr_2-Eing_StartAmortisation_Kredit2))*(Eing_Kreditlaufzeit_2>B67-Eing_Kreditstartjahr_2)*(B67>=Eing_StartAmortisation_Kredit2)))) -> 0 | BB67: =BB66+AZ67-BA67 -> 500000 | BC67: =SUM(-H67,AK67,AQ67) -> 1770688.5 | BD67: =SUM(-H67,AK67) -> 127138.01
B68: =B67+1 -> 2048 | C68: {=(SUMPRODUCT((E3_Consommateurs!$D$21:$XFD$21<B1_Calculs!B68)*E3_Consommateurs!$D$18:$XFD$18)+SUMPRODUCT((E3_Consommateurs!$D$21:$XFD$21=B1_Calculs!B68)*E3_Consommateurs!$D$18:$XFD$18*E3_Consommateurs!$D$20:$XFD$20))/(100-Eing_Netzverluste)*100*(1-Eing_AbnW/100)^(B1_Calculs!B68-Eing_Beginnjahr)} -> 2054.1119 | D68: =IF(mittl_Erzeugte_Wärmemenge=0,0,C68/mittl_Erzeugte_Wärmemenge*100) -> 100.42445 | E68: {=IF(AS68=0,0, (Eing_Kosten_Bau*(MOD((AS68),Eing_Nutzungsdauer_Bau)=0) +Eing_Invest_HolzAnlage*(MOD((AS68),Eing_Nutzungsdauer_Holz)=0) +Eing_Invest_WKKAnlage*(MOD((AS68),Eing_Nutzungsdauer_WKK)=0) +Eing_Invest_WPAnlage*(MOD((AS68),Eing_Nutzungsdauer_WP)=0) +Eing_Invest_SondenGrundwasser*(MOD((AS68),Eing_Nutzungsdauer_SondenGW)=0) +Eing_Invest_Zusatz*(MOD((AS68),Eing_Nutzungsdauer_Zusatz)=0) +Eing_Invest_AWN*(MOD((AS68),Eing_Nutzungsdauer_AWN)=0) +Eing_Invest_Spitzenlast*(MOD((AS68),Eing_Nutzungsdauer_Spitzenlast)=0) +Eing_Invest_Installationen*(MOD((AS68),Eing_Nutzungsdauer_Installationen)=0) +Eing_Invest_Wärmenetz*(MOD((AS68),Eing_Nutzungsdauer_Netz)=0) +Eing_Invest_Messung*(MOD((AS68),Eing_Nutzungsdauer_Messung)=0))*(1+Eing_allg_Teuerung/100)^(AS68)) +Gesamtinvestition*SUMPRODUCT(('E1_Données de projet'!$D$83:$D$87=B68)*'E1_Données de projet'!$F$83:$F$87)/100} -> 0 | F68: =-SUM(Einmaliger_Förderbeitrag_1*(B68=Förderungsauszahlung_1),Einmaliger_Förderbeitrag_2*(B68=Förderungsauszahlung_2),Einmaliger_Förderbeitrag_3*(B68=Förderungsauszahlung_3)) -> 0 | G68: {=-SUMPRODUCT((E3_Consommateurs!$D$21:$XFD$21=B1_Calculs!B68)*E3_Consommateurs!$D$23:$XFD$23)} -> 0 | H68: =SUM(E68:G68) -> 0 | I68: =IF(H68<=0,0,MIN(AT67,H68)) -> 0 | J68: =AV68+AZ68 -> 0 | K68: =K67-H68+SUM(I68:J68) -> -1131459.4 | L68: =AL68 -> 1453468.3 | M68: =IF(ISNUMBER(IRR((BD$44:BD67,BC68))),IRR((BD$44:BD67,BC68)),"-") -> -9.4497499e-05 | N68: =SUM((SUMPRODUCT((E3_Consommateurs!$D$21:$XFD$21<B1_Calculs!B68)*E3_Consommateurs!$D$26:$XFD$26)+SUMPRODUCT((E3_Consommateurs!$D$21:$XFD$21=B1_Calculs!B68)*E3_Consommateurs!$D$26:$XFD$26*E3_Consommateurs!$D$20:$XFD$20))*(1+$G$30)^(B68-B$44),(SUMPRODUCT((E3_Consommateurs!$D$21:$XFD$21<B1_Calculs!B68)*E3_Consommateurs!$D$27:$XFD$27)+SUMPRODUCT((E3_Consommateurs!$D$21:$XFD$21=B1_Calculs!B68)*E3_Consommateurs!$D$27:$XFD$27*E3_Consommateurs!$D$20:$XFD$20))*((1+$G$30)*(1-'E1_Données de projet'!$D$20/100))^(B68-B$44)) -> 428802.17 | O68: =-$F$28*D68/100*((1+$G$28)^(B68-$B$44)) -> 0 | P68: =-$F$29*D68/100*((1+$G$29)^(B68-$B$44)) -> 0 | Q68: =SUM(Eing_jährlicher_Förderbeitrag_1*((B68-Eing_Erstauszahlung_jährlFörderung_1)<=(Eing_Förderung_wiederholend_Laufzeit_1-1))*(B68>=Eing_Erstauszahlung_jährlFörderung_1),Eing_jährlicher_Förderbeitrag_2*((B68-Eing_Erstauszahlung_jährlFörderung_2)<=(Eing_Förderung_wiederholend_Laufzeit_2-1))*(B68>=Eing_Erstauszahlung_jährlFörderung_2)) -> 0 | T68: =IF(S68,S68,SUM(N68:R68)) -> 428802.17 | U68: =Energiekosten_Holzschnitzel*D68/100*((1+$G$16)^(B68-$B$44)) -> 104718.31 | V68: =Energiekosten_WKK*D68/100*((1+$G$17)^(B68-$B$44)) -> 0 | W68: =Energiekosten_Zusatz*D68/100*((1+$G$18)^(B68-$B$44)) -> 0 | X68: =Energiekosten_AWN*D68/100*((1+$G$19)^(B68-$B$44)) -> 0 | Y68: =Energiekosten_fossil*D68/100*(1+$G$20)^(B68-$B$44) -> 0 | Z68: =Stromkosten_WP*D68/100*((1+$G$21)^(B68-$B$44)) -> 34318.118 | AA68: =Stromkosten_Hilfsenergie*D68/100*((1+$G$21)^(B68-$B$44)) -> 13040.885 | AB68: =($F$22*(1+$G$22)^(B68-B$44)+$F$23*(1+$G$23)^(B68-B$44))*(B68>=Eing_JahrBegWLief)*VLOOKUP(B68,'E1_Données de projet'!$D$83:$I$87,6)/100 -> 40250.588 | AC68: =$F$24*(1+$G$24)^(B68-B$44)*(B68>=Eing_JahrBegWLief)*VLOOKUP(B68,'E1_Données de projet'!$D$83:$I$87,6)/100 -> 57392.006 | AD68: =Eing_Kosten_Grundstück*(1+$G$25)^(B68-B$44)+Eing_Sonstige_Kosten*(1+$G$26)^(B68-B$44) -> 43932.819 | AG68: =SUM(AX68*Eing_Kreditzinssatz_1/100,BB68*Eing_Kreditzinssatz_2/100) -> 7500 | AH68: =IF(AF68,SUM(AF68:AG68),SUM(U68:AG68)) -> 301152.72 | AI68: =SUM(AW68,BA68) -> 0 | AJ68: =SUM(AH68,AI68) -> 301152.72 | AK68: =SUM(-AJ68,T68) -> 127649.45 | AL68: =AL67+AK68 -> 1453468.3 | AM68: =('E1_Données de projet'!$D$68*(1+Eing_allg_Teuerung/100)^('E1_Données de projet'!$I$68*ROUNDDOWN((AS68-1)/'E1_Données de projet'!$I$68,0))/'E1_Données de projet'!$I$68 +'E1_Données de projet'!$D$69*(1+Eing_allg_Teuerung/100)^('E1_Données de projet'!$I$69*ROUNDDOWN((AS68-1)/'E1_Données de projet'!$I$69,0))/'E1_Données de projet'!$I$69 +'E1_Données de projet'!$D$70*(1+Eing_allg_Teuerung/100)^('E1_Données de projet'!$I$70*ROUNDDOWN((AS68-1)/'E1_Données de projet'!$I$69,0))/'E1_Données de projet'!$I$70 +'E1_Données de projet'!$D$71*(1+Eing_allg_Teuerung/100)^('E1_Données de projet'!$I$71*ROUNDDOWN((AS68-1)/'E1_Données de projet'!$I$69,0))/'E1_Données de projet'!$I$71 +'E1_Données de projet'!$D$72*(1+Eing_allg_Teuerung/100)^('E1_Données de projet'!$I$72*ROUNDDOWN((AS68-1)/'E1_Données de projet'!$I$69,0))/'E1_Données de projet'!$I$72 +'E1_Données de projet'!$D$74*(1+Eing_allg_Teuerung/100)^('E1_Données de projet'!$I$74*ROUNDDOWN((AS68-1)/'E1_Données de projet'!$I$69,0))/'E1_Données de projet'!$I$74 +'E1_Données de projet'!$D$75*(1+Eing_allg_Teuerung/100)^('E1_Données de projet'!$I$75*ROUNDDOWN((AS68-1)/'E1_Données de projet'!$I$75,0))/'E1_Données de projet'!$I$75 +'E1_Données de projet'!$D$76*(1+Eing_allg_Teuerung/100)^('E1_Données de projet'!$I$76*ROUNDDOWN((AS68-1)/'E1_Données de projet'!$I$76,0))/'E1_Données de projet'!$I$76 +'E1_Données de projet'!$D$77*(1+Eing_allg_Teuerung/100)^('E1_Données de projet'!$I$77*ROUNDDOWN((AS68-1)/'E1_Données de projet'!$I$77,0))/'E1_Données de projet'!$I$77 +'E1_Données de projet'!$D$78*(1+Eing_allg_Teuerung/100)^('E1_Données de projet'!$I$78*ROUNDDOWN((AS68-1)/'E1_Données de projet'!$I$78,0))/'E1_Données de projet'!$I$78 +'E1_Données de projet'!$D$80*(1+Eing_allg_Teuerung/100)^('E1_Données de projet'!$I$80*ROUNDDOWN((AS68-1)/'E1_Données de projet'!$I$69,0))/'E1_Données de projet'!$I$80 )*((AS68)>0)*VLOOKUP(B68,'E1_Données de projet'!$D$83:$I$87,6 )/100 -> 118440.63 | AN68: =SUM(AH68,AM68) -> 419593.35 | AO68: =SUM(T68,-AN68) -> 9208.8203 | AP68: =AP67+AO68 -> 6118.7342 | AQ68: {=IF(AS68-1<=0,0, (Eing_Kosten_Bau*(MOD((AS68-1),Eing_Nutzungsdauer_Bau)=0) +Eing_Invest_HolzAnlage*(MOD((AS68-1),Eing_Nutzungsdauer_Holz)=0) +Eing_Invest_WKKAnlage*(MOD((AS68-1),Eing_Nutzungsdauer_WKK)=0) +Eing_Invest_WPAnlage*(MOD((AS68-1),Eing_Nutzungsdauer_WP)=0) +Eing_Invest_SondenGrundwasser*(MOD((AS68-1),Eing_Nutzungsdauer_SondenGW)=0) +Eing_Invest_AWN*(MOD((AS68-1),Eing_Nutzungsdauer_AWN)=0) +Eing_Invest_Spitzenlast*(MOD((AS68-1),Eing_Nutzungsdauer_Spitzenlast)=0) +Eing_Invest_Installationen*(MOD((AS68-1),Eing_Nutzungsdauer_Installationen)=0) +Eing_Invest_Wärmenetz*(MOD((AS68-1),Eing_Nutzungsdauer_Netz)=0) +Eing_Invest_Messung*(MOD((AS68-1),Eing_Nutzungsdauer_Messung)=0))*(1+Eing_allg_Teuerung/100)^(AS68-1)) +(Gesamtinvestition-SUM('E1_Données de projet'!$D$79:$D$80))*SUMPRODUCT(('E1_Données de projet'!$D$83:$D$87=B68)*'E1_Données de projet'!$F$83:$F$87)/100-AM68 +AQ67} -> 1525109.8 | AR68: =-SUM(AX68,BB68) -> -500000 | AS68: =MAX(B1_Calculs!B68-'E1_Données de projet'!$D$23,0) -> 23 | AT68: =AT67-B1_Calculs!I68 -> 0 | AU68: =AU67-AV67+(Eing_Kredit_1*(B68=Eing_Kreditstartjahr_1)) -> 0 | AV68: =IF((SUM(H$44:H68)-SUM(I$44:I68))<=AU68,MAX((SUM(H$44:H68)-SUM(I$44:I68)),0),AU68) -> 0 | AW68: =IF(Eing_Kreditlaufzeit_1=0,0,(IF(Eing_Kreditlaufzeit_1<>0,(Eing_Kredit_1/(Eing_Kreditlaufzeit_1+Eing_Kreditstartjahr_1-Eing_StartAmortisation_Kredit1))*(Eing_Kreditlaufzeit_1>B68-Eing_Kreditstartjahr_1)*(B68>=Eing_StartAmortisation_Kredit1)))) -> 0 | AX68: =AX67+AV68-AW68 -> 1.891749e-10 | AY68: =AY67-AZ67+(Eing_Kredit_2*(B68=Eing_Kreditstartjahr_2)) -> 0 | AZ68: =IF((SUM(H$44:H68)-SUM(I$44:I68)-AV68)<=AY68,MAX((SUM(H$44:H68)-SUM(I$44:I68)-AV68),0),AY68) -> 0 | BA68: =IF(Eing_Kreditlaufzeit_2=0,0,(IF(Eing_Kreditlaufzeit_2<>0,(Eing_Kredit_2/(Eing_Kreditlaufzeit_2+Eing_Kreditstartjahr_2-Eing_StartAmortisation_Kredit2))*(Eing_Kreditlaufzeit_2>B68-Eing_Kreditstartjahr_2)*(B68>=Eing_StartAmortisation_Kredit2)))) -> 0 | BB68: =BB67+AZ68-BA68 -> 500000 | BC68: =SUM(-H68,AK68,AQ68) -> 1652759.3 | BD68: =SUM(-H68,AK68) -> 127649.45

Sheet A1_Résultats
A1: 600 | B1: QM Chauffages au bois - Modèle de rentabilité - Résultats | H1: QM Chauffages au bois - Modèle de rentabilité - Résultats
A3: 101a | C3: Champ de saisie | H3: Chaleur annuelle | J3: =D34 -> 2025 | K3: =E34 -> 2030 | L3: ="jusqu'à "&B1_Calculs!B68 -> jusqu'à 2048 | N3: 650
A4: 101k | B4: (hors TVA) | I4: Taux d'utilisation du réseau | J4: =_xlfn.XLOOKUP(J$3,B1_Calculs!$B$44:$B$68,B1_Calculs!$D$44:$D$68)/100 -> 0.20973584 | K4: =_xlfn.XLOOKUP(K$3,B1_Calculs!$B$44:$B$68,B1_Calculs!$D$44:$D$68)/100 -> 1.1369032 | N4: 533
I5: Quantité de chaleur fournie | J5: =_xlfn.XLOOKUP(J$3,B1_Calculs!$B$44:$B$68,B1_Calculs!$C$44:$C$68)*(100-Eing_Netzverluste)/100 -> 386.1 | K5: =_xlfn.XLOOKUP(K$3,B1_Calculs!$B$44:$B$68,B1_Calculs!$C$44:$C$68)*(100-Eing_Netzverluste)/100 -> 2092.9104 | L5: =SUM(B1_Calculs!C44:C68)*((100-Eing_Netzverluste))/100 -> 46022.178 | M5: MWh/an | N5: 532
A6: 106 | B6: Projet/Variante : | C6: =IF('E1_Données de projet'!C8=0,"",'E1_Données de projet'!C8) -> QMH projet example 2
C7: =IF('E1_Données de projet'!C9=0,"",'E1_Données de projet'!C9) -> Modèle de rentabilité | H7: Évolution du taux d'utilisation du réseau | N7: 655
C8: =IF('E1_Données de projet'!C10=0,"",'E1_Données de projet'!C10) -> CP / lieu
